Workbook

Sheet Start here
B2: Debt Snowball Planner
B3: A free spreadsheet that shows the month you'll be debt-free.
B5: How to use it
B6: 1. Open the 'Your debts' tab and type your debts in. Name, balance, interest rate, minimum payment.
B7: 2. Put the total you can pay each month toward ALL debt in the yellow box. Minimums included.
B8: 3. Pick Snowball (smallest balance first) or Avalanche (highest rate first). Your
B9: debt-free date appears right beside the dropdown -- flip it and watch it move.
B10: 4. Open 'Your plan'. Your debt-free date is at the top.
B12: Snowball or avalanche?
B13: Avalanche costs less interest. Snowball closes an account sooner, and a closed account is
B14: what makes people keep going. The difference in total interest is usually small. Try both:
B15: change the dropdown and watch the date beside it move.
... B29: The debt-free date and the full plan are free in it. snowballerapp.com

Sheet Your debts
B2: Your debts
B3: Type over the example rows. Leave the rest blank.
B5: Debt name | C5: Balance owed | D5: Rate (APR %) | E5: Minimum payment | F5: Order | G5: What 'Order' means
B6: Store card | C6: 450 | D6: 26.99 | E6: 25 | F6: =IF(OR(B6="",C6<=0),"",IF($C$20="Snowball",SUMPRODUCT(($B$6:$B$15<>"")*($C$6:$C$15>0)*(($C$6:$C$15<C6)+(($C$6:$C$15=C6)*($D$6:$D$15>D6))+(($C$6:$C$15=C6)*($D$6:$D$15=D6)*(ROW($C$6:$C$15)<6))))+1,SUMPRODUCT(($B$6:$B$15<>"")*($C$6:$C$15>0)*(($D$6:$D$15>D6)+(($D$6:$D$15=D6)*($C$6:$C$15<C6))+(($D$6:$D$15=D6)*($C$6:$C$15=C6)*(ROW($C$6:$C$15)<6))))+1)) | G6: 1 is paid off first. This is set once,
B7: Visa | C7: 3200 | D7: 22.99 | E7: 85 | F7: =IF(OR(B7="",C7<=0),"",IF($C$20="Snowball",SUMPRODUCT(($B$6:$B$15<>"")*($C$6:$C$15>0)*(($C$6:$C$15<C7)+(($C$6:$C$15=C7)*($D$6:$D$15>D7))+(($C$6:$C$15=C7)*($D$6:$D$15=D7)*(ROW($C$6:$C$15)<7))))+1,SUMPRODUCT(($B$6:$B$15<>"")*($C$6:$C$15>0)*(($D$6:$D$15>D7)+(($D$6:$D$15=D7)*($C$6:$C$15<C7))+(($D$6:$D$15=D7)*($C$6:$C$15=C7)*(ROW($C$6:$C$15)<7))))+1)) | G7: from the balances above, and stays
B8: Car loan | C8: 9800 | D8: 6.49 | E8: 310 | F8: =IF(OR(B8="",C8<=0),"",IF($C$20="Snowball",SUMPRODUCT(($B$6:$B$15<>"")*($C$6:$C$15>0)*(($C$6:$C$15<C8)+(($C$6:$C$15=C8)*($D$6:$D$15>D8))+(($C$6:$C$15=C8)*($D$6:$D$15=D8)*(ROW($C$6:$C$15)<8))))+1,SUMPRODUCT(($B$6:$B$15<>"")*($C$6:$C$15>0)*(($D$6:$D$15>D8)+(($D$6:$D$15=D8)*($C$6:$C$15<C8))+(($D$6:$D$15=D8)*($C$6:$C$15=C8)*(ROW($C$6:$C$15)<8))))+1)) | G8: fixed as you pay them down.
B9: Student loan | C9: 14500 | D9: 5.8 | E9: 180 | F9: =IF(OR(B9="",C9<=0),"",IF($C$20="Snowball",SUMPRODUCT(($B$6:$B$15<>"")*($C$6:$C$15>0)*(($C$6:$C$15<C9)+(($C$6:$C$15=C9)*($D$6:$D$15>D9))+(($C$6:$C$15=C9)*($D$6:$D$15=D9)*(ROW($C$6:$C$15)<9))))+1,SUMPRODUCT(($B$6:$B$15<>"")*($C$6:$C$15>0)*(($D$6:$D$15>D9)+(($D$6:$D$15=D9)*($C$6:$C$15<C9))+(($D$6:$D$15=D9)*($C$6:$C$15=C9)*(ROW($C$6:$C$15)<9))))+1))
F10: =IF(OR(B10="",C10<=0),"",IF($C$20="Snowball",SUMPRODUCT(($B$6:$B$15<>"")*($C$6:$C$15>0)*(($C$6:$C$15<C10)+(($C$6:$C$15=C10)*($D$6:$D$15>D10))+(($C$6:$C$15=C10)*($D$6:$D$15=D10)*(ROW($C$6:$C$15)<10))))+1,SUMPRODUCT(($B$6:$B$15<>"")*($C$6:$C$15>0)*(($D$6:$D$15>D10)+(($D$6:$D$15=D10)*($C$6:$C$15<C10))+(($D$6:$D$15=D10)*($C$6:$C$15=C10)*(ROW($C$6:$C$15)<10))))+1))
F11: =IF(OR(B11="",C11<=0),"",IF($C$20="Snowball",SUMPRODUCT(($B$6:$B$15<>"")*($C$6:$C$15>0)*(($C$6:$C$15<C11)+(($C$6:$C$15=C11)*($D$6:$D$15>D11))+(($C$6:$C$15=C11)*($D$6:$D$15=D11)*(ROW($C$6:$C$15)<11))))+1,SUMPRODUCT(($B$6:$B$15<>"")*($C$6:$C$15>0)*(($D$6:$D$15>D11)+(($D$6:$D$15=D11)*($C$6:$C$15<C11))+(($D$6:$D$15=D11)*($C$6:$C$15=C11)*(ROW($C$6:$C$15)<11))))+1))
F12: =IF(OR(B12="",C12<=0),"",IF($C$20="Snowball",SUMPRODUCT(($B$6:$B$15<>"")*($C$6:$C$15>0)*(($C$6:$C$15<C12)+(($C$6:$C$15=C12)*($D$6:$D$15>D12))+(($C$6:$C$15=C12)*($D$6:$D$15=D12)*(ROW($C$6:$C$15)<12))))+1,SUMPRODUCT(($B$6:$B$15<>"")*($C$6:$C$15>0)*(($D$6:$D$15>D12)+(($D$6:$D$15=D12)*($C$6:$C$15<C12))+(($D$6:$D$15=D12)*($C$6:$C$15=C12)*(ROW($C$6:$C$15)<12))))+1))
F13: =IF(OR(B13="",C13<=0),"",IF($C$20="Snowball",SUMPRODUCT(($B$6:$B$15<>"")*($C$6:$C$15>0)*(($C$6:$C$15<C13)+(($C$6:$C$15=C13)*($D$6:$D$15>D13))+(($C$6:$C$15=C13)*($D$6:$D$15=D13)*(ROW($C$6:$C$15)<13))))+1,SUMPRODUCT(($B$6:$B$15<>"")*($C$6:$C$15>0)*(($D$6:$D$15>D13)+(($D$6:$D$15=D13)*($C$6:$C$15<C13))+(($D$6:$D$15=D13)*($C$6:$C$15=C13)*(ROW($C$6:$C$15)<13))))+1))
F14: =IF(OR(B14="",C14<=0),"",IF($C$20="Snowball",SUMPRODUCT(($B$6:$B$15<>"")*($C$6:$C$15>0)*(($C$6:$C$15<C14)+(($C$6:$C$15=C14)*($D$6:$D$15>D14))+(($C$6:$C$15=C14)*($D$6:$D$15=D14)*(ROW($C$6:$C$15)<14))))+1,SUMPRODUCT(($B$6:$B$15<>"")*($C$6:$C$15>0)*(($D$6:$D$15>D14)+(($D$6:$D$15=D14)*($C$6:$C$15<C14))+(($D$6:$D$15=D14)*($C$6:$C$15=C14)*(ROW($C$6:$C$15)<14))))+1))
F15: =IF(OR(B15="",C15<=0),"",IF($C$20="Snowball",SUMPRODUCT(($B$6:$B$15<>"")*($C$6:$C$15>0)*(($C$6:$C$15<C15)+(($C$6:$C$15=C15)*($D$6:$D$15>D15))+(($C$6:$C$15=C15)*($D$6:$D$15=D15)*(ROW($C$6:$C$15)<15))))+1,SUMPRODUCT(($B$6:$B$15<>"")*($C$6:$C$15>0)*(($D$6:$D$15>D15)+(($D$6:$D$15=D15)*($C$6:$C$15<C15))+(($D$6:$D$15=D15)*($C$6:$C$15=C15)*(ROW($C$6:$C$15)<15))))+1))
B17: Totals | C17: =SUM(C6:C15) | E17: =SUM(E6:E15) | F17: ← your minimums
B19: What you can pay each month | C19: 600 | D19: including minimums
B20: Strategy | C20: Snowball | E20: You'll be debt-free in
E21: =IF(ISNUMBER('Your plan'!C4),TEXT('Your plan'!C4,"mmmm yyyy"),'Your plan'!C4)
B22: =IF($C$19<$E$17,"Your budget is below your minimums. Raise it to at least the number above.","")

Sheet Your plan
B2: Your plan
B4: You'll be debt-free in | C4: =IFERROR(IF('Your debts'!$C$19<'Your debts'!$E$17,"—",INDEX($B$16:$B$315,MATCH(TRUE,INDEX($E$16:$E$315<=0,0),0))),"—")
B5: That is | C5: =IFERROR(IF('Your debts'!$C$19<'Your debts'!$E$17,"raise your budget",MATCH(TRUE,INDEX($E$16:$E$315<=0,0),0)&" months from now"),"more than 25 years")
B6: Total interest you'll pay | C6: =IFERROR(SUM($C$16:INDEX($C$16:$C$315,MATCH(TRUE,INDEX($E$16:$E$315<=0,0),0))),"")
B7: Total you'll pay | C7: =IFERROR(SUM($D$16:INDEX($D$16:$D$315,MATCH(TRUE,INDEX($E$16:$E$315<=0,0),0))),"")
B9: Paying only minimums instead | C9: =IFERROR(MAX(IFERROR(CEILING(NPER('Your debts'!$D$6/1200,-'Your debts'!$E$6,'Your debts'!$C$6),1),0),IFERROR(CEILING(NPER('Your debts'!$D$7/1200,-'Your debts'!$E$7,'Your debts'!$C$7),1),0),IFERROR(CEILING(NPER('Your debts'!$D$8/1200,-'Your debts'!$E$8,'Your debts'!$C$8),1),0),IFERROR(CEILING(NPER('Your debts'!$D$9/1200,-'Your debts'!$E$9,'Your debts'!$C$9),1),0),IFERROR(CEILING(NPER('Your debts'!$D$10/1200,-'Your debts'!$E$10,'Your debts'!$C$10),1),0),IFERROR(CEILING(NPER('Your debts'!$D$11/1200,-'Your debts'!$E$11,'Your debts'!$C$11),1),0),IFERROR(CEILING(NPER('Your debts'!$D$12/1200,-'Your debts'!$E$12,'Your debts'!$C$12),1),0),IFERROR(CEILING(NPER('Your debts'!$D$13/1200,-'Your debts'!$E$13,'Your debts'!$C$13),1),0),IFERROR(CEILING(NPER('Your debts'!$D$14/1200,-'Your debts'!$E$14,'Your debts'!$C$14),1),0),IFERROR(CEILING(NPER('Your debts'!$D$15/1200,-'Your debts'!$E$15,'Your debts'!$C$15),1),0))&" months", "") | D9: =IFERROR("and $"&TEXT(IFERROR('Your debts'!$E$6*CEILING(NPER('Your debts'!$D$6/1200,-'Your debts'!$E$6,'Your debts'!$C$6),1)-'Your debts'!$C$6,0)+IFERROR('Your debts'!$E$7*CEILING(NPER('Your debts'!$D$7/1200,-'Your debts'!$E$7,'Your debts'!$C$7),1)-'Your debts'!$C$7,0)+IFERROR('Your debts'!$E$8*CEILING(NPER('Your debts'!$D$8/1200,-'Your debts'!$E$8,'Your debts'!$C$8),1)-'Your debts'!$C$8,0)+IFERROR('Your debts'!$E$9*CEILING(NPER('Your debts'!$D$9/1200,-'Your debts'!$E$9,'Your debts'!$C$9),1)-'Your debts'!$C$9,0)+IFERROR('Your debts'!$E$10*CEILING(NPER('Your debts'!$D$10/1200,-'Your debts'!$E$10,'Your debts'!$C$10),1)-'Your debts'!$C$10,0)+IFERROR('Your debts'!$E$11*CEILING(NPER('Your debts'!$D$11/1200,-'Your debts'!$E$11,'Your debts'!$C$11),1)-'Your debts'!$C$11,0)+IFERROR('Your debts'!$E$12*CEILING(NPER('Your debts'!$D$12/1200,-'Your debts'!$E$12,'Your debts'!$C$12),1)-'Your debts'!$C$12,0)+IFERROR('Your debts'!$E$13*CEILING(NPER('Your debts'!$D$13/1200,-'Your debts'!$E$13,'Your debts'!$C$13),1)-'Your debts'!$C$13,0)+IFERROR('Your debts'!$E$14*CEILING(NPER('Your debts'!$D$14/1200,-'Your debts'!$E$14,'Your debts'!$C$14),1)-'Your debts'!$C$14,0)+IFERROR('Your debts'!$E$15*CEILING(NPER('Your debts'!$D$15/1200,-'Your debts'!$E$15,'Your debts'!$C$15),1)-'Your debts'!$C$15,0),"#,##0")&" of interest","")
B10: So this plan saves you | C10: =IFERROR(MAX(IFERROR(CEILING(NPER('Your debts'!$D$6/1200,-'Your debts'!$E$6,'Your debts'!$C$6),1),0),IFERROR(CEILING(NPER('Your debts'!$D$7/1200,-'Your debts'!$E$7,'Your debts'!$C$7),1),0),IFERROR(CEILING(NPER('Your debts'!$D$8/1200,-'Your debts'!$E$8,'Your debts'!$C$8),1),0),IFERROR(CEILING(NPER('Your debts'!$D$9/1200,-'Your debts'!$E$9,'Your debts'!$C$9),1),0),IFERROR(CEILING(NPER('Your debts'!$D$10/1200,-'Your debts'!$E$10,'Your debts'!$C$10),1),0),IFERROR(CEILING(NPER('Your debts'!$D$11/1200,-'Your debts'!$E$11,'Your debts'!$C$11),1),0),IFERROR(CEILING(NPER('Your debts'!$D$12/1200,-'Your debts'!$E$12,'Your debts'!$C$12),1),0),IFERROR(CEILING(NPER('Your debts'!$D$13/1200,-'Your debts'!$E$13,'Your debts'!$C$13),1),0),IFERROR(CEILING(NPER('Your debts'!$D$14/1200,-'Your debts'!$E$14,'Your debts'!$C$14),1),0),IFERROR(CEILING(NPER('Your debts'!$D$15/1200,-'Your debts'!$E$15,'Your debts'!$C$15),1),0))-MATCH(TRUE,INDEX($E$16:$E$315<=0,0),0)&" months and $"&TEXT((IFERROR('Your debts'!$E$6*CEILING(NPER('Your debts'!$D$6/1200,-'Your debts'!$E$6,'Your debts'!$C$6),1)-'Your debts'!$C$6,0)+IFERROR('Your debts'!$E$7*CEILING(NPER('Your debts'!$D$7/1200,-'Your debts'!$E$7,'Your debts'!$C$7),1)-'Your debts'!$C$7,0)+IFERROR('Your debts'!$E$8*CEILING(NPER('Your debts'!$D$8/1200,-'Your debts'!$E$8,'Your debts'!$C$8),1)-'Your debts'!$C$8,0)+IFERROR('Your debts'!$E$9*CEILING(NPER('Your debts'!$D$9/1200,-'Your debts'!$E$9,'Your debts'!$C$9),1)-'Your debts'!$C$9,0)+IFERROR('Your debts'!$E$10*CEILING(NPER('Your debts'!$D$10/1200,-'Your debts'!$E$10,'Your debts'!$C$10),1)-'Your debts'!$C$10,0)+IFERROR('Your debts'!$E$11*CEILING(NPER('Your debts'!$D$11/1200,-'Your debts'!$E$11,'Your debts'!$C$11),1)-'Your debts'!$C$11,0)+IFERROR('Your debts'!$E$12*CEILING(NPER('Your debts'!$D$12/1200,-'Your debts'!$E$12,'Your debts'!$C$12),1)-'Your debts'!$C$12,0)+IFERROR('Your debts'!$E$13*CEILING(NPER('Your debts'!$D$13/1200,-'Your debts'!$E$13,'Your debts'!$C$13),1)-'Your debts'!$C$13,0)+IFERROR('Your debts'!$E$14*CEILING(NPER('Your debts'!$D$14/1200,-'Your debts'!$E$14,'Your debts'!$C$14),1)-'Your debts'!$C$14,0)+IFERROR('Your debts'!$E$15*CEILING(NPER('Your debts'!$D$15/1200,-'Your debts'!$E$15,'Your debts'!$C$15),1)-'Your debts'!$C$15,0))-SUM($C$16:INDEX($C$16:$C$315,MATCH(TRUE,INDEX($E$16:$E$315<=0,0),0))),"#,##0")&" of interest","")
B12: Month by month
F13: =IF('Your debts'!B6="","",'Your debts'!B6) | K13: =IF('Your debts'!B7="","",'Your debts'!B7) | P13: =IF('Your debts'!B8="","",'Your debts'!B8) | U13: =IF('Your debts'!B9="","",'Your debts'!B9) | Z13: =IF('Your debts'!B10="","",'Your debts'!B10) | AE13: =IF('Your debts'!B11="","",'Your debts'!B11) | AJ13: =IF('Your debts'!B12="","",'Your debts'!B12) | AO13: =IF('Your debts'!B13="","",'Your debts'!B13) | AT13: =IF('Your debts'!B14="","",'Your debts'!B14) | AY13: =IF('Your debts'!B15="","",'Your debts'!B15)
A14: Month | B14: Date | C14: Interest added | D14: You paid | E14: Still owed | F14: + interest | G14: minimum | H14: after min | I14: + extra | J14: left | K14: + interest | L14: minimum | M14: after min | N14: + extra | O14: left | P14: + interest | Q14: minimum | R14: after min | S14: + extra | T14: left | U14: + interest | V14: minimum | W14: after min | X14: + extra | Y14: left | Z14: + interest | AA14: minimum | AB14: after min | AC14: + extra | AD14: left | AE14: + interest | AF14: minimum | AG14: after min | AH14: + extra | AI14: left | AJ14: + interest | AK14: minimum | AL14: after min | AM14: + extra | AN14: left | AO14: + interest | AP14: minimum | AQ14: after min | AR14: + extra | AS14: left | AT14: + interest | AU14: minimum | AV14: after min | AW14: + extra | AX14: left | AY14: + interest | AZ14: minimum | BA14: after min | BB14: + extra | BC14: left
A15: 0 | B15: =TODAY() | E15: =J15+O15+T15+Y15+AD15+AI15+AN15+AS15+AX15+BC15 | J15: =IF('Your debts'!B6="",0,'Your debts'!C6) | O15: =IF('Your debts'!B7="",0,'Your debts'!C7) | T15: =IF('Your debts'!B8="",0,'Your debts'!C8) | Y15: =IF('Your debts'!B9="",0,'Your debts'!C9) | AD15: =IF('Your debts'!B10="",0,'Your debts'!C10) | AI15: =IF('Your debts'!B11="",0,'Your debts'!C11) | AN15: =IF('Your debts'!B12="",0,'Your debts'!C12) | AS15: =IF('Your debts'!B13="",0,'Your debts'!C13) | AX15: =IF('Your debts'!B14="",0,'Your debts'!C14) | BC15: =IF('Your debts'!B15="",0,'Your debts'!C15)
A16: 1 | B16: =EDATE($B$15,1) | C16: =IF(J15<=0,0,F16-J15)+IF(O15<=0,0,K16-O15)+IF(T15<=0,0,P16-T15)+IF(Y15<=0,0,U16-Y15)+IF(AD15<=0,0,Z16-AD15)+IF(AI15<=0,0,AE16-AI15)+IF(AN15<=0,0,AJ16-AN15)+IF(AS15<=0,0,AO16-AS15)+IF(AX15<=0,0,AT16-AX15)+IF(BC15<=0,0,AY16-BC15) | D16: =G16+I16+L16+N16+Q16+S16+V16+X16+AA16+AC16+AF16+AH16+AK16+AM16+AP16+AR16+AU16+AW16+AZ16+BB16 | E16: =J16+O16+T16+Y16+AD16+AI16+AN16+AS16+AX16+BC16 | F16: =IF(J15<=0,0,ROUND(J15*(1+'Your debts'!$D$6/1200),2)) | G16: =IF(F16<=0,0,MIN('Your debts'!$E$6,F16)) | H16: =F16-G16 | I16: =IF('Your debts'!$F$6="",0,MIN(H16,MAX(0,MAX(0,'Your debts'!$C$19-(G16+L16+Q16+V16+AA16+AF16+AK16+AP16+AU16+AZ16))-(IF(AND('Your debts'!$F$7<>"",'Your debts'!$F$6<>"",'Your debts'!$F$7<'Your debts'!$F$6),M16,0)+IF(AND('Your debts'!$F$8<>"",'Your debts'!$F$6<>"",'Your debts'!$F$8<'Your debts'!$F$6),R16,0)+IF(AND('Your debts'!$F$9<>"",'Your debts'!$F$6<>"",'Your debts'!$F$9<'Your debts'!$F$6),W16,0)+IF(AND('Your debts'!$F$10<>"",'Your debts'!$F$6<>"",'Your debts'!$F$10<'Your debts'!$F$6),AB16,0)+IF(AND('Your debts'!$F$11<>"",'Your debts'!$F$6<>"",'Your debts'!$F$11<'Your debts'!$F$6),AG16,0)+IF(AND('Your debts'!$F$12<>"",'Your debts'!$F$6<>"",'Your debts'!$F$12<'Your debts'!$F$6),AL16,0)+IF(AND('Your debts'!$F$13<>"",'Your debts'!$F$6<>"",'Your debts'!$F$13<'Your debts'!$F$6),AQ16,0)+IF(AND('Your debts'!$F$14<>"",'Your debts'!$F$6<>"",'Your debts'!$F$14<'Your debts'!$F$6),AV16,0)+IF(AND('Your debts'!$F$15<>"",'Your debts'!$F$6<>"",'Your debts'!$F$15<'Your debts'!$F$6),BA16,0))))) | J16: =H16-I16 | K16: =IF(O15<=0,0,ROUND(O15*(1+'Your debts'!$D$7/1200),2)) | L16: =IF(K16<=0,0,MIN('Your debts'!$E$7,K16)) | M16: =K16-L16 | N16: =IF('Your debts'!$F$7="",0,MIN(M16,MAX(0,MAX(0,'Your debts'!$C$19-(G16+L16+Q16+V16+AA16+AF16+AK16+AP16+AU16+AZ16))-(IF(AND('Your debts'!$F$6<>"",'Your debts'!$F$7<>"",'Your debts'!$F$6<'Your debts'!$F$7),H16,0)+IF(AND('Your debts'!$F$8<>"",'Your debts'!$F$7<>"",'Your debts'!$F$8<'Your debts'!$F$7),R16,0)+IF(AND('Your debts'!$F$9<>"",'Your debts'!$F$7<>"",'Your debts'!$F$9<'Your debts'!$F$7),W16,0)+IF(AND('Your debts'!$F$10<>"",'Your debts'!$F$7<>"",'Your debts'!$F$10<'Your debts'!$F$7),AB16,0)+IF(AND('Your debts'!$F$11<>"",'Your debts'!$F$7<>"",'Your debts'!$F$11<'Your debts'!$F$7),AG16,0)+IF(AND('Your debts'!$F$12<>"",'Your debts'!$F$7<>"",'Your debts'!$F$12<'Your debts'!$F$7),AL16,0)+IF(AND('Your debts'!$F$13<>"",'Your debts'!$F$7<>"",'Your debts'!$F$13<'Your debts'!$F$7),AQ16,0)+IF(AND('Your debts'!$F$14<>"",'Your debts'!$F$7<>"",'Your debts'!$F$14<'Your debts'!$F$7),AV16,0)+IF(AND('Your debts'!$F$15<>"",'Your debts'!$F$7<>"",'Your debts'!$F$15<'Your debts'!$F$7),BA16,0))))) | O16: =M16-N16 | P16: =IF(T15<=0,0,ROUND(T15*(1+'Your debts'!$D$8/1200),2)) | Q16: =IF(P16<=0,0,MIN('Your debts'!$E$8,P16)) | R16: =P16-Q16 | S16: =IF('Your debts'!$F$8="",0,MIN(R16,MAX(0,MAX(0,'Your debts'!$C$19-(G16+L16+Q16+V16+AA16+AF16+AK16+AP16+AU16+AZ16))-(IF(AND('Your debts'!$F$6<>"",'Your debts'!$F$8<>"",'Your debts'!$F$6<'Your debts'!$F$8),H16,0)+IF(AND('Your debts'!$F$7<>"",'Your debts'!$F$8<>"",'Your debts'!$F$7<'Your debts'!$F$8),M16,0)+IF(AND('Your debts'!$F$9<>"",'Your debts'!$F$8<>"",'Your debts'!$F$9<'Your debts'!$F$8),W16,0)+IF(AND('Your debts'!$F$10<>"",'Your debts'!$F$8<>"",'Your debts'!$F$10<'Your debts'!$F$8),AB16,0)+IF(AND('Your debts'!$F$11<>"",'Your debts'!$F$8<>"",'Your debts'!$F$11<'Your debts'!$F$8),AG16,0)+IF(AND('Your debts'!$F$12<>"",'Your debts'!$F$8<>"",'Your debts'!$F$12<'Your debts'!$F$8),AL16,0)+IF(AND('Your debts'!$F$13<>"",'Your debts'!$F$8<>"",'Your debts'!$F$13<'Your debts'!$F$8),AQ16,0)+IF(AND('Your debts'!$F$14<>"",'Your debts'!$F$8<>"",'Your debts'!$F$14<'Your debts'!$F$8),AV16,0)+IF(AND('Your debts'!$F$15<>"",'Your debts'!$F$8<>"",'Your debts'!$F$15<'Your debts'!$F$8),BA16,0))))) | T16: =R16-S16 | U16: =IF(Y15<=0,0,ROUND(Y15*(1+'Your debts'!$D$9/1200),2)) | V16: =IF(U16<=0,0,MIN('Your debts'!$E$9,U16)) | W16: =U16-V16 | X16: =IF('Your debts'!$F$9="",0,MIN(W16,MAX(0,MAX(0,'Your debts'!$C$19-(G16+L16+Q16+V16+AA16+AF16+AK16+AP16+AU16+AZ16))-(IF(AND('Your debts'!$F$6<>"",'Your debts'!$F$9<>"",'Your debts'!$F$6<'Your debts'!$F$9),H16,0)+IF(AND('Your debts'!$F$7<>"",'Your debts'!$F$9<>"",'Your debts'!$F$7<'Your debts'!$F$9),M16,0)+IF(AND('Your debts'!$F$8<>"",'Your debts'!$F$9<>"",'Your debts'!$F$8<'Your debts'!$F$9),R16,0)+IF(AND('Your debts'!$F$10<>"",'Your debts'!$F$9<>"",'Your debts'!$F$10<'Your debts'!$F$9),AB16,0)+IF(AND('Your debts'!$F$11<>"",'Your debts'!$F$9<>"",'Your debts'!$F$11<'Your debts'!$F$9),AG16,0)+IF(AND('Your debts'!$F$12<>"",'Your debts'!$F$9<>"",'Your debts'!$F$12<'Your debts'!$F$9),AL16,0)+IF(AND('Your debts'!$F$13<>"",'Your debts'!$F$9<>"",'Your debts'!$F$13<'Your debts'!$F$9),AQ16,0)+IF(AND('Your debts'!$F$14<>"",'Your debts'!$F$9<>"",'Your debts'!$F$14<'Your debts'!$F$9),AV16,0)+IF(AND('Your debts'!$F$15<>"",'Your debts'!$F$9<>"",'Your debts'!$F$15<'Your debts'!$F$9),BA16,0))))) | Y16: =W16-X16 | Z16: =IF(AD15<=0,0,ROUND(AD15*(1+'Your debts'!$D$10/1200),2)) | AA16: =IF(Z16<=0,0,MIN('Your debts'!$E$10,Z16)) | AB16: =Z16-AA16 | AC16: =IF('Your debts'!$F$10="",0,MIN(AB16,MAX(0,MAX(0,'Your debts'!$C$19-(G16+L16+Q16+V16+AA16+AF16+AK16+AP16+AU16+AZ16))-(IF(AND('Your debts'!$F$6<>"",'Your debts'!$F$10<>"",'Your debts'!$F$6<'Your debts'!$F$10),H16,0)+IF(AND('Your debts'!$F$7<>"",'Your debts'!$F$10<>"",'Your debts'!$F$7<'Your debts'!$F$10),M16,0)+IF(AND('Your debts'!$F$8<>"",'Your debts'!$F$10<>"",'Your debts'!$F$8<'Your debts'!$F$10),R16,0)+IF(AND('Your debts'!$F$9<>"",'Your debts'!$F$10<>"",'Your debts'!$F$9<'Your debts'!$F$10),W16,0)+IF(AND('Your debts'!$F$11<>"",'Your debts'!$F$10<>"",'Your debts'!$F$11<'Your debts'!$F$10),AG16,0)+IF(AND('Your debts'!$F$12<>"",'Your debts'!$F$10<>"",'Your debts'!$F$12<'Your debts'!$F$10),AL16,0)+IF(AND('Your debts'!$F$13<>"",'Your debts'!$F$10<>"",'Your debts'!$F$13<'Your debts'!$F$10),AQ16,0)+IF(AND('Your debts'!$F$14<>"",'Your debts'!$F$10<>"",'Your debts'!$F$14<'Your debts'!$F$10),AV16,0)+IF(AND('Your debts'!$F$15<>"",'Your debts'!$F$10<>"",'Your debts'!$F$15<'Your debts'!$F$10),BA16,0))))) | AD16: =AB16-AC16 | AE16: =IF(AI15<=0,0,ROUND(AI15*(1+'Your debts'!$D$11/1200),2)) | AF16: =IF(AE16<=0,0,MIN('Your debts'!$E$11,AE16)) | AG16: =AE16-AF16 | AH16: =IF('Your debts'!$F$11="",0,MIN(AG16,MAX(0,MAX(0,'Your debts'!$C$19-(G16+L16+Q16+V16+AA16+AF16+AK16+AP16+AU16+AZ16))-(IF(AND('Your debts'!$F$6<>"",'Your debts'!$F$11<>"",'Your debts'!$F$6<'Your debts'!$F$11),H16,0)+IF(AND('Your debts'!$F$7<>"",'Your debts'!$F$11<>"",'Your debts'!$F$7<'Your debts'!$F$11),M16,0)+IF(AND('Your debts'!$F$8<>"",'Your debts'!$F$11<>"",'Your debts'!$F$8<'Your debts'!$F$11),R16,0)+IF(AND('Your debts'!$F$9<>"",'Your debts'!$F$11<>"",'Your debts'!$F$9<'Your debts'!$F$11),W16,0)+IF(AND('Your debts'!$F$10<>"",'Your debts'!$F$11<>"",'Your debts'!$F$10<'Your debts'!$F$11),AB16,0)+IF(AND('Your debts'!$F$12<>"",'Your debts'!$F$11<>"",'Your debts'!$F$12<'Your debts'!$F$11),AL16,0)+IF(AND('Your debts'!$F$13<>"",'Your debts'!$F$11<>"",'Your debts'!$F$13<'Your debts'!$F$11),AQ16,0)+IF(AND('Your debts'!$F$14<>"",'Your debts'!$F$11<>"",'Your debts'!$F$14<'Your debts'!$F$11),AV16,0)+IF(AND('Your debts'!$F$15<>"",'Your debts'!$F$11<>"",'Your debts'!$F$15<'Your debts'!$F$11),BA16,0))))) | AI16: =AG16-AH16 | AJ16: =IF(AN15<=0,0,ROUND(AN15*(1+'Your debts'!$D$12/1200),2)) | AK16: =IF(AJ16<=0,0,MIN('Your debts'!$E$12,AJ16)) | AL16: =AJ16-AK16 | AM16: =IF('Your debts'!$F$12="",0,MIN(AL16,MAX(0,MAX(0,'Your debts'!$C$19-(G16+L16+Q16+V16+AA16+AF16+AK16+AP16+AU16+AZ16))-(IF(AND('Your debts'!$F$6<>"",'Your debts'!$F$12<>"",'Your debts'!$F$6<'Your debts'!$F$12),H16,0)+IF(AND('Your debts'!$F$7<>"",'Your debts'!$F$12<>"",'Your debts'!$F$7<'Your debts'!$F$12),M16,0)+IF(AND('Your debts'!$F$8<>"",'Your debts'!$F$12<>"",'Your debts'!$F$8<'Your debts'!$F$12),R16,0)+IF(AND('Your debts'!$F$9<>"",'Your debts'!$F$12<>"",'Your debts'!$F$9<'Your debts'!$F$12),W16,0)+IF(AND('Your debts'!$F$10<>"",'Your debts'!$F$12<>"",'Your debts'!$F$10<'Your debts'!$F$12),AB16,0)+IF(AND('Your debts'!$F$11<>"",'Your debts'!$F$12<>"",'Your debts'!$F$11<'Your debts'!$F$12),AG16,0)+IF(AND('Your debts'!$F$13<>"",'Your debts'!$F$12<>"",'Your debts'!$F$13<'Your debts'!$F$12),AQ16,0)+IF(AND('Your debts'!$F$14<>"",'Your debts'!$F$12<>"",'Your debts'!$F$14<'Your debts'!$F$12),AV16,0)+IF(AND('Your debts'!$F$15<>"",'Your debts'!$F$12<>"",'Your debts'!$F$15<'Your debts'!$F$12),BA16,0))))) | AN16: =AL16-AM16 | AO16: =IF(AS15<=0,0,ROUND(AS15*(1+'Your debts'!$D$13/1200),2)) | AP16: =IF(AO16<=0,0,MIN('Your debts'!$E$13,AO16)) | AQ16: =AO16-AP16 | AR16: =IF('Your debts'!$F$13="",0,MIN(AQ16,MAX(0,MAX(0,'Your debts'!$C$19-(G16+L16+Q16+V16+AA16+AF16+AK16+AP16+AU16+AZ16))-(IF(AND('Your debts'!$F$6<>"",'Your debts'!$F$13<>"",'Your debts'!$F$6<'Your debts'!$F$13),H16,0)+IF(AND('Your debts'!$F$7<>"",'Your debts'!$F$13<>"",'Your debts'!$F$7<'Your debts'!$F$13),M16,0)+IF(AND('Your debts'!$F$8<>"",'Your debts'!$F$13<>"",'Your debts'!$F$8<'Your debts'!$F$13),R16,0)+IF(AND('Your debts'!$F$9<>"",'Your debts'!$F$13<>"",'Your debts'!$F$9<'Your debts'!$F$13),W16,0)+IF(AND('Your debts'!$F$10<>"",'Your debts'!$F$13<>"",'Your debts'!$F$10<'Your debts'!$F$13),AB16,0)+IF(AND('Your debts'!$F$11<>"",'Your debts'!$F$13<>"",'Your debts'!$F$11<'Your debts'!$F$13),AG16,0)+IF(AND('Your debts'!$F$12<>"",'Your debts'!$F$13<>"",'Your debts'!$F$12<'Your debts'!$F$13),AL16,0)+IF(AND('Your debts'!$F$14<>"",'Your debts'!$F$13<>"",'Your debts'!$F$14<'Your debts'!$F$13),AV16,0)+IF(AND('Your debts'!$F$15<>"",'Your debts'!$F$13<>"",'Your debts'!$F$15<'Your debts'!$F$13),BA16,0))))) | AS16: =AQ16-AR16 | AT16: =IF(AX15<=0,0,ROUND(AX15*(1+'Your debts'!$D$14/1200),2)) | AU16: =IF(AT16<=0,0,MIN('Your debts'!$E$14,AT16)) | AV16: =AT16-AU16 | AW16: =IF('Your debts'!$F$14="",0,MIN(AV16,MAX(0,MAX(0,'Your debts'!$C$19-(G16+L16+Q16+V16+AA16+AF16+AK16+AP16+AU16+AZ16))-(IF(AND('Your debts'!$F$6<>"",'Your debts'!$F$14<>"",'Your debts'!$F$6<'Your debts'!$F$14),H16,0)+IF(AND('Your debts'!$F$7<>"",'Your debts'!$F$14<>"",'Your debts'!$F$7<'Your debts'!$F$14),M16,0)+IF(AND('Your debts'!$F$8<>"",'Your debts'!$F$14<>"",'Your debts'!$F$8<'Your debts'!$F$14),R16,0)+IF(AND('Your debts'!$F$9<>"",'Your debts'!$F$14<>"",'Your debts'!$F$9<'Your debts'!$F$14),W16,0)+IF(AND('Your debts'!$F$10<>"",'Your debts'!$F$14<>"",'Your debts'!$F$10<'Your debts'!$F$14),AB16,0)+IF(AND('Your debts'!$F$11<>"",'Your debts'!$F$14<>"",'Your debts'!$F$11<'Your debts'!$F$14),AG16,0)+IF(AND('Your debts'!$F$12<>"",'Your debts'!$F$14<>"",'Your debts'!$F$12<'Your debts'!$F$14),AL16,0)+IF(AND('Your debts'!$F$13<>"",'Your debts'!$F$14<>"",'Your debts'!$F$13<'Your debts'!$F$14),AQ16,0)+IF(AND('Your debts'!$F$15<>"",'Your debts'!$F$14<>"",'Your debts'!$F$15<'Your debts'!$F$14),BA16,0))))) | AX16: =AV16-AW16 | AY16: =IF(BC15<=0,0,ROUND(BC15*(1+'Your debts'!$D$15/1200),2)) | AZ16: =IF(AY16<=0,0,MIN('Your debts'!$E$15,AY16)) | BA16: =AY16-AZ16 | BB16: =IF('Your debts'!$F$15="",0,MIN(BA16,MAX(0,MAX(0,'Your debts'!$C$19-(G16+L16+Q16+V16+AA16+AF16+AK16+AP16+AU16+AZ16))-(IF(AND('Your debts'!$F$6<>"",'Your debts'!$F$15<>"",'Your debts'!$F$6<'Your debts'!$F$15),H16,0)+IF(AND('Your debts'!$F$7<>"",'Your debts'!$F$15<>"",'Your debts'!$F$7<'Your debts'!$F$15),M16,0)+IF(AND('Your debts'!$F$8<>"",'Your debts'!$F$15<>"",'Your debts'!$F$8<'Your debts'!$F$15),R16,0)+IF(AND('Your debts'!$F$9<>"",'Your debts'!$F$15<>"",'Your debts'!$F$9<'Your debts'!$F$15),W16,0)+IF(AND('Your debts'!$F$10<>"",'Your debts'!$F$15<>"",'Your debts'!$F$10<'Your debts'!$F$15),AB16,0)+IF(AND('Your debts'!$F$11<>"",'Your debts'!$F$15<>"",'Your debts'!$F$11<'Your debts'!$F$15),AG16,0)+IF(AND('Your debts'!$F$12<>"",'Your debts'!$F$15<>"",'Your debts'!$F$12<'Your debts'!$F$15),AL16,0)+IF(AND('Your debts'!$F$13<>"",'Your debts'!$F$15<>"",'Your debts'!$F$13<'Your debts'!$F$15),AQ16,0)+IF(AND('Your debts'!$F$14<>"",'Your debts'!$F$15<>"",'Your debts'!$F$14<'Your debts'!$F$15),AV16,0))))) | BC16: =BA16-BB16
A17: 2 | B17: =EDATE($B$15,2) | C17: =IF(J16<=0,0,F17-J16)+IF(O16<=0,0,K17-O16)+IF(T16<=0,0,P17-T16)+IF(Y16<=0,0,U17-Y16)+IF(AD16<=0,0,Z17-AD16)+IF(AI16<=0,0,AE17-AI16)+IF(AN16<=0,0,AJ17-AN16)+IF(AS16<=0,0,AO17-AS16)+IF(AX16<=0,0,AT17-AX16)+IF(BC16<=0,0,AY17-BC16) | D17: =G17+I17+L17+N17+Q17+S17+V17+X17+AA17+AC17+AF17+AH17+AK17+AM17+AP17+AR17+AU17+AW17+AZ17+BB17 | E17: =J17+O17+T17+Y17+AD17+AI17+AN17+AS17+AX17+BC17 | F17: =IF(J16<=0,0,ROUND(J16*(1+'Your debts'!$D$6/1200),2)) | G17: =IF(F17<=0,0,MIN('Your debts'!$E$6,F17)) | H17: =F17-G17 | I17: =IF('Your debts'!$F$6="",0,MIN(H17,MAX(0,MAX(0,'Your debts'!$C$19-(G17+L17+Q17+V17+AA17+AF17+AK17+AP17+AU17+AZ17))-(IF(AND('Your debts'!$F$7<>"",'Your debts'!$F$6<>"",'Your debts'!$F$7<'Your debts'!$F$6),M17,0)+IF(AND('Your debts'!$F$8<>"",'Your debts'!$F$6<>"",'Your debts'!$F$8<'Your debts'!$F$6),R17,0)+IF(AND('Your debts'!$F$9<>"",'Your debts'!$F$6<>"",'Your debts'!$F$9<'Your debts'!$F$6),W17,0)+IF(AND('Your debts'!$F$10<>"",'Your debts'!$F$6<>"",'Your debts'!$F$10<'Your debts'!$F$6),AB17,0)+IF(AND('Your debts'!$F$11<>"",'Your debts'!$F$6<>"",'Your debts'!$F$11<'Your debts'!$F$6),AG17,0)+IF(AND('Your debts'!$F$12<>"",'Your debts'!$F$6<>"",'Your debts'!$F$12<'Your debts'!$F$6),AL17,0)+IF(AND('Your debts'!$F$13<>"",'Your debts'!$F$6<>"",'Your debts'!$F$13<'Your debts'!$F$6),AQ17,0)+IF(AND('Your debts'!$F$14<>"",'Your debts'!$F$6<>"",'Your debts'!$F$14<'Your debts'!$F$6),AV17,0)+IF(AND('Your debts'!$F$15<>"",'Your debts'!$F$6<>"",'Your debts'!$F$15<'Your debts'!$F$6),BA17,0))))) | J17: =H17-I17 | K17: =IF(O16<=0,0,ROUND(O16*(1+'Your debts'!$D$7/1200),2)) | L17: =IF(K17<=0,0,MIN('Your debts'!$E$7,K17)) | M17: =K17-L17 | N17: =IF('Your debts'!$F$7="",0,MIN(M17,MAX(0,MAX(0,'Your debts'!$C$19-(G17+L17+Q17+V17+AA17+AF17+AK17+AP17+AU17+AZ17))-(IF(AND('Your debts'!$F$6<>"",'Your debts'!$F$7<>"",'Your debts'!$F$6<'Your debts'!$F$7),H17,0)+IF(AND('Your debts'!$F$8<>"",'Your debts'!$F$7<>"",'Your debts'!$F$8<'Your debts'!$F$7),R17,0)+IF(AND('Your debts'!$F$9<>"",'Your debts'!$F$7<>"",'Your debts'!$F$9<'Your debts'!$F$7),W17,0)+IF(AND('Your debts'!$F$10<>"",'Your debts'!$F$7<>"",'Your debts'!$F$10<'Your debts'!$F$7),AB17,0)+IF(AND('Your debts'!$F$11<>"",'Your debts'!$F$7<>"",'Your debts'!$F$11<'Your debts'!$F$7),AG17,0)+IF(AND('Your debts'!$F$12<>"",'Your debts'!$F$7<>"",'Your debts'!$F$12<'Your debts'!$F$7),AL17,0)+IF(AND('Your debts'!$F$13<>"",'Your debts'!$F$7<>"",'Your debts'!$F$13<'Your debts'!$F$7),AQ17,0)+IF(AND('Your debts'!$F$14<>"",'Your debts'!$F$7<>"",'Your debts'!$F$14<'Your debts'!$F$7),AV17,0)+IF(AND('Your debts'!$F$15<>"",'Your debts'!$F$7<>"",'Your debts'!$F$15<'Your debts'!$F$7),BA17,0))))) | O17: =M17-N17 | P17: =IF(T16<=0,0,ROUND(T16*(1+'Your debts'!$D$8/1200),2)) | Q17: =IF(P17<=0,0,MIN('Your debts'!$E$8,P17)) | R17: =P17-Q17 | S17: =IF('Your debts'!$F$8="",0,MIN(R17,MAX(0,MAX(0,'Your debts'!$C$19-(G17+L17+Q17+V17+AA17+AF17+AK17+AP17+AU17+AZ17))-(IF(AND('Your debts'!$F$6<>"",'Your debts'!$F$8<>"",'Your debts'!$F$6<'Your debts'!$F$8),H17,0)+IF(AND('Your debts'!$F$7<>"",'Your debts'!$F$8<>"",'Your debts'!$F$7<'Your debts'!$F$8),M17,0)+IF(AND('Your debts'!$F$9<>"",'Your debts'!$F$8<>"",'Your debts'!$F$9<'Your debts'!$F$8),W17,0)+IF(AND('Your debts'!$F$10<>"",'Your debts'!$F$8<>"",'Your debts'!$F$10<'Your debts'!$F$8),AB17,0)+IF(AND('Your debts'!$F$11<>"",'Your debts'!$F$8<>"",'Your debts'!$F$11<'Your debts'!$F$8),AG17,0)+IF(AND('Your debts'!$F$12<>"",'Your debts'!$F$8<>"",'Your debts'!$F$12<'Your debts'!$F$8),AL17,0)+IF(AND('Your debts'!$F$13<>"",'Your debts'!$F$8<>"",'Your debts'!$F$13<'Your debts'!$F$8),AQ17,0)+IF(AND('Your debts'!$F$14<>"",'Your debts'!$F$8<>"",'Your debts'!$F$14<'Your debts'!$F$8),AV17,0)+IF(AND('Your debts'!$F$15<>"",'Your debts'!$F$8<>"",'Your debts'!$F$15<'Your debts'!$F$8),BA17,0))))) | T17: =R17-S17 | U17: =IF(Y16<=0,0,ROUND(Y16*(1+'Your debts'!$D$9/1200),2)) | V17: =IF(U17<=0,0,MIN('Your debts'!$E$9,U17)) | W17: =U17-V17 | X17: =IF('Your debts'!$F$9="",0,MIN(W17,MAX(0,MAX(0,'Your debts'!$C$19-(G17+L17+Q17+V17+AA17+AF17+AK17+AP17+AU17+AZ17))-(IF(AND('Your debts'!$F$6<>"",'Your debts'!$F$9<>"",'Your debts'!$F$6<'Your debts'!$F$9),H17,0)+IF(AND('Your debts'!$F$7<>"",'Your debts'!$F$9<>"",'Your debts'!$F$7<'Your debts'!$F$9),M17,0)+IF(AND('Your debts'!$F$8<>"",'Your debts'!$F$9<>"",'Your debts'!$F$8<'Your debts'!$F$9),R17,0)+IF(AND('Your debts'!$F$10<>"",'Your debts'!$F$9<>"",'Your debts'!$F$10<'Your debts'!$F$9),AB17,0)+IF(AND('Your debts'!$F$11<>"",'Your debts'!$F$9<>"",'Your debts'!$F$11<'Your debts'!$F$9),AG17,0)+IF(AND('Your debts'!$F$12<>"",'Your debts'!$F$9<>"",'Your debts'!$F$12<'Your debts'!$F$9),AL17,0)+IF(AND('Your debts'!$F$13<>"",'Your debts'!$F$9<>"",'Your debts'!$F$13<'Your debts'!$F$9),AQ17,0)+IF(AND('Your debts'!$F$14<>"",'Your debts'!$F$9<>"",'Your debts'!$F$14<'Your debts'!$F$9),AV17,0)+IF(AND('Your debts'!$F$15<>"",'Your debts'!$F$9<>"",'Your debts'!$F$15<'Your debts'!$F$9),BA17,0))))) | Y17: =W17-X17 | Z17: =IF(AD16<=0,0,ROUND(AD16*(1+'Your debts'!$D$10/1200),2)) | AA17: =IF(Z17<=0,0,MIN('Your debts'!$E$10,Z17)) | AB17: =Z17-AA17 | AC17: =IF('Your debts'!$F$10="",0,MIN(AB17,MAX(0,MAX(0,'Your debts'!$C$19-(G17+L17+Q17+V17+AA17+AF17+AK17+AP17+AU17+AZ17))-(IF(AND('Your debts'!$F$6<>"",'Your debts'!$F$10<>"",'Your debts'!$F$6<'Your debts'!$F$10),H17,0)+IF(AND('Your debts'!$F$7<>"",'Your debts'!$F$10<>"",'Your debts'!$F$7<'Your debts'!$F$10),M17,0)+IF(AND('Your debts'!$F$8<>"",'Your debts'!$F$10<>"",'Your debts'!$F$8<'Your debts'!$F$10),R17,0)+IF(AND('Your debts'!$F$9<>"",'Your debts'!$F$10<>"",'Your debts'!$F$9<'Your debts'!$F$10),W17,0)+IF(AND('Your debts'!$F$11<>"",'Your debts'!$F$10<>"",'Your debts'!$F$11<'Your debts'!$F$10),AG17,0)+IF(AND('Your debts'!$F$12<>"",'Your debts'!$F$10<>"",'Your debts'!$F$12<'Your debts'!$F$10),AL17,0)+IF(AND('Your debts'!$F$13<>"",'Your debts'!$F$10<>"",'Your debts'!$F$13<'Your debts'!$F$10),AQ17,0)+IF(AND('Your debts'!$F$14<>"",'Your debts'!$F$10<>"",'Your debts'!$F$14<'Your debts'!$F$10),AV17,0)+IF(AND('Your debts'!$F$15<>"",'Your debts'!$F$10<>"",'Your debts'!$F$15<'Your debts'!$F$10),BA17,0))))) | AD17: =AB17-AC17 | AE17: =IF(AI16<=0,0,ROUND(AI16*(1+'Your debts'!$D$11/1200),2)) | AF17: =IF(AE17<=0,0,MIN('Your debts'!$E$11,AE17)) | AG17: =AE17-AF17 | AH17: =IF('Your debts'!$F$11="",0,MIN(AG17,MAX(0,MAX(0,'Your debts'!$C$19-(G17+L17+Q17+V17+AA17+AF17+AK17+AP17+AU17+AZ17))-(IF(AND('Your debts'!$F$6<>"",'Your debts'!$F$11<>"",'Your debts'!$F$6<'Your debts'!$F$11),H17,0)+IF(AND('Your debts'!$F$7<>"",'Your debts'!$F$11<>"",'Your debts'!$F$7<'Your debts'!$F$11),M17,0)+IF(AND('Your debts'!$F$8<>"",'Your debts'!$F$11<>"",'Your debts'!$F$8<'Your debts'!$F$11),R17,0)+IF(AND('Your debts'!$F$9<>"",'Your debts'!$F$11<>"",'Your debts'!$F$9<'Your debts'!$F$11),W17,0)+IF(AND('Your debts'!$F$10<>"",'Your debts'!$F$11<>"",'Your debts'!$F$10<'Your debts'!$F$11),AB17,0)+IF(AND('Your debts'!$F$12<>"",'Your debts'!$F$11<>"",'Your debts'!$F$12<'Your debts'!$F$11),AL17,0)+IF(AND('Your debts'!$F$13<>"",'Your debts'!$F$11<>"",'Your debts'!$F$13<'Your debts'!$F$11),AQ17,0)+IF(AND('Your debts'!$F$14<>"",'Your debts'!$F$11<>"",'Your debts'!$F$14<'Your debts'!$F$11),AV17,0)+IF(AND('Your debts'!$F$15<>"",'Your debts'!$F$11<>"",'Your debts'!$F$15<'Your debts'!$F$11),BA17,0))))) | AI17: =AG17-AH17 | AJ17: =IF(AN16<=0,0,ROUND(AN16*(1+'Your debts'!$D$12/1200),2)) | AK17: =IF(AJ17<=0,0,MIN('Your debts'!$E$12,AJ17)) | AL17: =AJ17-AK17 | AM17: =IF('Your debts'!$F$12="",0,MIN(AL17,MAX(0,MAX(0,'Your debts'!$C$19-(G17+L17+Q17+V17+AA17+AF17+AK17+AP17+AU17+AZ17))-(IF(AND('Your debts'!$F$6<>"",'Your debts'!$F$12<>"",'Your debts'!$F$6<'Your debts'!$F$12),H17,0)+IF(AND('Your debts'!$F$7<>"",'Your debts'!$F$12<>"",'Your debts'!$F$7<'Your debts'!$F$12),M17,0)+IF(AND('Your debts'!$F$8<>"",'Your debts'!$F$12<>"",'Your debts'!$F$8<'Your debts'!$F$12),R17,0)+IF(AND('Your debts'!$F$9<>"",'Your debts'!$F$12<>"",'Your debts'!$F$9<'Your debts'!$F$12),W17,0)+IF(AND('Your debts'!$F$10<>"",'Your debts'!$F$12<>"",'Your debts'!$F$10<'Your debts'!$F$12),AB17,0)+IF(AND('Your debts'!$F$11<>"",'Your debts'!$F$12<>"",'Your debts'!$F$11<'Your debts'!$F$12),AG17,0)+IF(AND('Your debts'!$F$13<>"",'Your debts'!$F$12<>"",'Your debts'!$F$13<'Your debts'!$F$12),AQ17,0)+IF(AND('Your debts'!$F$14<>"",'Your debts'!$F$12<>"",'Your debts'!$F$14<'Your debts'!$F$12),AV17,0)+IF(AND('Your debts'!$F$15<>"",'Your debts'!$F$12<>"",'Your debts'!$F$15<'Your debts'!$F$12),BA17,0))))) | AN17: =AL17-AM17 | AO17: =IF(AS16<=0,0,ROUND(AS16*(1+'Your debts'!$D$13/1200),2)) | AP17: =IF(AO17<=0,0,MIN('Your debts'!$E$13,AO17)) | AQ17: =AO17-AP17 | AR17: =IF('Your debts'!$F$13="",0,MIN(AQ17,MAX(0,MAX(0,'Your debts'!$C$19-(G17+L17+Q17+V17+AA17+AF17+AK17+AP17+AU17+AZ17))-(IF(AND('Your debts'!$F$6<>"",'Your debts'!$F$13<>"",'Your debts'!$F$6<'Your debts'!$F$13),H17,0)+IF(AND('Your debts'!$F$7<>"",'Your debts'!$F$13<>"",'Your debts'!$F$7<'Your debts'!$F$13),M17,0)+IF(AND('Your debts'!$F$8<>"",'Your debts'!$F$13<>"",'Your debts'!$F$8<'Your debts'!$F$13),R17,0)+IF(AND('Your debts'!$F$9<>"",'Your debts'!$F$13<>"",'Your debts'!$F$9<'Your debts'!$F$13),W17,0)+IF(AND('Your debts'!$F$10<>"",'Your debts'!$F$13<>"",'Your debts'!$F$10<'Your debts'!$F$13),AB17,0)+IF(AND('Your debts'!$F$11<>"",'Your debts'!$F$13<>"",'Your debts'!$F$11<'Your debts'!$F$13),AG17,0)+IF(AND('Your debts'!$F$12<>"",'Your debts'!$F$13<>"",'Your debts'!$F$12<'Your debts'!$F$13),AL17,0)+IF(AND('Your debts'!$F$14<>"",'Your debts'!$F$13<>"",'Your debts'!$F$14<'Your debts'!$F$13),AV17,0)+IF(AND('Your debts'!$F$15<>"",'Your debts'!$F$13<>"",'Your debts'!$F$15<'Your debts'!$F$13),BA17,0))))) | AS17: =AQ17-AR17 | AT17: =IF(AX16<=0,0,ROUND(AX16*(1+'Your debts'!$D$14/1200),2)) | AU17: =IF(AT17<=0,0,MIN('Your debts'!$E$14,AT17)) | AV17: =AT17-AU17 | AW17: =IF('Your debts'!$F$14="",0,MIN(AV17,MAX(0,MAX(0,'Your debts'!$C$19-(G17+L17+Q17+V17+AA17+AF17+AK17+AP17+AU17+AZ17))-(IF(AND('Your debts'!$F$6<>"",'Your debts'!$F$14<>"",'Your debts'!$F$6<'Your debts'!$F$14),H17,0)+IF(AND('Your debts'!$F$7<>"",'Your debts'!$F$14<>"",'Your debts'!$F$7<'Your debts'!$F$14),M17,0)+IF(AND('Your debts'!$F$8<>"",'Your debts'!$F$14<>"",'Your debts'!$F$8<'Your debts'!$F$14),R17,0)+IF(AND('Your debts'!$F$9<>"",'Your debts'!$F$14<>"",'Your debts'!$F$9<'Your debts'!$F$14),W17,0)+IF(AND('Your debts'!$F$10<>"",'Your debts'!$F$14<>"",'Your debts'!$F$10<'Your debts'!$F$14),AB17,0)+IF(AND('Your debts'!$F$11<>"",'Your debts'!$F$14<>"",'Your debts'!$F$11<'Your debts'!$F$14),AG17,0)+IF(AND('Your debts'!$F$12<>"",'Your debts'!$F$14<>"",'Your debts'!$F$12<'Your debts'!$F$14),AL17,0)+IF(AND('Your debts'!$F$13<>"",'Your debts'!$F$14<>"",'Your debts'!$F$13<'Your debts'!$F$14),AQ17,0)+IF(AND('Your debts'!$F$15<>"",'Your debts'!$F$14<>"",'Your debts'!$F$15<'Your debts'!$F$14),BA17,0))))) | AX17: =AV17-AW17 | AY17: =IF(BC16<=0,0,ROUND(BC16*(1+'Your debts'!$D$15/1200),2)) | AZ17: =IF(AY17<=0,0,MIN('Your debts'!$E$15,AY17)) | BA17: =AY17-AZ17 | BB17: =IF('Your debts'!$F$15="",0,MIN(BA17,MAX(0,MAX(0,'Your debts'!$C$19-(G17+L17+Q17+V17+AA17+AF17+AK17+AP17+AU17+AZ17))-(IF(AND('Your debts'!$F$6<>"",'Your debts'!$F$15<>"",'Your debts'!$F$6<'Your debts'!$F$15),H17,0)+IF(AND('Your debts'!$F$7<>"",'Your debts'!$F$15<>"",'Your debts'!$F$7<'Your debts'!$F$15),M17,0)+IF(AND('Your debts'!$F$8<>"",'Your debts'!$F$15<>"",'Your debts'!$F$8<'Your debts'!$F$15),R17,0)+IF(AND('Your debts'!$F$9<>"",'Your debts'!$F$15<>"",'Your debts'!$F$9<'Your debts'!$F$15),W17,0)+IF(AND('Your debts'!$F$10<>"",'Your debts'!$F$15<>"",'Your debts'!$F$10<'Your debts'!$F$15),AB17,0)+IF(AND('Your debts'!$F$11<>"",'Your debts'!$F$15<>"",'Your debts'!$F$11<'Your debts'!$F$15),AG17,0)+IF(AND('Your debts'!$F$12<>"",'Your debts'!$F$15<>"",'Your debts'!$F$12<'Your debts'!$F$15),AL17,0)+IF(AND('Your debts'!$F$13<>"",'Your debts'!$F$15<>"",'Your debts'!$F$13<'Your debts'!$F$15),AQ17,0)+IF(AND('Your debts'!$F$14<>"",'Your debts'!$F$15<>"",'Your debts'!$F$14<'Your debts'!$F$15),AV17,0))))) | BC17: =BA17-BB17
A18: 3 | B18: =EDATE($B$15,3) | C18: =IF(J17<=0,0,F18-J17)+IF(O17<=0,0,K18-O17)+IF(T17<=0,0,P18-T17)+IF(Y17<=0,0,U18-Y17)+IF(AD17<=0,0,Z18-AD17)+IF(AI17<=0,0,AE18-AI17)+IF(AN17<=0,0,AJ18-AN17)+IF(AS17<=0,0,AO18-AS17)+IF(AX17<=0,0,AT18-AX17)+IF(BC17<=0,0,AY18-BC17) | D18: =G18+I18+L18+N18+Q18+S18+V18+X18+AA18+AC18+AF18+AH18+AK18+AM18+AP18+AR18+AU18+AW18+AZ18+BB18 | E18: =J18+O18+T18+Y18+AD18+AI18+AN18+AS18+AX18+BC18 | F18: =IF(J17<=0,0,ROUND(J17*(1+'Your debts'!$D$6/1200),2)) | G18: =IF(F18<=0,0,MIN('Your debts'!$E$6,F18)) | H18: =F18-G18 | I18: =IF('Your debts'!$F$6="",0,MIN(H18,MAX(0,MAX(0,'Your debts'!$C$19-(G18+L18+Q18+V18+AA18+AF18+AK18+AP18+AU18+AZ18))-(IF(AND('Your debts'!$F$7<>"",'Your debts'!$F$6<>"",'Your debts'!$F$7<'Your debts'!$F$6),M18,0)+IF(AND('Your debts'!$F$8<>"",'Your debts'!$F$6<>"",'Your debts'!$F$8<'Your debts'!$F$6),R18,0)+IF(AND('Your debts'!$F$9<>"",'Your debts'!$F$6<>"",'Your debts'!$F$9<'Your debts'!$F$6),W18,0)+IF(AND('Your debts'!$F$10<>"",'Your debts'!$F$6<>"",'Your debts'!$F$10<'Your debts'!$F$6),AB18,0)+IF(AND('Your debts'!$F$11<>"",'Your debts'!$F$6<>"",'Your debts'!$F$11<'Your debts'!$F$6),AG18,0)+IF(AND('Your debts'!$F$12<>"",'Your debts'!$F$6<>"",'Your debts'!$F$12<'Your debts'!$F$6),AL18,0)+IF(AND('Your debts'!$F$13<>"",'Your debts'!$F$6<>"",'Your debts'!$F$13<'Your debts'!$F$6),AQ18,0)+IF(AND('Your debts'!$F$14<>"",'Your debts'!$F$6<>"",'Your debts'!$F$14<'Your debts'!$F$6),AV18,0)+IF(AND('Your debts'!$F$15<>"",'Your debts'!$F$6<>"",'Your debts'!$F$15<'Your debts'!$F$6),BA18,0))))) | J18: =H18-I18 | K18: =IF(O17<=0,0,ROUND(O17*(1+'Your debts'!$D$7/1200),2)) | L18: =IF(K18<=0,0,MIN('Your debts'!$E$7,K18)) | M18: =K18-L18 | N18: =IF('Your debts'!$F$7="",0,MIN(M18,MAX(0,MAX(0,'Your debts'!$C$19-(G18+L18+Q18+V18+AA18+AF18+AK18+AP18+AU18+AZ18))-(IF(AND('Your debts'!$F$6<>"",'Your debts'!$F$7<>"",'Your debts'!$F$6<'Your debts'!$F$7),H18,0)+IF(AND('Your debts'!$F$8<>"",'Your debts'!$F$7<>"",'Your debts'!$F$8<'Your debts'!$F$7),R18,0)+IF(AND('Your debts'!$F$9<>"",'Your debts'!$F$7<>"",'Your debts'!$F$9<'Your debts'!$F$7),W18,0)+IF(AND('Your debts'!$F$10<>"",'Your debts'!$F$7<>"",'Your debts'!$F$10<'Your debts'!$F$7),AB18,0)+IF(AND('Your debts'!$F$11<>"",'Your debts'!$F$7<>"",'Your debts'!$F$11<'Your debts'!$F$7),AG18,0)+IF(AND('Your debts'!$F$12<>"",'Your debts'!$F$7<>"",'Your debts'!$F$12<'Your debts'!$F$7),AL18,0)+IF(AND('Your debts'!$F$13<>"",'Your debts'!$F$7<>"",'Your debts'!$F$13<'Your debts'!$F$7),AQ18,0)+IF(AND('Your debts'!$F$14<>"",'Your debts'!$F$7<>"",'Your debts'!$F$14<'Your debts'!$F$7),AV18,0)+IF(AND('Your debts'!$F$15<>"",'Your debts'!$F$7<>"",'Your debts'!$F$15<'Your debts'!$F$7),BA18,0))))) | O18: =M18-N18 | P18: =IF(T17<=0,0,ROUND(T17*(1+'Your debts'!$D$8/1200),2)) | Q18: =IF(P18<=0,0,MIN('Your debts'!$E$8,P18)) | R18: =P18-Q18 | S18: =IF('Your debts'!$F$8="",0,MIN(R18,MAX(0,MAX(0,'Your debts'!$C$19-(G18+L18+Q18+V18+AA18+AF18+AK18+AP18+AU18+AZ18))-(IF(AND('Your debts'!$F$6<>"",'Your debts'!$F$8<>"",'Your debts'!$F$6<'Your debts'!$F$8),H18,0)+IF(AND('Your debts'!$F$7<>"",'Your debts'!$F$8<>"",'Your debts'!$F$7<'Your debts'!$F$8),M18,0)+IF(AND('Your debts'!$F$9<>"",'Your debts'!$F$8<>"",'Your debts'!$F$9<'Your debts'!$F$8),W18,0)+IF(AND('Your debts'!$F$10<>"",'Your debts'!$F$8<>"",'Your debts'!$F$10<'Your debts'!$F$8),AB18,0)+IF(AND('Your debts'!$F$11<>"",'Your debts'!$F$8<>"",'Your debts'!$F$11<'Your debts'!$F$8),AG18,0)+IF(AND('Your debts'!$F$12<>"",'Your debts'!$F$8<>"",'Your debts'!$F$12<'Your debts'!$F$8),AL18,0)+IF(AND('Your debts'!$F$13<>"",'Your debts'!$F$8<>"",'Your debts'!$F$13<'Your debts'!$F$8),AQ18,0)+IF(AND('Your debts'!$F$14<>"",'Your debts'!$F$8<>"",'Your debts'!$F$14<'Your debts'!$F$8),AV18,0)+IF(AND('Your debts'!$F$15<>"",'Your debts'!$F$8<>"",'Your debts'!$F$15<'Your debts'!$F$8),BA18,0))))) | T18: =R18-S18 | U18: =IF(Y17<=0,0,ROUND(Y17*(1+'Your debts'!$D$9/1200),2)) | V18: =IF(U18<=0,0,MIN('Your debts'!$E$9,U18)) | W18: =U18-V18 | X18: =IF('Your debts'!$F$9="",0,MIN(W18,MAX(0,MAX(0,'Your debts'!$C$19-(G18+L18+Q18+V18+AA18+AF18+AK18+AP18+AU18+AZ18))-(IF(AND('Your debts'!$F$6<>"",'Your debts'!$F$9<>"",'Your debts'!$F$6<'Your debts'!$F$9),H18,0)+IF(AND('Your debts'!$F$7<>"",'Your debts'!$F$9<>"",'Your debts'!$F$7<'Your debts'!$F$9),M18,0)+IF(AND('Your debts'!$F$8<>"",'Your debts'!$F$9<>"",'Your debts'!$F$8<'Your debts'!$F$9),R18,0)+IF(AND('Your debts'!$F$10<>"",'Your debts'!$F$9<>"",'Your debts'!$F$10<'Your debts'!$F$9),AB18,0)+IF(AND('Your debts'!$F$11<>"",'Your debts'!$F$9<>"",'Your debts'!$F$11<'Your debts'!$F$9),AG18,0)+IF(AND('Your debts'!$F$12<>"",'Your debts'!$F$9<>"",'Your debts'!$F$12<'Your debts'!$F$9),AL18,0)+IF(AND('Your debts'!$F$13<>"",'Your debts'!$F$9<>"",'Your debts'!$F$13<'Your debts'!$F$9),AQ18,0)+IF(AND('Your debts'!$F$14<>"",'Your debts'!$F$9<>"",'Your debts'!$F$14<'Your debts'!$F$9),AV18,0)+IF(AND('Your debts'!$F$15<>"",'Your debts'!$F$9<>"",'Your debts'!$F$15<'Your debts'!$F$9),BA18,0))))) | Y18: =W18-X18 | Z18: =IF(AD17<=0,0,ROUND(AD17*(1+'Your debts'!$D$10/1200),2)) | AA18: =IF(Z18<=0,0,MIN('Your debts'!$E$10,Z18)) | AB18: =Z18-AA18 | AC18: =IF('Your debts'!$F$10="",0,MIN(AB18,MAX(0,MAX(0,'Your debts'!$C$19-(G18+L18+Q18+V18+AA18+AF18+AK18+AP18+AU18+AZ18))-(IF(AND('Your debts'!$F$6<>"",'Your debts'!$F$10<>"",'Your debts'!$F$6<'Your debts'!$F$10),H18,0)+IF(AND('Your debts'!$F$7<>"",'Your debts'!$F$10<>"",'Your debts'!$F$7<'Your debts'!$F$10),M18,0)+IF(AND('Your debts'!$F$8<>"",'Your debts'!$F$10<>"",'Your debts'!$F$8<'Your debts'!$F$10),R18,0)+IF(AND('Your debts'!$F$9<>"",'Your debts'!$F$10<>"",'Your debts'!$F$9<'Your debts'!$F$10),W18,0)+IF(AND('Your debts'!$F$11<>"",'Your debts'!$F$10<>"",'Your debts'!$F$11<'Your debts'!$F$10),AG18,0)+IF(AND('Your debts'!$F$12<>"",'Your debts'!$F$10<>"",'Your debts'!$F$12<'Your debts'!$F$10),AL18,0)+IF(AND('Your debts'!$F$13<>"",'Your debts'!$F$10<>"",'Your debts'!$F$13<'Your debts'!$F$10),AQ18,0)+IF(AND('Your debts'!$F$14<>"",'Your debts'!$F$10<>"",'Your debts'!$F$14<'Your debts'!$F$10),AV18,0)+IF(AND('Your debts'!$F$15<>"",'Your debts'!$F$10<>"",'Your debts'!$F$15<'Your debts'!$F$10),BA18,0))))) | AD18: =AB18-AC18 | AE18: =IF(AI17<=0,0,ROUND(AI17*(1+'Your debts'!$D$11/1200),2)) | AF18: =IF(AE18<=0,0,MIN('Your debts'!$E$11,AE18)) | AG18: =AE18-AF18 | AH18: =IF('Your debts'!$F$11="",0,MIN(AG18,MAX(0,MAX(0,'Your debts'!$C$19-(G18+L18+Q18+V18+AA18+AF18+AK18+AP18+AU18+AZ18))-(IF(AND('Your debts'!$F$6<>"",'Your debts'!$F$11<>"",'Your debts'!$F$6<'Your debts'!$F$11),H18,0)+IF(AND('Your debts'!$F$7<>"",'Your debts'!$F$11<>"",'Your debts'!$F$7<'Your debts'!$F$11),M18,0)+IF(AND('Your debts'!$F$8<>"",'Your debts'!$F$11<>"",'Your debts'!$F$8<'Your debts'!$F$11),R18,0)+IF(AND('Your debts'!$F$9<>"",'Your debts'!$F$11<>"",'Your debts'!$F$9<'Your debts'!$F$11),W18,0)+IF(AND('Your debts'!$F$10<>"",'Your debts'!$F$11<>"",'Your debts'!$F$10<'Your debts'!$F$11),AB18,0)+IF(AND('Your debts'!$F$12<>"",'Your debts'!$F$11<>"",'Your debts'!$F$12<'Your debts'!$F$11),AL18,0)+IF(AND('Your debts'!$F$13<>"",'Your debts'!$F$11<>"",'Your debts'!$F$13<'Your debts'!$F$11),AQ18,0)+IF(AND('Your debts'!$F$14<>"",'Your debts'!$F$11<>"",'Your debts'!$F$14<'Your debts'!$F$11),AV18,0)+IF(AND('Your debts'!$F$15<>"",'Your debts'!$F$11<>"",'Your debts'!$F$15<'Your debts'!$F$11),BA18,0))))) | AI18: =AG18-AH18 | AJ18: =IF(AN17<=0,0,ROUND(AN17*(1+'Your debts'!$D$12/1200),2)) | AK18: =IF(AJ18<=0,0,MIN('Your debts'!$E$12,AJ18)) | AL18: =AJ18-AK18 | AM18: =IF('Your debts'!$F$12="",0,MIN(AL18,MAX(0,MAX(0,'Your debts'!$C$19-(G18+L18+Q18+V18+AA18+AF18+AK18+AP18+AU18+AZ18))-(IF(AND('Your debts'!$F$6<>"",'Your debts'!$F$12<>"",'Your debts'!$F$6<'Your debts'!$F$12),H18,0)+IF(AND('Your debts'!$F$7<>"",'Your debts'!$F$12<>"",'Your debts'!$F$7<'Your debts'!$F$12),M18,0)+IF(AND('Your debts'!$F$8<>"",'Your debts'!$F$12<>"",'Your debts'!$F$8<'Your debts'!$F$12),R18,0)+IF(AND('Your debts'!$F$9<>"",'Your debts'!$F$12<>"",'Your debts'!$F$9<'Your debts'!$F$12),W18,0)+IF(AND('Your debts'!$F$10<>"",'Your debts'!$F$12<>"",'Your debts'!$F$10<'Your debts'!$F$12),AB18,0)+IF(AND('Your debts'!$F$11<>"",'Your debts'!$F$12<>"",'Your debts'!$F$11<'Your debts'!$F$12),AG18,0)+IF(AND('Your debts'!$F$13<>"",'Your debts'!$F$12<>"",'Your debts'!$F$13<'Your debts'!$F$12),AQ18,0)+IF(AND('Your debts'!$F$14<>"",'Your debts'!$F$12<>"",'Your debts'!$F$14<'Your debts'!$F$12),AV18,0)+IF(AND('Your debts'!$F$15<>"",'Your debts'!$F$12<>"",'Your debts'!$F$15<'Your debts'!$F$12),BA18,0))))) | AN18: =AL18-AM18 | AO18: =IF(AS17<=0,0,ROUND(AS17*(1+'Your debts'!$D$13/1200),2)) | AP18: =IF(AO18<=0,0,MIN('Your debts'!$E$13,AO18)) | AQ18: =AO18-AP18 | AR18: =IF('Your debts'!$F$13="",0,MIN(AQ18,MAX(0,MAX(0,'Your debts'!$C$19-(G18+L18+Q18+V18+AA18+AF18+AK18+AP18+AU18+AZ18))-(IF(AND('Your debts'!$F$6<>"",'Your debts'!$F$13<>"",'Your debts'!$F$6<'Your debts'!$F$13),H18,0)+IF(AND('Your debts'!$F$7<>"",'Your debts'!$F$13<>"",'Your debts'!$F$7<'Your debts'!$F$13),M18,0)+IF(AND('Your debts'!$F$8<>"",'Your debts'!$F$13<>"",'Your debts'!$F$8<'Your debts'!$F$13),R18,0)+IF(AND('Your debts'!$F$9<>"",'Your debts'!$F$13<>"",'Your debts'!$F$9<'Your debts'!$F$13),W18,0)+IF(AND('Your debts'!$F$10<>"",'Your debts'!$F$13<>"",'Your debts'!$F$10<'Your debts'!$F$13),AB18,0)+IF(AND('Your debts'!$F$11<>"",'Your debts'!$F$13<>"",'Your debts'!$F$11<'Your debts'!$F$13),AG18,0)+IF(AND('Your debts'!$F$12<>"",'Your debts'!$F$13<>"",'Your debts'!$F$12<'Your debts'!$F$13),AL18,0)+IF(AND('Your debts'!$F$14<>"",'Your debts'!$F$13<>"",'Your debts'!$F$14<'Your debts'!$F$13),AV18,0)+IF(AND('Your debts'!$F$15<>"",'Your debts'!$F$13<>"",'Your debts'!$F$15<'Your debts'!$F$13),BA18,0))))) | AS18: =AQ18-AR18 | AT18: =IF(AX17<=0,0,ROUND(AX17*(1+'Your debts'!$D$14/1200),2)) | AU18: =IF(AT18<=0,0,MIN('Your debts'!$E$14,AT18)) | AV18: =AT18-AU18 | AW18: =IF('Your debts'!$F$14="",0,MIN(AV18,MAX(0,MAX(0,'Your debts'!$C$19-(G18+L18+Q18+V18+AA18+AF18+AK18+AP18+AU18+AZ18))-(IF(AND('Your debts'!$F$6<>"",'Your debts'!$F$14<>"",'Your debts'!$F$6<'Your debts'!$F$14),H18,0)+IF(AND('Your debts'!$F$7<>"",'Your debts'!$F$14<>"",'Your debts'!$F$7<'Your debts'!$F$14),M18,0)+IF(AND('Your debts'!$F$8<>"",'Your debts'!$F$14<>"",'Your debts'!$F$8<'Your debts'!$F$14),R18,0)+IF(AND('Your debts'!$F$9<>"",'Your debts'!$F$14<>"",'Your debts'!$F$9<'Your debts'!$F$14),W18,0)+IF(AND('Your debts'!$F$10<>"",'Your debts'!$F$14<>"",'Your debts'!$F$10<'Your debts'!$F$14),AB18,0)+IF(AND('Your debts'!$F$11<>"",'Your debts'!$F$14<>"",'Your debts'!$F$11<'Your debts'!$F$14),AG18,0)+IF(AND('Your debts'!$F$12<>"",'Your debts'!$F$14<>"",'Your debts'!$F$12<'Your debts'!$F$14),AL18,0)+IF(AND('Your debts'!$F$13<>"",'Your debts'!$F$14<>"",'Your debts'!$F$13<'Your debts'!$F$14),AQ18,0)+IF(AND('Your debts'!$F$15<>"",'Your debts'!$F$14<>"",'Your debts'!$F$15<'Your debts'!$F$14),BA18,0))))) | AX18: =AV18-AW18 | AY18: =IF(BC17<=0,0,ROUND(BC17*(1+'Your debts'!$D$15/1200),2)) | AZ18: =IF(AY18<=0,0,MIN('Your debts'!$E$15,AY18)) | BA18: =AY18-AZ18 | BB18: =IF('Your debts'!$F$15="",0,MIN(BA18,MAX(0,MAX(0,'Your debts'!$C$19-(G18+L18+Q18+V18+AA18+AF18+AK18+AP18+AU18+AZ18))-(IF(AND('Your debts'!$F$6<>"",'Your debts'!$F$15<>"",'Your debts'!$F$6<'Your debts'!$F$15),H18,0)+IF(AND('Your debts'!$F$7<>"",'Your debts'!$F$15<>"",'Your debts'!$F$7<'Your debts'!$F$15),M18,0)+IF(AND('Your debts'!$F$8<>"",'Your debts'!$F$15<>"",'Your debts'!$F$8<'Your debts'!$F$15),R18,0)+IF(AND('Your debts'!$F$9<>"",'Your debts'!$F$15<>"",'Your debts'!$F$9<'Your debts'!$F$15),W18,0)+IF(AND('Your debts'!$F$10<>"",'Your debts'!$F$15<>"",'Your debts'!$F$10<'Your debts'!$F$15),AB18,0)+IF(AND('Your debts'!$F$11<>"",'Your debts'!$F$15<>"",'Your debts'!$F$11<'Your debts'!$F$15),AG18,0)+IF(AND('Your debts'!$F$12<>"",'Your debts'!$F$15<>"",'Your debts'!$F$12<'Your debts'!$F$15),AL18,0)+IF(AND('Your debts'!$F$13<>"",'Your debts'!$F$15<>"",'Your debts'!$F$13<'Your debts'!$F$15),AQ18,0)+IF(AND('Your debts'!$F$14<>"",'Your debts'!$F$15<>"",'Your debts'!$F$14<'Your debts'!$F$15),AV18,0))))) | BC18: =BA18-BB18
A19: 4 | B19: =EDATE($B$15,4) | C19: =IF(J18<=0,0,F19-J18)+IF(O18<=0,0,K19-O18)+IF(T18<=0,0,P19-T18)+IF(Y18<=0,0,U19-Y18)+IF(AD18<=0,0,Z19-AD18)+IF(AI18<=0,0,AE19-AI18)+IF(AN18<=0,0,AJ19-AN18)+IF(AS18<=0,0,AO19-AS18)+IF(AX18<=0,0,AT19-AX18)+IF(BC18<=0,0,AY19-BC18) | D19: =G19+I19+L19+N19+Q19+S19+V19+X19+AA19+AC19+AF19+AH19+AK19+AM19+AP19+AR19+AU19+AW19+AZ19+BB19 | E19: =J19+O19+T19+Y19+AD19+AI19+AN19+AS19+AX19+BC19 | F19: =IF(J18<=0,0,ROUND(J18*(1+'Your debts'!$D$6/1200),2)) | G19: =IF(F19<=0,0,MIN('Your debts'!$E$6,F19)) | H19: =F19-G19 | I19: =IF('Your debts'!$F$6="",0,MIN(H19,MAX(0,MAX(0,'Your debts'!$C$19-(G19+L19+Q19+V19+AA19+AF19+AK19+AP19+AU19+AZ19))-(IF(AND('Your debts'!$F$7<>"",'Your debts'!$F$6<>"",'Your debts'!$F$7<'Your debts'!$F$6),M19,0)+IF(AND('Your debts'!$F$8<>"",'Your debts'!$F$6<>"",'Your debts'!$F$8<'Your debts'!$F$6),R19,0)+IF(AND('Your debts'!$F$9<>"",'Your debts'!$F$6<>"",'Your debts'!$F$9<'Your debts'!$F$6),W19,0)+IF(AND('Your debts'!$F$10<>"",'Your debts'!$F$6<>"",'Your debts'!$F$10<'Your debts'!$F$6),AB19,0)+IF(AND('Your debts'!$F$11<>"",'Your debts'!$F$6<>"",'Your debts'!$F$11<'Your debts'!$F$6),AG19,0)+IF(AND('Your debts'!$F$12<>"",'Your debts'!$F$6<>"",'Your debts'!$F$12<'Your debts'!$F$6),AL19,0)+IF(AND('Your debts'!$F$13<>"",'Your debts'!$F$6<>"",'Your debts'!$F$13<'Your debts'!$F$6),AQ19,0)+IF(AND('Your debts'!$F$14<>"",'Your debts'!$F$6<>"",'Your debts'!$F$14<'Your debts'!$F$6),AV19,0)+IF(AND('Your debts'!$F$15<>"",'Your debts'!$F$6<>"",'Your debts'!$F$15<'Your debts'!$F$6),BA19,0))))) | J19: =H19-I19 | K19: =IF(O18<=0,0,ROUND(O18*(1+'Your debts'!$D$7/1200),2)) | L19: =IF(K19<=0,0,MIN('Your debts'!$E$7,K19)) | M19: =K19-L19 | N19: =IF('Your debts'!$F$7="",0,MIN(M19,MAX(0,MAX(0,'Your debts'!$C$19-(G19+L19+Q19+V19+AA19+AF19+AK19+AP19+AU19+AZ19))-(IF(AND('Your debts'!$F$6<>"",'Your debts'!$F$7<>"",'Your debts'!$F$6<'Your debts'!$F$7),H19,0)+IF(AND('Your debts'!$F$8<>"",'Your debts'!$F$7<>"",'Your debts'!$F$8<'Your debts'!$F$7),R19,0)+IF(AND('Your debts'!$F$9<>"",'Your debts'!$F$7<>"",'Your debts'!$F$9<'Your debts'!$F$7),W19,0)+IF(AND('Your debts'!$F$10<>"",'Your debts'!$F$7<>"",'Your debts'!$F$10<'Your debts'!$F$7),AB19,0)+IF(AND('Your debts'!$F$11<>"",'Your debts'!$F$7<>"",'Your debts'!$F$11<'Your debts'!$F$7),AG19,0)+IF(AND('Your debts'!$F$12<>"",'Your debts'!$F$7<>"",'Your debts'!$F$12<'Your debts'!$F$7),AL19,0)+IF(AND('Your debts'!$F$13<>"",'Your debts'!$F$7<>"",'Your debts'!$F$13<'Your debts'!$F$7),AQ19,0)+IF(AND('Your debts'!$F$14<>"",'Your debts'!$F$7<>"",'Your debts'!$F$14<'Your debts'!$F$7),AV19,0)+IF(AND('Your debts'!$F$15<>"",'Your debts'!$F$7<>"",'Your debts'!$F$15<'Your debts'!$F$7),BA19,0))))) | O19: =M19-N19 | P19: =IF(T18<=0,0,ROUND(T18*(1+'Your debts'!$D$8/1200),2)) | Q19: =IF(P19<=0,0,MIN('Your debts'!$E$8,P19)) | R19: =P19-Q19 | S19: =IF('Your debts'!$F$8="",0,MIN(R19,MAX(0,MAX(0,'Your debts'!$C$19-(G19+L19+Q19+V19+AA19+AF19+AK19+AP19+AU19+AZ19))-(IF(AND('Your debts'!$F$6<>"",'Your debts'!$F$8<>"",'Your debts'!$F$6<'Your debts'!$F$8),H19,0)+IF(AND('Your debts'!$F$7<>"",'Your debts'!$F$8<>"",'Your debts'!$F$7<'Your debts'!$F$8),M19,0)+IF(AND('Your debts'!$F$9<>"",'Your debts'!$F$8<>"",'Your debts'!$F$9<'Your debts'!$F$8),W19,0)+IF(AND('Your debts'!$F$10<>"",'Your debts'!$F$8<>"",'Your debts'!$F$10<'Your debts'!$F$8),AB19,0)+IF(AND('Your debts'!$F$11<>"",'Your debts'!$F$8<>"",'Your debts'!$F$11<'Your debts'!$F$8),AG19,0)+IF(AND('Your debts'!$F$12<>"",'Your debts'!$F$8<>"",'Your debts'!$F$12<'Your debts'!$F$8),AL19,0)+IF(AND('Your debts'!$F$13<>"",'Your debts'!$F$8<>"",'Your debts'!$F$13<'Your debts'!$F$8),AQ19,0)+IF(AND('Your debts'!$F$14<>"",'Your debts'!$F$8<>"",'Your debts'!$F$14<'Your debts'!$F$8),AV19,0)+IF(AND('Your debts'!$F$15<>"",'Your debts'!$F$8<>"",'Your debts'!$F$15<'Your debts'!$F$8),BA19,0))))) | T19: =R19-S19 | U19: =IF(Y18<=0,0,ROUND(Y18*(1+'Your debts'!$D$9/1200),2)) | V19: =IF(U19<=0,0,MIN('Your debts'!$E$9,U19)) | W19: =U19-V19 | X19: =IF('Your debts'!$F$9="",0,MIN(W19,MAX(0,MAX(0,'Your debts'!$C$19-(G19+L19+Q19+V19+AA19+AF19+AK19+AP19+AU19+AZ19))-(IF(AND('Your debts'!$F$6<>"",'Your debts'!$F$9<>"",'Your debts'!$F$6<'Your debts'!$F$9),H19,0)+IF(AND('Your debts'!$F$7<>"",'Your debts'!$F$9<>"",'Your debts'!$F$7<'Your debts'!$F$9),M19,0)+IF(AND('Your debts'!$F$8<>"",'Your debts'!$F$9<>"",'Your debts'!$F$8<'Your debts'!$F$9),R19,0)+IF(AND('Your debts'!$F$10<>"",'Your debts'!$F$9<>"",'Your debts'!$F$10<'Your debts'!$F$9),AB19,0)+IF(AND('Your debts'!$F$11<>"",'Your debts'!$F$9<>"",'Your debts'!$F$11<'Your debts'!$F$9),AG19,0)+IF(AND('Your debts'!$F$12<>"",'Your debts'!$F$9<>"",'Your debts'!$F$12<'Your debts'!$F$9),AL19,0)+IF(AND('Your debts'!$F$13<>"",'Your debts'!$F$9<>"",'Your debts'!$F$13<'Your debts'!$F$9),AQ19,0)+IF(AND('Your debts'!$F$14<>"",'Your debts'!$F$9<>"",'Your debts'!$F$14<'Your debts'!$F$9),AV19,0)+IF(AND('Your debts'!$F$15<>"",'Your debts'!$F$9<>"",'Your debts'!$F$15<'Your debts'!$F$9),BA19,0))))) | Y19: =W19-X19 | Z19: =IF(AD18<=0,0,ROUND(AD18*(1+'Your debts'!$D$10/1200),2)) | AA19: =IF(Z19<=0,0,MIN('Your debts'!$E$10,Z19)) | AB19: =Z19-AA19 | AC19: =IF('Your debts'!$F$10="",0,MIN(AB19,MAX(0,MAX(0,'Your debts'!$C$19-(G19+L19+Q19+V19+AA19+AF19+AK19+AP19+AU19+AZ19))-(IF(AND('Your debts'!$F$6<>"",'Your debts'!$F$10<>"",'Your debts'!$F$6<'Your debts'!$F$10),H19,0)+IF(AND('Your debts'!$F$7<>"",'Your debts'!$F$10<>"",'Your debts'!$F$7<'Your debts'!$F$10),M19,0)+IF(AND('Your debts'!$F$8<>"",'Your debts'!$F$10<>"",'Your debts'!$F$8<'Your debts'!$F$10),R19,0)+IF(AND('Your debts'!$F$9<>"",'Your debts'!$F$10<>"",'Your debts'!$F$9<'Your debts'!$F$10),W19,0)+IF(AND('Your debts'!$F$11<>"",'Your debts'!$F$10<>"",'Your debts'!$F$11<'Your debts'!$F$10),AG19,0)+IF(AND('Your debts'!$F$12<>"",'Your debts'!$F$10<>"",'Your debts'!$F$12<'Your debts'!$F$10),AL19,0)+IF(AND('Your debts'!$F$13<>"",'Your debts'!$F$10<>"",'Your debts'!$F$13<'Your debts'!$F$10),AQ19,0)+IF(AND('Your debts'!$F$14<>"",'Your debts'!$F$10<>"",'Your debts'!$F$14<'Your debts'!$F$10),AV19,0)+IF(AND('Your debts'!$F$15<>"",'Your debts'!$F$10<>"",'Your debts'!$F$15<'Your debts'!$F$10),BA19,0))))) | AD19: =AB19-AC19 | AE19: =IF(AI18<=0,0,ROUND(AI18*(1+'Your debts'!$D$11/1200),2)) | AF19: =IF(AE19<=0,0,MIN('Your debts'!$E$11,AE19)) | AG19: =AE19-AF19 | AH19: =IF('Your debts'!$F$11="",0,MIN(AG19,MAX(0,MAX(0,'Your debts'!$C$19-(G19+L19+Q19+V19+AA19+AF19+AK19+AP19+AU19+AZ19))-(IF(AND('Your debts'!$F$6<>"",'Your debts'!$F$11<>"",'Your debts'!$F$6<'Your debts'!$F$11),H19,0)+IF(AND('Your debts'!$F$7<>"",'Your debts'!$F$11<>"",'Your debts'!$F$7<'Your debts'!$F$11),M19,0)+IF(AND('Your debts'!$F$8<>"",'Your debts'!$F$11<>"",'Your debts'!$F$8<'Your debts'!$F$11),R19,0)+IF(AND('Your debts'!$F$9<>"",'Your debts'!$F$11<>"",'Your debts'!$F$9<'Your debts'!$F$11),W19,0)+IF(AND('Your debts'!$F$10<>"",'Your debts'!$F$11<>"",'Your debts'!$F$10<'Your debts'!$F$11),AB19,0)+IF(AND('Your debts'!$F$12<>"",'Your debts'!$F$11<>"",'Your debts'!$F$12<'Your debts'!$F$11),AL19,0)+IF(AND('Your debts'!$F$13<>"",'Your debts'!$F$11<>"",'Your debts'!$F$13<'Your debts'!$F$11),AQ19,0)+IF(AND('Your debts'!$F$14<>"",'Your debts'!$F$11<>"",'Your debts'!$F$14<'Your debts'!$F$11),AV19,0)+IF(AND('Your debts'!$F$15<>"",'Your debts'!$F$11<>"",'Your debts'!$F$15<'Your debts'!$F$11),BA19,0))))) | AI19: =AG19-AH19 | AJ19: =IF(AN18<=0,0,ROUND(AN18*(1+'Your debts'!$D$12/1200),2)) | AK19: =IF(AJ19<=0,0,MIN('Your debts'!$E$12,AJ19)) | AL19: =AJ19-AK19 | AM19: =IF('Your debts'!$F$12="",0,MIN(AL19,MAX(0,MAX(0,'Your debts'!$C$19-(G19+L19+Q19+V19+AA19+AF19+AK19+AP19+AU19+AZ19))-(IF(AND('Your debts'!$F$6<>"",'Your debts'!$F$12<>"",'Your debts'!$F$6<'Your debts'!$F$12),H19,0)+IF(AND('Your debts'!$F$7<>"",'Your debts'!$F$12<>"",'Your debts'!$F$7<'Your debts'!$F$12),M19,0)+IF(AND('Your debts'!$F$8<>"",'Your debts'!$F$12<>"",'Your debts'!$F$8<'Your debts'!$F$12),R19,0)+IF(AND('Your debts'!$F$9<>"",'Your debts'!$F$12<>"",'Your debts'!$F$9<'Your debts'!$F$12),W19,0)+IF(AND('Your debts'!$F$10<>"",'Your debts'!$F$12<>"",'Your debts'!$F$10<'Your debts'!$F$12),AB19,0)+IF(AND('Your debts'!$F$11<>"",'Your debts'!$F$12<>"",'Your debts'!$F$11<'Your debts'!$F$12),AG19,0)+IF(AND('Your debts'!$F$13<>"",'Your debts'!$F$12<>"",'Your debts'!$F$13<'Your debts'!$F$12),AQ19,0)+IF(AND('Your debts'!$F$14<>"",'Your debts'!$F$12<>"",'Your debts'!$F$14<'Your debts'!$F$12),AV19,0)+IF(AND('Your debts'!$F$15<>"",'Your debts'!$F$12<>"",'Your debts'!$F$15<'Your debts'!$F$12),BA19,0))))) | AN19: =AL19-AM19 | AO19: =IF(AS18<=0,0,ROUND(AS18*(1+'Your debts'!$D$13/1200),2)) | AP19: =IF(AO19<=0,0,MIN('Your debts'!$E$13,AO19)) | AQ19: =AO19-AP19 | AR19: =IF('Your debts'!$F$13="",0,MIN(AQ19,MAX(0,MAX(0,'Your debts'!$C$19-(G19+L19+Q19+V19+AA19+AF19+AK19+AP19+AU19+AZ19))-(IF(AND('Your debts'!$F$6<>"",'Your debts'!$F$13<>"",'Your debts'!$F$6<'Your debts'!$F$13),H19,0)+IF(AND('Your debts'!$F$7<>"",'Your debts'!$F$13<>"",'Your debts'!$F$7<'Your debts'!$F$13),M19,0)+IF(AND('Your debts'!$F$8<>"",'Your debts'!$F$13<>"",'Your debts'!$F$8<'Your debts'!$F$13),R19,0)+IF(AND('Your debts'!$F$9<>"",'Your debts'!$F$13<>"",'Your debts'!$F$9<'Your debts'!$F$13),W19,0)+IF(AND('Your debts'!$F$10<>"",'Your debts'!$F$13<>"",'Your debts'!$F$10<'Your debts'!$F$13),AB19,0)+IF(AND('Your debts'!$F$11<>"",'Your debts'!$F$13<>"",'Your debts'!$F$11<'Your debts'!$F$13),AG19,0)+IF(AND('Your debts'!$F$12<>"",'Your debts'!$F$13<>"",'Your debts'!$F$12<'Your debts'!$F$13),AL19,0)+IF(AND('Your debts'!$F$14<>"",'Your debts'!$F$13<>"",'Your debts'!$F$14<'Your debts'!$F$13),AV19,0)+IF(AND('Your debts'!$F$15<>"",'Your debts'!$F$13<>"",'Your debts'!$F$15<'Your debts'!$F$13),BA19,0))))) | AS19: =AQ19-AR19 | AT19: =IF(AX18<=0,0,ROUND(AX18*(1+'Your debts'!$D$14/1200),2)) | AU19: =IF(AT19<=0,0,MIN('Your debts'!$E$14,AT19)) | AV19: =AT19-AU19 | AW19: =IF('Your debts'!$F$14="",0,MIN(AV19,MAX(0,MAX(0,'Your debts'!$C$19-(G19+L19+Q19+V19+AA19+AF19+AK19+AP19+AU19+AZ19))-(IF(AND('Your debts'!$F$6<>"",'Your debts'!$F$14<>"",'Your debts'!$F$6<'Your debts'!$F$14),H19,0)+IF(AND('Your debts'!$F$7<>"",'Your debts'!$F$14<>"",'Your debts'!$F$7<'Your debts'!$F$14),M19,0)+IF(AND('Your debts'!$F$8<>"",'Your debts'!$F$14<>"",'Your debts'!$F$8<'Your debts'!$F$14),R19,0)+IF(AND('Your debts'!$F$9<>"",'Your debts'!$F$14<>"",'Your debts'!$F$9<'Your debts'!$F$14),W19,0)+IF(AND('Your debts'!$F$10<>"",'Your debts'!$F$14<>"",'Your debts'!$F$10<'Your debts'!$F$14),AB19,0)+IF(AND('Your debts'!$F$11<>"",'Your debts'!$F$14<>"",'Your debts'!$F$11<'Your debts'!$F$14),AG19,0)+IF(AND('Your debts'!$F$12<>"",'Your debts'!$F$14<>"",'Your debts'!$F$12<'Your debts'!$F$14),AL19,0)+IF(AND('Your debts'!$F$13<>"",'Your debts'!$F$14<>"",'Your debts'!$F$13<'Your debts'!$F$14),AQ19,0)+IF(AND('Your debts'!$F$15<>"",'Your debts'!$F$14<>"",'Your debts'!$F$15<'Your debts'!$F$14),BA19,0))))) | AX19: =AV19-AW19 | AY19: =IF(BC18<=0,0,ROUND(BC18*(1+'Your debts'!$D$15/1200),2)) | AZ19: =IF(AY19<=0,0,MIN('Your debts'!$E$15,AY19)) | BA19: =AY19-AZ19 | BB19: =IF('Your debts'!$F$15="",0,MIN(BA19,MAX(0,MAX(0,'Your debts'!$C$19-(G19+L19+Q19+V19+AA19+AF19+AK19+AP19+AU19+AZ19))-(IF(AND('Your debts'!$F$6<>"",'Your debts'!$F$15<>"",'Your debts'!$F$6<'Your debts'!$F$15),H19,0)+IF(AND('Your debts'!$F$7<>"",'Your debts'!$F$15<>"",'Your debts'!$F$7<'Your debts'!$F$15),M19,0)+IF(AND('Your debts'!$F$8<>"",'Your debts'!$F$15<>"",'Your debts'!$F$8<'Your debts'!$F$15),R19,0)+IF(AND('Your debts'!$F$9<>"",'Your debts'!$F$15<>"",'Your debts'!$F$9<'Your debts'!$F$15),W19,0)+IF(AND('Your debts'!$F$10<>"",'Your debts'!$F$15<>"",'Your debts'!$F$10<'Your debts'!$F$15),AB19,0)+IF(AND('Your debts'!$F$11<>"",'Your debts'!$F$15<>"",'Your debts'!$F$11<'Your debts'!$F$15),AG19,0)+IF(AND('Your debts'!$F$12<>"",'Your debts'!$F$15<>"",'Your debts'!$F$12<'Your debts'!$F$15),AL19,0)+IF(AND('Your debts'!$F$13<>"",'Your debts'!$F$15<>"",'Your debts'!$F$13<'Your debts'!$F$15),AQ19,0)+IF(AND('Your debts'!$F$14<>"",'Your debts'!$F$15<>"",'Your debts'!$F$14<'Your debts'!$F$15),AV19,0))))) | BC19: =BA19-BB19
A20: 5 | B20: =EDATE($B$15,5) | C20: =IF(J19<=0,0,F20-J19)+IF(O19<=0,0,K20-O19)+IF(T19<=0,0,P20-T19)+IF(Y19<=0,0,U20-Y19)+IF(AD19<=0,0,Z20-AD19)+IF(AI19<=0,0,AE20-AI19)+IF(AN19<=0,0,AJ20-AN19)+IF(AS19<=0,0,AO20-AS19)+IF(AX19<=0,0,AT20-AX19)+IF(BC19<=0,0,AY20-BC19) | D20: =G20+I20+L20+N20+Q20+S20+V20+X20+AA20+AC20+AF20+AH20+AK20+AM20+AP20+AR20+AU20+AW20+AZ20+BB20 | E20: =J20+O20+T20+Y20+AD20+AI20+AN20+AS20+AX20+BC20 | F20: =IF(J19<=0,0,ROUND(J19*(1+'Your debts'!$D$6/1200),2)) | G20: =IF(F20<=0,0,MIN('Your debts'!$E$6,F20)) | H20: =F20-G20 | I20: =IF('Your debts'!$F$6="",0,MIN(H20,MAX(0,MAX(0,'Your debts'!$C$19-(G20+L20+Q20+V20+AA20+AF20+AK20+AP20+AU20+AZ20))-(IF(AND('Your debts'!$F$7<>"",'Your debts'!$F$6<>"",'Your debts'!$F$7<'Your debts'!$F$6),M20,0)+IF(AND('Your debts'!$F$8<>"",'Your debts'!$F$6<>"",'Your debts'!$F$8<'Your debts'!$F$6),R20,0)+IF(AND('Your debts'!$F$9<>"",'Your debts'!$F$6<>"",'Your debts'!$F$9<'Your debts'!$F$6),W20,0)+IF(AND('Your debts'!$F$10<>"",'Your debts'!$F$6<>"",'Your debts'!$F$10<'Your debts'!$F$6),AB20,0)+IF(AND('Your debts'!$F$11<>"",'Your debts'!$F$6<>"",'Your debts'!$F$11<'Your debts'!$F$6),AG20,0)+IF(AND('Your debts'!$F$12<>"",'Your debts'!$F$6<>"",'Your debts'!$F$12<'Your debts'!$F$6),AL20,0)+IF(AND('Your debts'!$F$13<>"",'Your debts'!$F$6<>"",'Your debts'!$F$13<'Your debts'!$F$6),AQ20,0)+IF(AND('Your debts'!$F$14<>"",'Your debts'!$F$6<>"",'Your debts'!$F$14<'Your debts'!$F$6),AV20,0)+IF(AND('Your debts'!$F$15<>"",'Your debts'!$F$6<>"",'Your debts'!$F$15<'Your debts'!$F$6),BA20,0))))) | J20: =H20-I20 | K20: =IF(O19<=0,0,ROUND(O19*(1+'Your debts'!$D$7/1200),2)) | L20: =IF(K20<=0,0,MIN('Your debts'!$E$7,K20)) | M20: =K20-L20 | N20: =IF('Your debts'!$F$7="",0,MIN(M20,MAX(0,MAX(0,'Your debts'!$C$19-(G20+L20+Q20+V20+AA20+AF20+AK20+AP20+AU20+AZ20))-(IF(AND('Your debts'!$F$6<>"",'Your debts'!$F$7<>"",'Your debts'!$F$6<'Your debts'!$F$7),H20,0)+IF(AND('Your debts'!$F$8<>"",'Your debts'!$F$7<>"",'Your debts'!$F$8<'Your debts'!$F$7),R20,0)+IF(AND('Your debts'!$F$9<>"",'Your debts'!$F$7<>"",'Your debts'!$F$9<'Your debts'!$F$7),W20,0)+IF(AND('Your debts'!$F$10<>"",'Your debts'!$F$7<>"",'Your debts'!$F$10<'Your debts'!$F$7),AB20,0)+IF(AND('Your debts'!$F$11<>"",'Your debts'!$F$7<>"",'Your debts'!$F$11<'Your debts'!$F$7),AG20,0)+IF(AND('Your debts'!$F$12<>"",'Your debts'!$F$7<>"",'Your debts'!$F$12<'Your debts'!$F$7),AL20,0)+IF(AND('Your debts'!$F$13<>"",'Your debts'!$F$7<>"",'Your debts'!$F$13<'Your debts'!$F$7),AQ20,0)+IF(AND('Your debts'!$F$14<>"",'Your debts'!$F$7<>"",'Your debts'!$F$14<'Your debts'!$F$7),AV20,0)+IF(AND('Your debts'!$F$15<>"",'Your debts'!$F$7<>"",'Your debts'!$F$15<'Your debts'!$F$7),BA20,0))))) | O20: =M20-N20 | P20: =IF(T19<=0,0,ROUND(T19*(1+'Your debts'!$D$8/1200),2)) | Q20: =IF(P20<=0,0,MIN('Your debts'!$E$8,P20)) | R20: =P20-Q20 | S20: =IF('Your debts'!$F$8="",0,MIN(R20,MAX(0,MAX(0,'Your debts'!$C$19-(G20+L20+Q20+V20+AA20+AF20+AK20+AP20+AU20+AZ20))-(IF(AND('Your debts'!$F$6<>"",'Your debts'!$F$8<>"",'Your debts'!$F$6<'Your debts'!$F$8),H20,0)+IF(AND('Your debts'!$F$7<>"",'Your debts'!$F$8<>"",'Your debts'!$F$7<'Your debts'!$F$8),M20,0)+IF(AND('Your debts'!$F$9<>"",'Your debts'!$F$8<>"",'Your debts'!$F$9<'Your debts'!$F$8),W20,0)+IF(AND('Your debts'!$F$10<>"",'Your debts'!$F$8<>"",'Your debts'!$F$10<'Your debts'!$F$8),AB20,0)+IF(AND('Your debts'!$F$11<>"",'Your debts'!$F$8<>"",'Your debts'!$F$11<'Your debts'!$F$8),AG20,0)+IF(AND('Your debts'!$F$12<>"",'Your debts'!$F$8<>"",'Your debts'!$F$12<'Your debts'!$F$8),AL20,0)+IF(AND('Your debts'!$F$13<>"",'Your debts'!$F$8<>"",'Your debts'!$F$13<'Your debts'!$F$8),AQ20,0)+IF(AND('Your debts'!$F$14<>"",'Your debts'!$F$8<>"",'Your debts'!$F$14<'Your debts'!$F$8),AV20,0)+IF(AND('Your debts'!$F$15<>"",'Your debts'!$F$8<>"",'Your debts'!$F$15<'Your debts'!$F$8),BA20,0))))) | T20: =R20-S20 | U20: =IF(Y19<=0,0,ROUND(Y19*(1+'Your debts'!$D$9/1200),2)) | V20: =IF(U20<=0,0,MIN('Your debts'!$E$9,U20)) | W20: =U20-V20 | X20: =IF('Your debts'!$F$9="",0,MIN(W20,MAX(0,MAX(0,'Your debts'!$C$19-(G20+L20+Q20+V20+AA20+AF20+AK20+AP20+AU20+AZ20))-(IF(AND('Your debts'!$F$6<>"",'Your debts'!$F$9<>"",'Your debts'!$F$6<'Your debts'!$F$9),H20,0)+IF(AND('Your debts'!$F$7<>"",'Your debts'!$F$9<>"",'Your debts'!$F$7<'Your debts'!$F$9),M20,0)+IF(AND('Your debts'!$F$8<>"",'Your debts'!$F$9<>"",'Your debts'!$F$8<'Your debts'!$F$9),R20,0)+IF(AND('Your debts'!$F$10<>"",'Your debts'!$F$9<>"",'Your debts'!$F$10<'Your debts'!$F$9),AB20,0)+IF(AND('Your debts'!$F$11<>"",'Your debts'!$F$9<>"",'Your debts'!$F$11<'Your debts'!$F$9),AG20,0)+IF(AND('Your debts'!$F$12<>"",'Your debts'!$F$9<>"",'Your debts'!$F$12<'Your debts'!$F$9),AL20,0)+IF(AND('Your debts'!$F$13<>"",'Your debts'!$F$9<>"",'Your debts'!$F$13<'Your debts'!$F$9),AQ20,0)+IF(AND('Your debts'!$F$14<>"",'Your debts'!$F$9<>"",'Your debts'!$F$14<'Your debts'!$F$9),AV20,0)+IF(AND('Your debts'!$F$15<>"",'Your debts'!$F$9<>"",'Your debts'!$F$15<'Your debts'!$F$9),BA20,0))))) | Y20: =W20-X20 | Z20: =IF(AD19<=0,0,ROUND(AD19*(1+'Your debts'!$D$10/1200),2)) | AA20: =IF(Z20<=0,0,MIN('Your debts'!$E$10,Z20)) | AB20: =Z20-AA20 | AC20: =IF('Your debts'!$F$10="",0,MIN(AB20,MAX(0,MAX(0,'Your debts'!$C$19-(G20+L20+Q20+V20+AA20+AF20+AK20+AP20+AU20+AZ20))-(IF(AND('Your debts'!$F$6<>"",'Your debts'!$F$10<>"",'Your debts'!$F$6<'Your debts'!$F$10),H20,0)+IF(AND('Your debts'!$F$7<>"",'Your debts'!$F$10<>"",'Your debts'!$F$7<'Your debts'!$F$10),M20,0)+IF(AND('Your debts'!$F$8<>"",'Your debts'!$F$10<>"",'Your debts'!$F$8<'Your debts'!$F$10),R20,0)+IF(AND('Your debts'!$F$9<>"",'Your debts'!$F$10<>"",'Your debts'!$F$9<'Your debts'!$F$10),W20,0)+IF(AND('Your debts'!$F$11<>"",'Your debts'!$F$10<>"",'Your debts'!$F$11<'Your debts'!$F$10),AG20,0)+IF(AND('Your debts'!$F$12<>"",'Your debts'!$F$10<>"",'Your debts'!$F$12<'Your debts'!$F$10),AL20,0)+IF(AND('Your debts'!$F$13<>"",'Your debts'!$F$10<>"",'Your debts'!$F$13<'Your debts'!$F$10),AQ20,0)+IF(AND('Your debts'!$F$14<>"",'Your debts'!$F$10<>"",'Your debts'!$F$14<'Your debts'!$F$10),AV20,0)+IF(AND('Your debts'!$F$15<>"",'Your debts'!$F$10<>"",'Your debts'!$F$15<'Your debts'!$F$10),BA20,0))))) | AD20: =AB20-AC20 | AE20: =IF(AI19<=0,0,ROUND(AI19*(1+'Your debts'!$D$11/1200),2)) | AF20: =IF(AE20<=0,0,MIN('Your debts'!$E$11,AE20)) | AG20: =AE20-AF20 | AH20: =IF('Your debts'!$F$11="",0,MIN(AG20,MAX(0,MAX(0,'Your debts'!$C$19-(G20+L20+Q20+V20+AA20+AF20+AK20+AP20+AU20+AZ20))-(IF(AND('Your debts'!$F$6<>"",'Your debts'!$F$11<>"",'Your debts'!$F$6<'Your debts'!$F$11),H20,0)+IF(AND('Your debts'!$F$7<>"",'Your debts'!$F$11<>"",'Your debts'!$F$7<'Your debts'!$F$11),M20,0)+IF(AND('Your debts'!$F$8<>"",'Your debts'!$F$11<>"",'Your debts'!$F$8<'Your debts'!$F$11),R20,0)+IF(AND('Your debts'!$F$9<>"",'Your debts'!$F$11<>"",'Your debts'!$F$9<'Your debts'!$F$11),W20,0)+IF(AND('Your debts'!$F$10<>"",'Your debts'!$F$11<>"",'Your debts'!$F$10<'Your debts'!$F$11),AB20,0)+IF(AND('Your debts'!$F$12<>"",'Your debts'!$F$11<>"",'Your debts'!$F$12<'Your debts'!$F$11),AL20,0)+IF(AND('Your debts'!$F$13<>"",'Your debts'!$F$11<>"",'Your debts'!$F$13<'Your debts'!$F$11),AQ20,0)+IF(AND('Your debts'!$F$14<>"",'Your debts'!$F$11<>"",'Your debts'!$F$14<'Your debts'!$F$11),AV20,0)+IF(AND('Your debts'!$F$15<>"",'Your debts'!$F$11<>"",'Your debts'!$F$15<'Your debts'!$F$11),BA20,0))))) | AI20: =AG20-AH20 | AJ20: =IF(AN19<=0,0,ROUND(AN19*(1+'Your debts'!$D$12/1200),2)) | AK20: =IF(AJ20<=0,0,MIN('Your debts'!$E$12,AJ20)) | AL20: =AJ20-AK20 | AM20: =IF('Your debts'!$F$12="",0,MIN(AL20,MAX(0,MAX(0,'Your debts'!$C$19-(G20+L20+Q20+V20+AA20+AF20+AK20+AP20+AU20+AZ20))-(IF(AND('Your debts'!$F$6<>"",'Your debts'!$F$12<>"",'Your debts'!$F$6<'Your debts'!$F$12),H20,0)+IF(AND('Your debts'!$F$7<>"",'Your debts'!$F$12<>"",'Your debts'!$F$7<'Your debts'!$F$12),M20,0)+IF(AND('Your debts'!$F$8<>"",'Your debts'!$F$12<>"",'Your debts'!$F$8<'Your debts'!$F$12),R20,0)+IF(AND('Your debts'!$F$9<>"",'Your debts'!$F$12<>"",'Your debts'!$F$9<'Your debts'!$F$12),W20,0)+IF(AND('Your debts'!$F$10<>"",'Your debts'!$F$12<>"",'Your debts'!$F$10<'Your debts'!$F$12),AB20,0)+IF(AND('Your debts'!$F$11<>"",'Your debts'!$F$12<>"",'Your debts'!$F$11<'Your debts'!$F$12),AG20,0)+IF(AND('Your debts'!$F$13<>"",'Your debts'!$F$12<>"",'Your debts'!$F$13<'Your debts'!$F$12),AQ20,0)+IF(AND('Your debts'!$F$14<>"",'Your debts'!$F$12<>"",'Your debts'!$F$14<'Your debts'!$F$12),AV20,0)+IF(AND('Your debts'!$F$15<>"",'Your debts'!$F$12<>"",'Your debts'!$F$15<'Your debts'!$F$12),BA20,0))))) | AN20: =AL20-AM20 | AO20: =IF(AS19<=0,0,ROUND(AS19*(1+'Your debts'!$D$13/1200),2)) | AP20: =IF(AO20<=0,0,MIN('Your debts'!$E$13,AO20)) | AQ20: =AO20-AP20 | AR20: =IF('Your debts'!$F$13="",0,MIN(AQ20,MAX(0,MAX(0,'Your debts'!$C$19-(G20+L20+Q20+V20+AA20+AF20+AK20+AP20+AU20+AZ20))-(IF(AND('Your debts'!$F$6<>"",'Your debts'!$F$13<>"",'Your debts'!$F$6<'Your debts'!$F$13),H20,0)+IF(AND('Your debts'!$F$7<>"",'Your debts'!$F$13<>"",'Your debts'!$F$7<'Your debts'!$F$13),M20,0)+IF(AND('Your debts'!$F$8<>"",'Your debts'!$F$13<>"",'Your debts'!$F$8<'Your debts'!$F$13),R20,0)+IF(AND('Your debts'!$F$9<>"",'Your debts'!$F$13<>"",'Your debts'!$F$9<'Your debts'!$F$13),W20,0)+IF(AND('Your debts'!$F$10<>"",'Your debts'!$F$13<>"",'Your debts'!$F$10<'Your debts'!$F$13),AB20,0)+IF(AND('Your debts'!$F$11<>"",'Your debts'!$F$13<>"",'Your debts'!$F$11<'Your debts'!$F$13),AG20,0)+IF(AND('Your debts'!$F$12<>"",'Your debts'!$F$13<>"",'Your debts'!$F$12<'Your debts'!$F$13),AL20,0)+IF(AND('Your debts'!$F$14<>"",'Your debts'!$F$13<>"",'Your debts'!$F$14<'Your debts'!$F$13),AV20,0)+IF(AND('Your debts'!$F$15<>"",'Your debts'!$F$13<>"",'Your debts'!$F$15<'Your debts'!$F$13),BA20,0))))) | AS20: =AQ20-AR20 | AT20: =IF(AX19<=0,0,ROUND(AX19*(1+'Your debts'!$D$14/1200),2)) | AU20: =IF(AT20<=0,0,MIN('Your debts'!$E$14,AT20)) | AV20: =AT20-AU20 | AW20: =IF('Your debts'!$F$14="",0,MIN(AV20,MAX(0,MAX(0,'Your debts'!$C$19-(G20+L20+Q20+V20+AA20+AF20+AK20+AP20+AU20+AZ20))-(IF(AND('Your debts'!$F$6<>"",'Your debts'!$F$14<>"",'Your debts'!$F$6<'Your debts'!$F$14),H20,0)+IF(AND('Your debts'!$F$7<>"",'Your debts'!$F$14<>"",'Your debts'!$F$7<'Your debts'!$F$14),M20,0)+IF(AND('Your debts'!$F$8<>"",'Your debts'!$F$14<>"",'Your debts'!$F$8<'Your debts'!$F$14),R20,0)+IF(AND('Your debts'!$F$9<>"",'Your debts'!$F$14<>"",'Your debts'!$F$9<'Your debts'!$F$14),W20,0)+IF(AND('Your debts'!$F$10<>"",'Your debts'!$F$14<>"",'Your debts'!$F$10<'Your debts'!$F$14),AB20,0)+IF(AND('Your debts'!$F$11<>"",'Your debts'!$F$14<>"",'Your debts'!$F$11<'Your debts'!$F$14),AG20,0)+IF(AND('Your debts'!$F$12<>"",'Your debts'!$F$14<>"",'Your debts'!$F$12<'Your debts'!$F$14),AL20,0)+IF(AND('Your debts'!$F$13<>"",'Your debts'!$F$14<>"",'Your debts'!$F$13<'Your debts'!$F$14),AQ20,0)+IF(AND('Your debts'!$F$15<>"",'Your debts'!$F$14<>"",'Your debts'!$F$15<'Your debts'!$F$14),BA20,0))))) | AX20: =AV20-AW20 | AY20: =IF(BC19<=0,0,ROUND(BC19*(1+'Your debts'!$D$15/1200),2)) | AZ20: =IF(AY20<=0,0,MIN('Your debts'!$E$15,AY20)) | BA20: =AY20-AZ20 | BB20: =IF('Your debts'!$F$15="",0,MIN(BA20,MAX(0,MAX(0,'Your debts'!$C$19-(G20+L20+Q20+V20+AA20+AF20+AK20+AP20+AU20+AZ20))-(IF(AND('Your debts'!$F$6<>"",'Your debts'!$F$15<>"",'Your debts'!$F$6<'Your debts'!$F$15),H20,0)+IF(AND('Your debts'!$F$7<>"",'Your debts'!$F$15<>"",'Your debts'!$F$7<'Your debts'!$F$15),M20,0)+IF(AND('Your debts'!$F$8<>"",'Your debts'!$F$15<>"",'Your debts'!$F$8<'Your debts'!$F$15),R20,0)+IF(AND('Your debts'!$F$9<>"",'Your debts'!$F$15<>"",'Your debts'!$F$9<'Your debts'!$F$15),W20,0)+IF(AND('Your debts'!$F$10<>"",'Your debts'!$F$15<>"",'Your debts'!$F$10<'Your debts'!$F$15),AB20,0)+IF(AND('Your debts'!$F$11<>"",'Your debts'!$F$15<>"",'Your debts'!$F$11<'Your debts'!$F$15),AG20,0)+IF(AND('Your debts'!$F$12<>"",'Your debts'!$F$15<>"",'Your debts'!$F$12<'Your debts'!$F$15),AL20,0)+IF(AND('Your debts'!$F$13<>"",'Your debts'!$F$15<>"",'Your debts'!$F$13<'Your debts'!$F$15),AQ20,0)+IF(AND('Your debts'!$F$14<>"",'Your debts'!$F$15<>"",'Your debts'!$F$14<'Your debts'!$F$15),AV20,0))))) | BC20: =BA20-BB20
A21: 6 | B21: =EDATE($B$15,6) | C21: =IF(J20<=0,0,F21-J20)+IF(O20<=0,0,K21-O20)+IF(T20<=0,0,P21-T20)+IF(Y20<=0,0,U21-Y20)+IF(AD20<=0,0,Z21-AD20)+IF(AI20<=0,0,AE21-AI20)+IF(AN20<=0,0,AJ21-AN20)+IF(AS20<=0,0,AO21-AS20)+IF(AX20<=0,0,AT21-AX20)+IF(BC20<=0,0,AY21-BC20) | D21: =G21+I21+L21+N21+Q21+S21+V21+X21+AA21+AC21+AF21+AH21+AK21+AM21+AP21+AR21+AU21+AW21+AZ21+BB21 | E21: =J21+O21+T21+Y21+AD21+AI21+AN21+AS21+AX21+BC21 | F21: =IF(J20<=0,0,ROUND(J20*(1+'Your debts'!$D$6/1200),2)) | G21: =IF(F21<=0,0,MIN('Your debts'!$E$6,F21)) | H21: =F21-G21 | I21: =IF('Your debts'!$F$6="",0,MIN(H21,MAX(0,MAX(0,'Your debts'!$C$19-(G21+L21+Q21+V21+AA21+AF21+AK21+AP21+AU21+AZ21))-(IF(AND('Your debts'!$F$7<>"",'Your debts'!$F$6<>"",'Your debts'!$F$7<'Your debts'!$F$6),M21,0)+IF(AND('Your debts'!$F$8<>"",'Your debts'!$F$6<>"",'Your debts'!$F$8<'Your debts'!$F$6),R21,0)+IF(AND('Your debts'!$F$9<>"",'Your debts'!$F$6<>"",'Your debts'!$F$9<'Your debts'!$F$6),W21,0)+IF(AND('Your debts'!$F$10<>"",'Your debts'!$F$6<>"",'Your debts'!$F$10<'Your debts'!$F$6),AB21,0)+IF(AND('Your debts'!$F$11<>"",'Your debts'!$F$6<>"",'Your debts'!$F$11<'Your debts'!$F$6),AG21,0)+IF(AND('Your debts'!$F$12<>"",'Your debts'!$F$6<>"",'Your debts'!$F$12<'Your debts'!$F$6),AL21,0)+IF(AND('Your debts'!$F$13<>"",'Your debts'!$F$6<>"",'Your debts'!$F$13<'Your debts'!$F$6),AQ21,0)+IF(AND('Your debts'!$F$14<>"",'Your debts'!$F$6<>"",'Your debts'!$F$14<'Your debts'!$F$6),AV21,0)+IF(AND('Your debts'!$F$15<>"",'Your debts'!$F$6<>"",'Your debts'!$F$15<'Your debts'!$F$6),BA21,0))))) | J21: =H21-I21 | K21: =IF(O20<=0,0,ROUND(O20*(1+'Your debts'!$D$7/1200),2)) | L21: =IF(K21<=0,0,MIN('Your debts'!$E$7,K21)) | M21: =K21-L21 | N21: =IF('Your debts'!$F$7="",0,MIN(M21,MAX(0,MAX(0,'Your debts'!$C$19-(G21+L21+Q21+V21+AA21+AF21+AK21+AP21+AU21+AZ21))-(IF(AND('Your debts'!$F$6<>"",'Your debts'!$F$7<>"",'Your debts'!$F$6<'Your debts'!$F$7),H21,0)+IF(AND('Your debts'!$F$8<>"",'Your debts'!$F$7<>"",'Your debts'!$F$8<'Your debts'!$F$7),R21,0)+IF(AND('Your debts'!$F$9<>"",'Your debts'!$F$7<>"",'Your debts'!$F$9<'Your debts'!$F$7),W21,0)+IF(AND('Your debts'!$F$10<>"",'Your debts'!$F$7<>"",'Your debts'!$F$10<'Your debts'!$F$7),AB21,0)+IF(AND('Your debts'!$F$11<>"",'Your debts'!$F$7<>"",'Your debts'!$F$11<'Your debts'!$F$7),AG21,0)+IF(AND('Your debts'!$F$12<>"",'Your debts'!$F$7<>"",'Your debts'!$F$12<'Your debts'!$F$7),AL21,0)+IF(AND('Your debts'!$F$13<>"",'Your debts'!$F$7<>"",'Your debts'!$F$13<'Your debts'!$F$7),AQ21,0)+IF(AND('Your debts'!$F$14<>"",'Your debts'!$F$7<>"",'Your debts'!$F$14<'Your debts'!$F$7),AV21,0)+IF(AND('Your debts'!$F$15<>"",'Your debts'!$F$7<>"",'Your debts'!$F$15<'Your debts'!$F$7),BA21,0))))) | O21: =M21-N21 | P21: =IF(T20<=0,0,ROUND(T20*(1+'Your debts'!$D$8/1200),2)) | Q21: =IF(P21<=0,0,MIN('Your debts'!$E$8,P21)) | R21: =P21-Q21 | S21: =IF('Your debts'!$F$8="",0,MIN(R21,MAX(0,MAX(0,'Your debts'!$C$19-(G21+L21+Q21+V21+AA21+AF21+AK21+AP21+AU21+AZ21))-(IF(AND('Your debts'!$F$6<>"",'Your debts'!$F$8<>"",'Your debts'!$F$6<'Your debts'!$F$8),H21,0)+IF(AND('Your debts'!$F$7<>"",'Your debts'!$F$8<>"",'Your debts'!$F$7<'Your debts'!$F$8),M21,0)+IF(AND('Your debts'!$F$9<>"",'Your debts'!$F$8<>"",'Your debts'!$F$9<'Your debts'!$F$8),W21,0)+IF(AND('Your debts'!$F$10<>"",'Your debts'!$F$8<>"",'Your debts'!$F$10<'Your debts'!$F$8),AB21,0)+IF(AND('Your debts'!$F$11<>"",'Your debts'!$F$8<>"",'Your debts'!$F$11<'Your debts'!$F$8),AG21,0)+IF(AND('Your debts'!$F$12<>"",'Your debts'!$F$8<>"",'Your debts'!$F$12<'Your debts'!$F$8),AL21,0)+IF(AND('Your debts'!$F$13<>"",'Your debts'!$F$8<>"",'Your debts'!$F$13<'Your debts'!$F$8),AQ21,0)+IF(AND('Your debts'!$F$14<>"",'Your debts'!$F$8<>"",'Your debts'!$F$14<'Your debts'!$F$8),AV21,0)+IF(AND('Your debts'!$F$15<>"",'Your debts'!$F$8<>"",'Your debts'!$F$15<'Your debts'!$F$8),BA21,0))))) | T21: =R21-S21 | U21: =IF(Y20<=0,0,ROUND(Y20*(1+'Your debts'!$D$9/1200),2)) | V21: =IF(U21<=0,0,MIN('Your debts'!$E$9,U21)) | W21: =U21-V21 | X21: =IF('Your debts'!$F$9="",0,MIN(W21,MAX(0,MAX(0,'Your debts'!$C$19-(G21+L21+Q21+V21+AA21+AF21+AK21+AP21+AU21+AZ21))-(IF(AND('Your debts'!$F$6<>"",'Your debts'!$F$9<>"",'Your debts'!$F$6<'Your debts'!$F$9),H21,0)+IF(AND('Your debts'!$F$7<>"",'Your debts'!$F$9<>"",'Your debts'!$F$7<'Your debts'!$F$9),M21,0)+IF(AND('Your debts'!$F$8<>"",'Your debts'!$F$9<>"",'Your debts'!$F$8<'Your debts'!$F$9),R21,0)+IF(AND('Your debts'!$F$10<>"",'Your debts'!$F$9<>"",'Your debts'!$F$10<'Your debts'!$F$9),AB21,0)+IF(AND('Your debts'!$F$11<>"",'Your debts'!$F$9<>"",'Your debts'!$F$11<'Your debts'!$F$9),AG21,0)+IF(AND('Your debts'!$F$12<>"",'Your debts'!$F$9<>"",'Your debts'!$F$12<'Your debts'!$F$9),AL21,0)+IF(AND('Your debts'!$F$13<>"",'Your debts'!$F$9<>"",'Your debts'!$F$13<'Your debts'!$F$9),AQ21,0)+IF(AND('Your debts'!$F$14<>"",'Your debts'!$F$9<>"",'Your debts'!$F$14<'Your debts'!$F$9),AV21,0)+IF(AND('Your debts'!$F$15<>"",'Your debts'!$F$9<>"",'Your debts'!$F$15<'Your debts'!$F$9),BA21,0))))) | Y21: =W21-X21 | Z21: =IF(AD20<=0,0,ROUND(AD20*(1+'Your debts'!$D$10/1200),2)) | AA21: =IF(Z21<=0,0,MIN('Your debts'!$E$10,Z21)) | AB21: =Z21-AA21 | AC21: =IF('Your debts'!$F$10="",0,MIN(AB21,MAX(0,MAX(0,'Your debts'!$C$19-(G21+L21+Q21+V21+AA21+AF21+AK21+AP21+AU21+AZ21))-(IF(AND('Your debts'!$F$6<>"",'Your debts'!$F$10<>"",'Your debts'!$F$6<'Your debts'!$F$10),H21,0)+IF(AND('Your debts'!$F$7<>"",'Your debts'!$F$10<>"",'Your debts'!$F$7<'Your debts'!$F$10),M21,0)+IF(AND('Your debts'!$F$8<>"",'Your debts'!$F$10<>"",'Your debts'!$F$8<'Your debts'!$F$10),R21,0)+IF(AND('Your debts'!$F$9<>"",'Your debts'!$F$10<>"",'Your debts'!$F$9<'Your debts'!$F$10),W21,0)+IF(AND('Your debts'!$F$11<>"",'Your debts'!$F$10<>"",'Your debts'!$F$11<'Your debts'!$F$10),AG21,0)+IF(AND('Your debts'!$F$12<>"",'Your debts'!$F$10<>"",'Your debts'!$F$12<'Your debts'!$F$10),AL21,0)+IF(AND('Your debts'!$F$13<>"",'Your debts'!$F$10<>"",'Your debts'!$F$13<'Your debts'!$F$10),AQ21,0)+IF(AND('Your debts'!$F$14<>"",'Your debts'!$F$10<>"",'Your debts'!$F$14<'Your debts'!$F$10),AV21,0)+IF(AND('Your debts'!$F$15<>"",'Your debts'!$F$10<>"",'Your debts'!$F$15<'Your debts'!$F$10),BA21,0))))) | AD21: =AB21-AC21 | AE21: =IF(AI20<=0,0,ROUND(AI20*(1+'Your debts'!$D$11/1200),2)) | AF21: =IF(AE21<=0,0,MIN('Your debts'!$E$11,AE21)) | AG21: =AE21-AF21 | AH21: =IF('Your debts'!$F$11="",0,MIN(AG21,MAX(0,MAX(0,'Your debts'!$C$19-(G21+L21+Q21+V21+AA21+AF21+AK21+AP21+AU21+AZ21))-(IF(AND('Your debts'!$F$6<>"",'Your debts'!$F$11<>"",'Your debts'!$F$6<'Your debts'!$F$11),H21,0)+IF(AND('Your debts'!$F$7<>"",'Your debts'!$F$11<>"",'Your debts'!$F$7<'Your debts'!$F$11),M21,0)+IF(AND('Your debts'!$F$8<>"",'Your debts'!$F$11<>"",'Your debts'!$F$8<'Your debts'!$F$11),R21,0)+IF(AND('Your debts'!$F$9<>"",'Your debts'!$F$11<>"",'Your debts'!$F$9<'Your debts'!$F$11),W21,0)+IF(AND('Your debts'!$F$10<>"",'Your debts'!$F$11<>"",'Your debts'!$F$10<'Your debts'!$F$11),AB21,0)+IF(AND('Your debts'!$F$12<>"",'Your debts'!$F$11<>"",'Your debts'!$F$12<'Your debts'!$F$11),AL21,0)+IF(AND('Your debts'!$F$13<>"",'Your debts'!$F$11<>"",'Your debts'!$F$13<'Your debts'!$F$11),AQ21,0)+IF(AND('Your debts'!$F$14<>"",'Your debts'!$F$11<>"",'Your debts'!$F$14<'Your debts'!$F$11),AV21,0)+IF(AND('Your debts'!$F$15<>"",'Your debts'!$F$11<>"",'Your debts'!$F$15<'Your debts'!$F$11),BA21,0))))) | AI21: =AG21-AH21 | AJ21: =IF(AN20<=0,0,ROUND(AN20*(1+'Your debts'!$D$12/1200),2)) | AK21: =IF(AJ21<=0,0,MIN('Your debts'!$E$12,AJ21)) | AL21: =AJ21-AK21 | AM21: =IF('Your debts'!$F$12="",0,MIN(AL21,MAX(0,MAX(0,'Your debts'!$C$19-(G21+L21+Q21+V21+AA21+AF21+AK21+AP21+AU21+AZ21))-(IF(AND('Your debts'!$F$6<>"",'Your debts'!$F$12<>"",'Your debts'!$F$6<'Your debts'!$F$12),H21,0)+IF(AND('Your debts'!$F$7<>"",'Your debts'!$F$12<>"",'Your debts'!$F$7<'Your debts'!$F$12),M21,0)+IF(AND('Your debts'!$F$8<>"",'Your debts'!$F$12<>"",'Your debts'!$F$8<'Your debts'!$F$12),R21,0)+IF(AND('Your debts'!$F$9<>"",'Your debts'!$F$12<>"",'Your debts'!$F$9<'Your debts'!$F$12),W21,0)+IF(AND('Your debts'!$F$10<>"",'Your debts'!$F$12<>"",'Your debts'!$F$10<'Your debts'!$F$12),AB21,0)+IF(AND('Your debts'!$F$11<>"",'Your debts'!$F$12<>"",'Your debts'!$F$11<'Your debts'!$F$12),AG21,0)+IF(AND('Your debts'!$F$13<>"",'Your debts'!$F$12<>"",'Your debts'!$F$13<'Your debts'!$F$12),AQ21,0)+IF(AND('Your debts'!$F$14<>"",'Your debts'!$F$12<>"",'Your debts'!$F$14<'Your debts'!$F$12),AV21,0)+IF(AND('Your debts'!$F$15<>"",'Your debts'!$F$12<>"",'Your debts'!$F$15<'Your debts'!$F$12),BA21,0))))) | AN21: =AL21-AM21 | AO21: =IF(AS20<=0,0,ROUND(AS20*(1+'Your debts'!$D$13/1200),2)) | AP21: =IF(AO21<=0,0,MIN('Your debts'!$E$13,AO21)) | AQ21: =AO21-AP21 | AR21: =IF('Your debts'!$F$13="",0,MIN(AQ21,MAX(0,MAX(0,'Your debts'!$C$19-(G21+L21+Q21+V21+AA21+AF21+AK21+AP21+AU21+AZ21))-(IF(AND('Your debts'!$F$6<>"",'Your debts'!$F$13<>"",'Your debts'!$F$6<'Your debts'!$F$13),H21,0)+IF(AND('Your debts'!$F$7<>"",'Your debts'!$F$13<>"",'Your debts'!$F$7<'Your debts'!$F$13),M21,0)+IF(AND('Your debts'!$F$8<>"",'Your debts'!$F$13<>"",'Your debts'!$F$8<'Your debts'!$F$13),R21,0)+IF(AND('Your debts'!$F$9<>"",'Your debts'!$F$13<>"",'Your debts'!$F$9<'Your debts'!$F$13),W21,0)+IF(AND('Your debts'!$F$10<>"",'Your debts'!$F$13<>"",'Your debts'!$F$10<'Your debts'!$F$13),AB21,0)+IF(AND('Your debts'!$F$11<>"",'Your debts'!$F$13<>"",'Your debts'!$F$11<'Your debts'!$F$13),AG21,0)+IF(AND('Your debts'!$F$12<>"",'Your debts'!$F$13<>"",'Your debts'!$F$12<'Your debts'!$F$13),AL21,0)+IF(AND('Your debts'!$F$14<>"",'Your debts'!$F$13<>"",'Your debts'!$F$14<'Your debts'!$F$13),AV21,0)+IF(AND('Your debts'!$F$15<>"",'Your debts'!$F$13<>"",'Your debts'!$F$15<'Your debts'!$F$13),BA21,0))))) | AS21: =AQ21-AR21 | AT21: =IF(AX20<=0,0,ROUND(AX20*(1+'Your debts'!$D$14/1200),2)) | AU21: =IF(AT21<=0,0,MIN('Your debts'!$E$14,AT21)) | AV21: =AT21-AU21 | AW21: =IF('Your debts'!$F$14="",0,MIN(AV21,MAX(0,MAX(0,'Your debts'!$C$19-(G21+L21+Q21+V21+AA21+AF21+AK21+AP21+AU21+AZ21))-(IF(AND('Your debts'!$F$6<>"",'Your debts'!$F$14<>"",'Your debts'!$F$6<'Your debts'!$F$14),H21,0)+IF(AND('Your debts'!$F$7<>"",'Your debts'!$F$14<>"",'Your debts'!$F$7<'Your debts'!$F$14),M21,0)+IF(AND('Your debts'!$F$8<>"",'Your debts'!$F$14<>"",'Your debts'!$F$8<'Your debts'!$F$14),R21,0)+IF(AND('Your debts'!$F$9<>"",'Your debts'!$F$14<>"",'Your debts'!$F$9<'Your debts'!$F$14),W21,0)+IF(AND('Your debts'!$F$10<>"",'Your debts'!$F$14<>"",'Your debts'!$F$10<'Your debts'!$F$14),AB21,0)+IF(AND('Your debts'!$F$11<>"",'Your debts'!$F$14<>"",'Your debts'!$F$11<'Your debts'!$F$14),AG21,0)+IF(AND('Your debts'!$F$12<>"",'Your debts'!$F$14<>"",'Your debts'!$F$12<'Your debts'!$F$14),AL21,0)+IF(AND('Your debts'!$F$13<>"",'Your debts'!$F$14<>"",'Your debts'!$F$13<'Your debts'!$F$14),AQ21,0)+IF(AND('Your debts'!$F$15<>"",'Your debts'!$F$14<>"",'Your debts'!$F$15<'Your debts'!$F$14),BA21,0))))) | AX21: =AV21-AW21 | AY21: =IF(BC20<=0,0,ROUND(BC20*(1+'Your debts'!$D$15/1200),2)) | AZ21: =IF(AY21<=0,0,MIN('Your debts'!$E$15,AY21)) | BA21: =AY21-AZ21 | BB21: =IF('Your debts'!$F$15="",0,MIN(BA21,MAX(0,MAX(0,'Your debts'!$C$19-(G21+L21+Q21+V21+AA21+AF21+AK21+AP21+AU21+AZ21))-(IF(AND('Your debts'!$F$6<>"",'Your debts'!$F$15<>"",'Your debts'!$F$6<'Your debts'!$F$15),H21,0)+IF(AND('Your debts'!$F$7<>"",'Your debts'!$F$15<>"",'Your debts'!$F$7<'Your debts'!$F$15),M21,0)+IF(AND('Your debts'!$F$8<>"",'Your debts'!$F$15<>"",'Your debts'!$F$8<'Your debts'!$F$15),R21,0)+IF(AND('Your debts'!$F$9<>"",'Your debts'!$F$15<>"",'Your debts'!$F$9<'Your debts'!$F$15),W21,0)+IF(AND('Your debts'!$F$10<>"",'Your debts'!$F$15<>"",'Your debts'!$F$10<'Your debts'!$F$15),AB21,0)+IF(AND('Your debts'!$F$11<>"",'Your debts'!$F$15<>"",'Your debts'!$F$11<'Your debts'!$F$15),AG21,0)+IF(AND('Your debts'!$F$12<>"",'Your debts'!$F$15<>"",'Your debts'!$F$12<'Your debts'!$F$15),AL21,0)+IF(AND('Your debts'!$F$13<>"",'Your debts'!$F$15<>"",'Your debts'!$F$13<'Your debts'!$F$15),AQ21,0)+IF(AND('Your debts'!$F$14<>"",'Your debts'!$F$15<>"",'Your debts'!$F$14<'Your debts'!$F$15),AV21,0))))) | BC21: =BA21-BB21
A22: 7 | B22: =EDATE($B$15,7) | C22: =IF(J21<=0,0,F22-J21)+IF(O21<=0,0,K22-O21)+IF(T21<=0,0,P22-T21)+IF(Y21<=0,0,U22-Y21)+IF(AD21<=0,0,Z22-AD21)+IF(AI21<=0,0,AE22-AI21)+IF(AN21<=0,0,AJ22-AN21)+IF(AS21<=0,0,AO22-AS21)+IF(AX21<=0,0,AT22-AX21)+IF(BC21<=0,0,AY22-BC21) | D22: =G22+I22+L22+N22+Q22+S22+V22+X22+AA22+AC22+AF22+AH22+AK22+AM22+AP22+AR22+AU22+AW22+AZ22+BB22 | E22: =J22+O22+T22+Y22+AD22+AI22+AN22+AS22+AX22+BC22 | F22: =IF(J21<=0,0,ROUND(J21*(1+'Your debts'!$D$6/1200),2)) | G22: =IF(F22<=0,0,MIN('Your debts'!$E$6,F22)) | H22: =F22-G22 | I22: =IF('Your debts'!$F$6="",0,MIN(H22,MAX(0,MAX(0,'Your debts'!$C$19-(G22+L22+Q22+V22+AA22+AF22+AK22+AP22+AU22+AZ22))-(IF(AND('Your debts'!$F$7<>"",'Your debts'!$F$6<>"",'Your debts'!$F$7<'Your debts'!$F$6),M22,0)+IF(AND('Your debts'!$F$8<>"",'Your debts'!$F$6<>"",'Your debts'!$F$8<'Your debts'!$F$6),R22,0)+IF(AND('Your debts'!$F$9<>"",'Your debts'!$F$6<>"",'Your debts'!$F$9<'Your debts'!$F$6),W22,0)+IF(AND('Your debts'!$F$10<>"",'Your debts'!$F$6<>"",'Your debts'!$F$10<'Your debts'!$F$6),AB22,0)+IF(AND('Your debts'!$F$11<>"",'Your debts'!$F$6<>"",'Your debts'!$F$11<'Your debts'!$F$6),AG22,0)+IF(AND('Your debts'!$F$12<>"",'Your debts'!$F$6<>"",'Your debts'!$F$12<'Your debts'!$F$6),AL22,0)+IF(AND('Your debts'!$F$13<>"",'Your debts'!$F$6<>"",'Your debts'!$F$13<'Your debts'!$F$6),AQ22,0)+IF(AND('Your debts'!$F$14<>"",'Your debts'!$F$6<>"",'Your debts'!$F$14<'Your debts'!$F$6),AV22,0)+IF(AND('Your debts'!$F$15<>"",'Your debts'!$F$6<>"",'Your debts'!$F$15<'Your debts'!$F$6),BA22,0))))) | J22: =H22-I22 | K22: =IF(O21<=0,0,ROUND(O21*(1+'Your debts'!$D$7/1200),2)) | L22: =IF(K22<=0,0,MIN('Your debts'!$E$7,K22)) | M22: =K22-L22 | N22: =IF('Your debts'!$F$7="",0,MIN(M22,MAX(0,MAX(0,'Your debts'!$C$19-(G22+L22+Q22+V22+AA22+AF22+AK22+AP22+AU22+AZ22))-(IF(AND('Your debts'!$F$6<>"",'Your debts'!$F$7<>"",'Your debts'!$F$6<'Your debts'!$F$7),H22,0)+IF(AND('Your debts'!$F$8<>"",'Your debts'!$F$7<>"",'Your debts'!$F$8<'Your debts'!$F$7),R22,0)+IF(AND('Your debts'!$F$9<>"",'Your debts'!$F$7<>"",'Your debts'!$F$9<'Your debts'!$F$7),W22,0)+IF(AND('Your debts'!$F$10<>"",'Your debts'!$F$7<>"",'Your debts'!$F$10<'Your debts'!$F$7),AB22,0)+IF(AND('Your debts'!$F$11<>"",'Your debts'!$F$7<>"",'Your debts'!$F$11<'Your debts'!$F$7),AG22,0)+IF(AND('Your debts'!$F$12<>"",'Your debts'!$F$7<>"",'Your debts'!$F$12<'Your debts'!$F$7),AL22,0)+IF(AND('Your debts'!$F$13<>"",'Your debts'!$F$7<>"",'Your debts'!$F$13<'Your debts'!$F$7),AQ22,0)+IF(AND('Your debts'!$F$14<>"",'Your debts'!$F$7<>"",'Your debts'!$F$14<'Your debts'!$F$7),AV22,0)+IF(AND('Your debts'!$F$15<>"",'Your debts'!$F$7<>"",'Your debts'!$F$15<'Your debts'!$F$7),BA22,0))))) | O22: =M22-N22 | P22: =IF(T21<=0,0,ROUND(T21*(1+'Your debts'!$D$8/1200),2)) | Q22: =IF(P22<=0,0,MIN('Your debts'!$E$8,P22)) | R22: =P22-Q22 | S22: =IF('Your debts'!$F$8="",0,MIN(R22,MAX(0,MAX(0,'Your debts'!$C$19-(G22+L22+Q22+V22+AA22+AF22+AK22+AP22+AU22+AZ22))-(IF(AND('Your debts'!$F$6<>"",'Your debts'!$F$8<>"",'Your debts'!$F$6<'Your debts'!$F$8),H22,0)+IF(AND('Your debts'!$F$7<>"",'Your debts'!$F$8<>"",'Your debts'!$F$7<'Your debts'!$F$8),M22,0)+IF(AND('Your debts'!$F$9<>"",'Your debts'!$F$8<>"",'Your debts'!$F$9<'Your debts'!$F$8),W22,0)+IF(AND('Your debts'!$F$10<>"",'Your debts'!$F$8<>"",'Your debts'!$F$10<'Your debts'!$F$8),AB22,0)+IF(AND('Your debts'!$F$11<>"",'Your debts'!$F$8<>"",'Your debts'!$F$11<'Your debts'!$F$8),AG22,0)+IF(AND('Your debts'!$F$12<>"",'Your debts'!$F$8<>"",'Your debts'!$F$12<'Your debts'!$F$8),AL22,0)+IF(AND('Your debts'!$F$13<>"",'Your debts'!$F$8<>"",'Your debts'!$F$13<'Your debts'!$F$8),AQ22,0)+IF(AND('Your debts'!$F$14<>"",'Your debts'!$F$8<>"",'Your debts'!$F$14<'Your debts'!$F$8),AV22,0)+IF(AND('Your debts'!$F$15<>"",'Your debts'!$F$8<>"",'Your debts'!$F$15<'Your debts'!$F$8),BA22,0))))) | T22: =R22-S22 | U22: =IF(Y21<=0,0,ROUND(Y21*(1+'Your debts'!$D$9/1200),2)) | V22: =IF(U22<=0,0,MIN('Your debts'!$E$9,U22)) | W22: =U22-V22 | X22: =IF('Your debts'!$F$9="",0,MIN(W22,MAX(0,MAX(0,'Your debts'!$C$19-(G22+L22+Q22+V22+AA22+AF22+AK22+AP22+AU22+AZ22))-(IF(AND('Your debts'!$F$6<>"",'Your debts'!$F$9<>"",'Your debts'!$F$6<'Your debts'!$F$9),H22,0)+IF(AND('Your debts'!$F$7<>"",'Your debts'!$F$9<>"",'Your debts'!$F$7<'Your debts'!$F$9),M22,0)+IF(AND('Your debts'!$F$8<>"",'Your debts'!$F$9<>"",'Your debts'!$F$8<'Your debts'!$F$9),R22,0)+IF(AND('Your debts'!$F$10<>"",'Your debts'!$F$9<>"",'Your debts'!$F$10<'Your debts'!$F$9),AB22,0)+IF(AND('Your debts'!$F$11<>"",'Your debts'!$F$9<>"",'Your debts'!$F$11<'Your debts'!$F$9),AG22,0)+IF(AND('Your debts'!$F$12<>"",'Your debts'!$F$9<>"",'Your debts'!$F$12<'Your debts'!$F$9),AL22,0)+IF(AND('Your debts'!$F$13<>"",'Your debts'!$F$9<>"",'Your debts'!$F$13<'Your debts'!$F$9),AQ22,0)+IF(AND('Your debts'!$F$14<>"",'Your debts'!$F$9<>"",'Your debts'!$F$14<'Your debts'!$F$9),AV22,0)+IF(AND('Your debts'!$F$15<>"",'Your debts'!$F$9<>"",'Your debts'!$F$15<'Your debts'!$F$9),BA22,0))))) | Y22: =W22-X22 | Z22: =IF(AD21<=0,0,ROUND(AD21*(1+'Your debts'!$D$10/1200),2)) | AA22: =IF(Z22<=0,0,MIN('Your debts'!$E$10,Z22)) | AB22: =Z22-AA22 | AC22: =IF('Your debts'!$F$10="",0,MIN(AB22,MAX(0,MAX(0,'Your debts'!$C$19-(G22+L22+Q22+V22+AA22+AF22+AK22+AP22+AU22+AZ22))-(IF(AND('Your debts'!$F$6<>"",'Your debts'!$F$10<>"",'Your debts'!$F$6<'Your debts'!$F$10),H22,0)+IF(AND('Your debts'!$F$7<>"",'Your debts'!$F$10<>"",'Your debts'!$F$7<'Your debts'!$F$10),M22,0)+IF(AND('Your debts'!$F$8<>"",'Your debts'!$F$10<>"",'Your debts'!$F$8<'Your debts'!$F$10),R22,0)+IF(AND('Your debts'!$F$9<>"",'Your debts'!$F$10<>"",'Your debts'!$F$9<'Your debts'!$F$10),W22,0)+IF(AND('Your debts'!$F$11<>"",'Your debts'!$F$10<>"",'Your debts'!$F$11<'Your debts'!$F$10),AG22,0)+IF(AND('Your debts'!$F$12<>"",'Your debts'!$F$10<>"",'Your debts'!$F$12<'Your debts'!$F$10),AL22,0)+IF(AND('Your debts'!$F$13<>"",'Your debts'!$F$10<>"",'Your debts'!$F$13<'Your debts'!$F$10),AQ22,0)+IF(AND('Your debts'!$F$14<>"",'Your debts'!$F$10<>"",'Your debts'!$F$14<'Your debts'!$F$10),AV22,0)+IF(AND('Your debts'!$F$15<>"",'Your debts'!$F$10<>"",'Your debts'!$F$15<'Your debts'!$F$10),BA22,0))))) | AD22: =AB22-AC22 | AE22: =IF(AI21<=0,0,ROUND(AI21*(1+'Your debts'!$D$11/1200),2)) | AF22: =IF(AE22<=0,0,MIN('Your debts'!$E$11,AE22)) | AG22: =AE22-AF22 | AH22: =IF('Your debts'!$F$11="",0,MIN(AG22,MAX(0,MAX(0,'Your debts'!$C$19-(G22+L22+Q22+V22+AA22+AF22+AK22+AP22+AU22+AZ22))-(IF(AND('Your debts'!$F$6<>"",'Your debts'!$F$11<>"",'Your debts'!$F$6<'Your debts'!$F$11),H22,0)+IF(AND('Your debts'!$F$7<>"",'Your debts'!$F$11<>"",'Your debts'!$F$7<'Your debts'!$F$11),M22,0)+IF(AND('Your debts'!$F$8<>"",'Your debts'!$F$11<>"",'Your debts'!$F$8<'Your debts'!$F$11),R22,0)+IF(AND('Your debts'!$F$9<>"",'Your debts'!$F$11<>"",'Your debts'!$F$9<'Your debts'!$F$11),W22,0)+IF(AND('Your debts'!$F$10<>"",'Your debts'!$F$11<>"",'Your debts'!$F$10<'Your debts'!$F$11),AB22,0)+IF(AND('Your debts'!$F$12<>"",'Your debts'!$F$11<>"",'Your debts'!$F$12<'Your debts'!$F$11),AL22,0)+IF(AND('Your debts'!$F$13<>"",'Your debts'!$F$11<>"",'Your debts'!$F$13<'Your debts'!$F$11),AQ22,0)+IF(AND('Your debts'!$F$14<>"",'Your debts'!$F$11<>"",'Your debts'!$F$14<'Your debts'!$F$11),AV22,0)+IF(AND('Your debts'!$F$15<>"",'Your debts'!$F$11<>"",'Your debts'!$F$15<'Your debts'!$F$11),BA22,0))))) | AI22: =AG22-AH22 | AJ22: =IF(AN21<=0,0,ROUND(AN21*(1+'Your debts'!$D$12/1200),2)) | AK22: =IF(AJ22<=0,0,MIN('Your debts'!$E$12,AJ22)) | AL22: =AJ22-AK22 | AM22: =IF('Your debts'!$F$12="",0,MIN(AL22,MAX(0,MAX(0,'Your debts'!$C$19-(G22+L22+Q22+V22+AA22+AF22+AK22+AP22+AU22+AZ22))-(IF(AND('Your debts'!$F$6<>"",'Your debts'!$F$12<>"",'Your debts'!$F$6<'Your debts'!$F$12),H22,0)+IF(AND('Your debts'!$F$7<>"",'Your debts'!$F$12<>"",'Your debts'!$F$7<'Your debts'!$F$12),M22,0)+IF(AND('Your debts'!$F$8<>"",'Your debts'!$F$12<>"",'Your debts'!$F$8<'Your debts'!$F$12),R22,0)+IF(AND('Your debts'!$F$9<>"",'Your debts'!$F$12<>"",'Your debts'!$F$9<'Your debts'!$F$12),W22,0)+IF(AND('Your debts'!$F$10<>"",'Your debts'!$F$12<>"",'Your debts'!$F$10<'Your debts'!$F$12),AB22,0)+IF(AND('Your debts'!$F$11<>"",'Your debts'!$F$12<>"",'Your debts'!$F$11<'Your debts'!$F$12),AG22,0)+IF(AND('Your debts'!$F$13<>"",'Your debts'!$F$12<>"",'Your debts'!$F$13<'Your debts'!$F$12),AQ22,0)+IF(AND('Your debts'!$F$14<>"",'Your debts'!$F$12<>"",'Your debts'!$F$14<'Your debts'!$F$12),AV22,0)+IF(AND('Your debts'!$F$15<>"",'Your debts'!$F$12<>"",'Your debts'!$F$15<'Your debts'!$F$12),BA22,0))))) | AN22: =AL22-AM22 | AO22: =IF(AS21<=0,0,ROUND(AS21*(1+'Your debts'!$D$13/1200),2)) | AP22: =IF(AO22<=0,0,MIN('Your debts'!$E$13,AO22)) | AQ22: =AO22-AP22 | AR22: =IF('Your debts'!$F$13="",0,MIN(AQ22,MAX(0,MAX(0,'Your debts'!$C$19-(G22+L22+Q22+V22+AA22+AF22+AK22+AP22+AU22+AZ22))-(IF(AND('Your debts'!$F$6<>"",'Your debts'!$F$13<>"",'Your debts'!$F$6<'Your debts'!$F$13),H22,0)+IF(AND('Your debts'!$F$7<>"",'Your debts'!$F$13<>"",'Your debts'!$F$7<'Your debts'!$F$13),M22,0)+IF(AND('Your debts'!$F$8<>"",'Your debts'!$F$13<>"",'Your debts'!$F$8<'Your debts'!$F$13),R22,0)+IF(AND('Your debts'!$F$9<>"",'Your debts'!$F$13<>"",'Your debts'!$F$9<'Your debts'!$F$13),W22,0)+IF(AND('Your debts'!$F$10<>"",'Your debts'!$F$13<>"",'Your debts'!$F$10<'Your debts'!$F$13),AB22,0)+IF(AND('Your debts'!$F$11<>"",'Your debts'!$F$13<>"",'Your debts'!$F$11<'Your debts'!$F$13),AG22,0)+IF(AND('Your debts'!$F$12<>"",'Your debts'!$F$13<>"",'Your debts'!$F$12<'Your debts'!$F$13),AL22,0)+IF(AND('Your debts'!$F$14<>"",'Your debts'!$F$13<>"",'Your debts'!$F$14<'Your debts'!$F$13),AV22,0)+IF(AND('Your debts'!$F$15<>"",'Your debts'!$F$13<>"",'Your debts'!$F$15<'Your debts'!$F$13),BA22,0))))) | AS22: =AQ22-AR22 | AT22: =IF(AX21<=0,0,ROUND(AX21*(1+'Your debts'!$D$14/1200),2)) | AU22: =IF(AT22<=0,0,MIN('Your debts'!$E$14,AT22)) | AV22: =AT22-AU22 | AW22: =IF('Your debts'!$F$14="",0,MIN(AV22,MAX(0,MAX(0,'Your debts'!$C$19-(G22+L22+Q22+V22+AA22+AF22+AK22+AP22+AU22+AZ22))-(IF(AND('Your debts'!$F$6<>"",'Your debts'!$F$14<>"",'Your debts'!$F$6<'Your debts'!$F$14),H22,0)+IF(AND('Your debts'!$F$7<>"",'Your debts'!$F$14<>"",'Your debts'!$F$7<'Your debts'!$F$14),M22,0)+IF(AND('Your debts'!$F$8<>"",'Your debts'!$F$14<>"",'Your debts'!$F$8<'Your debts'!$F$14),R22,0)+IF(AND('Your debts'!$F$9<>"",'Your debts'!$F$14<>"",'Your debts'!$F$9<'Your debts'!$F$14),W22,0)+IF(AND('Your debts'!$F$10<>"",'Your debts'!$F$14<>"",'Your debts'!$F$10<'Your debts'!$F$14),AB22,0)+IF(AND('Your debts'!$F$11<>"",'Your debts'!$F$14<>"",'Your debts'!$F$11<'Your debts'!$F$14),AG22,0)+IF(AND('Your debts'!$F$12<>"",'Your debts'!$F$14<>"",'Your debts'!$F$12<'Your debts'!$F$14),AL22,0)+IF(AND('Your debts'!$F$13<>"",'Your debts'!$F$14<>"",'Your debts'!$F$13<'Your debts'!$F$14),AQ22,0)+IF(AND('Your debts'!$F$15<>"",'Your debts'!$F$14<>"",'Your debts'!$F$15<'Your debts'!$F$14),BA22,0))))) | AX22: =AV22-AW22 | AY22: =IF(BC21<=0,0,ROUND(BC21*(1+'Your debts'!$D$15/1200),2)) | AZ22: =IF(AY22<=0,0,MIN('Your debts'!$E$15,AY22)) | BA22: =AY22-AZ22 | BB22: =IF('Your debts'!$F$15="",0,MIN(BA22,MAX(0,MAX(0,'Your debts'!$C$19-(G22+L22+Q22+V22+AA22+AF22+AK22+AP22+AU22+AZ22))-(IF(AND('Your debts'!$F$6<>"",'Your debts'!$F$15<>"",'Your debts'!$F$6<'Your debts'!$F$15),H22,0)+IF(AND('Your debts'!$F$7<>"",'Your debts'!$F$15<>"",'Your debts'!$F$7<'Your debts'!$F$15),M22,0)+IF(AND('Your debts'!$F$8<>"",'Your debts'!$F$15<>"",'Your debts'!$F$8<'Your debts'!$F$15),R22,0)+IF(AND('Your debts'!$F$9<>"",'Your debts'!$F$15<>"",'Your debts'!$F$9<'Your debts'!$F$15),W22,0)+IF(AND('Your debts'!$F$10<>"",'Your debts'!$F$15<>"",'Your debts'!$F$10<'Your debts'!$F$15),AB22,0)+IF(AND('Your debts'!$F$11<>"",'Your debts'!$F$15<>"",'Your debts'!$F$11<'Your debts'!$F$15),AG22,0)+IF(AND('Your debts'!$F$12<>"",'Your debts'!$F$15<>"",'Your debts'!$F$12<'Your debts'!$F$15),AL22,0)+IF(AND('Your debts'!$F$13<>"",'Your debts'!$F$15<>"",'Your debts'!$F$13<'Your debts'!$F$15),AQ22,0)+IF(AND('Your debts'!$F$14<>"",'Your debts'!$F$15<>"",'Your debts'!$F$14<'Your debts'!$F$15),AV22,0))))) | BC22: =BA22-BB22
A23: 8 | B23: =EDATE($B$15,8) | C23: =IF(J22<=0,0,F23-J22)+IF(O22<=0,0,K23-O22)+IF(T22<=0,0,P23-T22)+IF(Y22<=0,0,U23-Y22)+IF(AD22<=0,0,Z23-AD22)+IF(AI22<=0,0,AE23-AI22)+IF(AN22<=0,0,AJ23-AN22)+IF(AS22<=0,0,AO23-AS22)+IF(AX22<=0,0,AT23-AX22)+IF(BC22<=0,0,AY23-BC22) | D23: =G23+I23+L23+N23+Q23+S23+V23+X23+AA23+AC23+AF23+AH23+AK23+AM23+AP23+AR23+AU23+AW23+AZ23+BB23 | E23: =J23+O23+T23+Y23+AD23+AI23+AN23+AS23+AX23+BC23 | F23: =IF(J22<=0,0,ROUND(J22*(1+'Your debts'!$D$6/1200),2)) | G23: =IF(F23<=0,0,MIN('Your debts'!$E$6,F23)) | H23: =F23-G23 | I23: =IF('Your debts'!$F$6="",0,MIN(H23,MAX(0,MAX(0,'Your debts'!$C$19-(G23+L23+Q23+V23+AA23+AF23+AK23+AP23+AU23+AZ23))-(IF(AND('Your debts'!$F$7<>"",'Your debts'!$F$6<>"",'Your debts'!$F$7<'Your debts'!$F$6),M23,0)+IF(AND('Your debts'!$F$8<>"",'Your debts'!$F$6<>"",'Your debts'!$F$8<'Your debts'!$F$6),R23,0)+IF(AND('Your debts'!$F$9<>"",'Your debts'!$F$6<>"",'Your debts'!$F$9<'Your debts'!$F$6),W23,0)+IF(AND('Your debts'!$F$10<>"",'Your debts'!$F$6<>"",'Your debts'!$F$10<'Your debts'!$F$6),AB23,0)+IF(AND('Your debts'!$F$11<>"",'Your debts'!$F$6<>"",'Your debts'!$F$11<'Your debts'!$F$6),AG23,0)+IF(AND('Your debts'!$F$12<>"",'Your debts'!$F$6<>"",'Your debts'!$F$12<'Your debts'!$F$6),AL23,0)+IF(AND('Your debts'!$F$13<>"",'Your debts'!$F$6<>"",'Your debts'!$F$13<'Your debts'!$F$6),AQ23,0)+IF(AND('Your debts'!$F$14<>"",'Your debts'!$F$6<>"",'Your debts'!$F$14<'Your debts'!$F$6),AV23,0)+IF(AND('Your debts'!$F$15<>"",'Your debts'!$F$6<>"",'Your debts'!$F$15<'Your debts'!$F$6),BA23,0))))) | J23: =H23-I23 | K23: =IF(O22<=0,0,ROUND(O22*(1+'Your debts'!$D$7/1200),2)) | L23: =IF(K23<=0,0,MIN('Your debts'!$E$7,K23)) | M23: =K23-L23 | N23: =IF('Your debts'!$F$7="",0,MIN(M23,MAX(0,MAX(0,'Your debts'!$C$19-(G23+L23+Q23+V23+AA23+AF23+AK23+AP23+AU23+AZ23))-(IF(AND('Your debts'!$F$6<>"",'Your debts'!$F$7<>"",'Your debts'!$F$6<'Your debts'!$F$7),H23,0)+IF(AND('Your debts'!$F$8<>"",'Your debts'!$F$7<>"",'Your debts'!$F$8<'Your debts'!$F$7),R23,0)+IF(AND('Your debts'!$F$9<>"",'Your debts'!$F$7<>"",'Your debts'!$F$9<'Your debts'!$F$7),W23,0)+IF(AND('Your debts'!$F$10<>"",'Your debts'!$F$7<>"",'Your debts'!$F$10<'Your debts'!$F$7),AB23,0)+IF(AND('Your debts'!$F$11<>"",'Your debts'!$F$7<>"",'Your debts'!$F$11<'Your debts'!$F$7),AG23,0)+IF(AND('Your debts'!$F$12<>"",'Your debts'!$F$7<>"",'Your debts'!$F$12<'Your debts'!$F$7),AL23,0)+IF(AND('Your debts'!$F$13<>"",'Your debts'!$F$7<>"",'Your debts'!$F$13<'Your debts'!$F$7),AQ23,0)+IF(AND('Your debts'!$F$14<>"",'Your debts'!$F$7<>"",'Your debts'!$F$14<'Your debts'!$F$7),AV23,0)+IF(AND('Your debts'!$F$15<>"",'Your debts'!$F$7<>"",'Your debts'!$F$15<'Your debts'!$F$7),BA23,0))))) | O23: =M23-N23 | P23: =IF(T22<=0,0,ROUND(T22*(1+'Your debts'!$D$8/1200),2)) | Q23: =IF(P23<=0,0,MIN('Your debts'!$E$8,P23)) | R23: =P23-Q23 | S23: =IF('Your debts'!$F$8="",0,MIN(R23,MAX(0,MAX(0,'Your debts'!$C$19-(G23+L23+Q23+V23+AA23+AF23+AK23+AP23+AU23+AZ23))-(IF(AND('Your debts'!$F$6<>"",'Your debts'!$F$8<>"",'Your debts'!$F$6<'Your debts'!$F$8),H23,0)+IF(AND('Your debts'!$F$7<>"",'Your debts'!$F$8<>"",'Your debts'!$F$7<'Your debts'!$F$8),M23,0)+IF(AND('Your debts'!$F$9<>"",'Your debts'!$F$8<>"",'Your debts'!$F$9<'Your debts'!$F$8),W23,0)+IF(AND('Your debts'!$F$10<>"",'Your debts'!$F$8<>"",'Your debts'!$F$10<'Your debts'!$F$8),AB23,0)+IF(AND('Your debts'!$F$11<>"",'Your debts'!$F$8<>"",'Your debts'!$F$11<'Your debts'!$F$8),AG23,0)+IF(AND('Your debts'!$F$12<>"",'Your debts'!$F$8<>"",'Your debts'!$F$12<'Your debts'!$F$8),AL23,0)+IF(AND('Your debts'!$F$13<>"",'Your debts'!$F$8<>"",'Your debts'!$F$13<'Your debts'!$F$8),AQ23,0)+IF(AND('Your debts'!$F$14<>"",'Your debts'!$F$8<>"",'Your debts'!$F$14<'Your debts'!$F$8),AV23,0)+IF(AND('Your debts'!$F$15<>"",'Your debts'!$F$8<>"",'Your debts'!$F$15<'Your debts'!$F$8),BA23,0))))) | T23: =R23-S23 | U23: =IF(Y22<=0,0,ROUND(Y22*(1+'Your debts'!$D$9/1200),2)) | V23: =IF(U23<=0,0,MIN('Your debts'!$E$9,U23)) | W23: =U23-V23 | X23: =IF('Your debts'!$F$9="",0,MIN(W23,MAX(0,MAX(0,'Your debts'!$C$19-(G23+L23+Q23+V23+AA23+AF23+AK23+AP23+AU23+AZ23))-(IF(AND('Your debts'!$F$6<>"",'Your debts'!$F$9<>"",'Your debts'!$F$6<'Your debts'!$F$9),H23,0)+IF(AND('Your debts'!$F$7<>"",'Your debts'!$F$9<>"",'Your debts'!$F$7<'Your debts'!$F$9),M23,0)+IF(AND('Your debts'!$F$8<>"",'Your debts'!$F$9<>"",'Your debts'!$F$8<'Your debts'!$F$9),R23,0)+IF(AND('Your debts'!$F$10<>"",'Your debts'!$F$9<>"",'Your debts'!$F$10<'Your debts'!$F$9),AB23,0)+IF(AND('Your debts'!$F$11<>"",'Your debts'!$F$9<>"",'Your debts'!$F$11<'Your debts'!$F$9),AG23,0)+IF(AND('Your debts'!$F$12<>"",'Your debts'!$F$9<>"",'Your debts'!$F$12<'Your debts'!$F$9),AL23,0)+IF(AND('Your debts'!$F$13<>"",'Your debts'!$F$9<>"",'Your debts'!$F$13<'Your debts'!$F$9),AQ23,0)+IF(AND('Your debts'!$F$14<>"",'Your debts'!$F$9<>"",'Your debts'!$F$14<'Your debts'!$F$9),AV23,0)+IF(AND('Your debts'!$F$15<>"",'Your debts'!$F$9<>"",'Your debts'!$F$15<'Your debts'!$F$9),BA23,0))))) | Y23: =W23-X23 | Z23: =IF(AD22<=0,0,ROUND(AD22*(1+'Your debts'!$D$10/1200),2)) | AA23: =IF(Z23<=0,0,MIN('Your debts'!$E$10,Z23)) | AB23: =Z23-AA23 | AC23: =IF('Your debts'!$F$10="",0,MIN(AB23,MAX(0,MAX(0,'Your debts'!$C$19-(G23+L23+Q23+V23+AA23+AF23+AK23+AP23+AU23+AZ23))-(IF(AND('Your debts'!$F$6<>"",'Your debts'!$F$10<>"",'Your debts'!$F$6<'Your debts'!$F$10),H23,0)+IF(AND('Your debts'!$F$7<>"",'Your debts'!$F$10<>"",'Your debts'!$F$7<'Your debts'!$F$10),M23,0)+IF(AND('Your debts'!$F$8<>"",'Your debts'!$F$10<>"",'Your debts'!$F$8<'Your debts'!$F$10),R23,0)+IF(AND('Your debts'!$F$9<>"",'Your debts'!$F$10<>"",'Your debts'!$F$9<'Your debts'!$F$10),W23,0)+IF(AND('Your debts'!$F$11<>"",'Your debts'!$F$10<>"",'Your debts'!$F$11<'Your debts'!$F$10),AG23,0)+IF(AND('Your debts'!$F$12<>"",'Your debts'!$F$10<>"",'Your debts'!$F$12<'Your debts'!$F$10),AL23,0)+IF(AND('Your debts'!$F$13<>"",'Your debts'!$F$10<>"",'Your debts'!$F$13<'Your debts'!$F$10),AQ23,0)+IF(AND('Your debts'!$F$14<>"",'Your debts'!$F$10<>"",'Your debts'!$F$14<'Your debts'!$F$10),AV23,0)+IF(AND('Your debts'!$F$15<>"",'Your debts'!$F$10<>"",'Your debts'!$F$15<'Your debts'!$F$10),BA23,0))))) | AD23: =AB23-AC23 | AE23: =IF(AI22<=0,0,ROUND(AI22*(1+'Your debts'!$D$11/1200),2)) | AF23: =IF(AE23<=0,0,MIN('Your debts'!$E$11,AE23)) | AG23: =AE23-AF23 | AH23: =IF('Your debts'!$F$11="",0,MIN(AG23,MAX(0,MAX(0,'Your debts'!$C$19-(G23+L23+Q23+V23+AA23+AF23+AK23+AP23+AU23+AZ23))-(IF(AND('Your debts'!$F$6<>"",'Your debts'!$F$11<>"",'Your debts'!$F$6<'Your debts'!$F$11),H23,0)+IF(AND('Your debts'!$F$7<>"",'Your debts'!$F$11<>"",'Your debts'!$F$7<'Your debts'!$F$11),M23,0)+IF(AND('Your debts'!$F$8<>"",'Your debts'!$F$11<>"",'Your debts'!$F$8<'Your debts'!$F$11),R23,0)+IF(AND('Your debts'!$F$9<>"",'Your debts'!$F$11<>"",'Your debts'!$F$9<'Your debts'!$F$11),W23,0)+IF(AND('Your debts'!$F$10<>"",'Your debts'!$F$11<>"",'Your debts'!$F$10<'Your debts'!$F$11),AB23,0)+IF(AND('Your debts'!$F$12<>"",'Your debts'!$F$11<>"",'Your debts'!$F$12<'Your debts'!$F$11),AL23,0)+IF(AND('Your debts'!$F$13<>"",'Your debts'!$F$11<>"",'Your debts'!$F$13<'Your debts'!$F$11),AQ23,0)+IF(AND('Your debts'!$F$14<>"",'Your debts'!$F$11<>"",'Your debts'!$F$14<'Your debts'!$F$11),AV23,0)+IF(AND('Your debts'!$F$15<>"",'Your debts'!$F$11<>"",'Your debts'!$F$15<'Your debts'!$F$11),BA23,0))))) | AI23: =AG23-AH23 | AJ23: =IF(AN22<=0,0,ROUND(AN22*(1+'Your debts'!$D$12/1200),2)) | AK23: =IF(AJ23<=0,0,MIN('Your debts'!$E$12,AJ23)) | AL23: =AJ23-AK23 | AM23: =IF('Your debts'!$F$12="",0,MIN(AL23,MAX(0,MAX(0,'Your debts'!$C$19-(G23+L23+Q23+V23+AA23+AF23+AK23+AP23+AU23+AZ23))-(IF(AND('Your debts'!$F$6<>"",'Your debts'!$F$12<>"",'Your debts'!$F$6<'Your debts'!$F$12),H23,0)+IF(AND('Your debts'!$F$7<>"",'Your debts'!$F$12<>"",'Your debts'!$F$7<'Your debts'!$F$12),M23,0)+IF(AND('Your debts'!$F$8<>"",'Your debts'!$F$12<>"",'Your debts'!$F$8<'Your debts'!$F$12),R23,0)+IF(AND('Your debts'!$F$9<>"",'Your debts'!$F$12<>"",'Your debts'!$F$9<'Your debts'!$F$12),W23,0)+IF(AND('Your debts'!$F$10<>"",'Your debts'!$F$12<>"",'Your debts'!$F$10<'Your debts'!$F$12),AB23,0)+IF(AND('Your debts'!$F$11<>"",'Your debts'!$F$12<>"",'Your debts'!$F$11<'Your debts'!$F$12),AG23,0)+IF(AND('Your debts'!$F$13<>"",'Your debts'!$F$12<>"",'Your debts'!$F$13<'Your debts'!$F$12),AQ23,0)+IF(AND('Your debts'!$F$14<>"",'Your debts'!$F$12<>"",'Your debts'!$F$14<'Your debts'!$F$12),AV23,0)+IF(AND('Your debts'!$F$15<>"",'Your debts'!$F$12<>"",'Your debts'!$F$15<'Your debts'!$F$12),BA23,0))))) | AN23: =AL23-AM23 | AO23: =IF(AS22<=0,0,ROUND(AS22*(1+'Your debts'!$D$13/1200),2)) | AP23: =IF(AO23<=0,0,MIN('Your debts'!$E$13,AO23)) | AQ23: =AO23-AP23 | AR23: =IF('Your debts'!$F$13="",0,MIN(AQ23,MAX(0,MAX(0,'Your debts'!$C$19-(G23+L23+Q23+V23+AA23+AF23+AK23+AP23+AU23+AZ23))-(IF(AND('Your debts'!$F$6<>"",'Your debts'!$F$13<>"",'Your debts'!$F$6<'Your debts'!$F$13),H23,0)+IF(AND('Your debts'!$F$7<>"",'Your debts'!$F$13<>"",'Your debts'!$F$7<'Your debts'!$F$13),M23,0)+IF(AND('Your debts'!$F$8<>"",'Your debts'!$F$13<>"",'Your debts'!$F$8<'Your debts'!$F$13),R23,0)+IF(AND('Your debts'!$F$9<>"",'Your debts'!$F$13<>"",'Your debts'!$F$9<'Your debts'!$F$13),W23,0)+IF(AND('Your debts'!$F$10<>"",'Your debts'!$F$13<>"",'Your debts'!$F$10<'Your debts'!$F$13),AB23,0)+IF(AND('Your debts'!$F$11<>"",'Your debts'!$F$13<>"",'Your debts'!$F$11<'Your debts'!$F$13),AG23,0)+IF(AND('Your debts'!$F$12<>"",'Your debts'!$F$13<>"",'Your debts'!$F$12<'Your debts'!$F$13),AL23,0)+IF(AND('Your debts'!$F$14<>"",'Your debts'!$F$13<>"",'Your debts'!$F$14<'Your debts'!$F$13),AV23,0)+IF(AND('Your debts'!$F$15<>"",'Your debts'!$F$13<>"",'Your debts'!$F$15<'Your debts'!$F$13),BA23,0))))) | AS23: =AQ23-AR23 | AT23: =IF(AX22<=0,0,ROUND(AX22*(1+'Your debts'!$D$14/1200),2)) | AU23: =IF(AT23<=0,0,MIN('Your debts'!$E$14,AT23)) | AV23: =AT23-AU23 | AW23: =IF('Your debts'!$F$14="",0,MIN(AV23,MAX(0,MAX(0,'Your debts'!$C$19-(G23+L23+Q23+V23+AA23+AF23+AK23+AP23+AU23+AZ23))-(IF(AND('Your debts'!$F$6<>"",'Your debts'!$F$14<>"",'Your debts'!$F$6<'Your debts'!$F$14),H23,0)+IF(AND('Your debts'!$F$7<>"",'Your debts'!$F$14<>"",'Your debts'!$F$7<'Your debts'!$F$14),M23,0)+IF(AND('Your debts'!$F$8<>"",'Your debts'!$F$14<>"",'Your debts'!$F$8<'Your debts'!$F$14),R23,0)+IF(AND('Your debts'!$F$9<>"",'Your debts'!$F$14<>"",'Your debts'!$F$9<'Your debts'!$F$14),W23,0)+IF(AND('Your debts'!$F$10<>"",'Your debts'!$F$14<>"",'Your debts'!$F$10<'Your debts'!$F$14),AB23,0)+IF(AND('Your debts'!$F$11<>"",'Your debts'!$F$14<>"",'Your debts'!$F$11<'Your debts'!$F$14),AG23,0)+IF(AND('Your debts'!$F$12<>"",'Your debts'!$F$14<>"",'Your debts'!$F$12<'Your debts'!$F$14),AL23,0)+IF(AND('Your debts'!$F$13<>"",'Your debts'!$F$14<>"",'Your debts'!$F$13<'Your debts'!$F$14),AQ23,0)+IF(AND('Your debts'!$F$15<>"",'Your debts'!$F$14<>"",'Your debts'!$F$15<'Your debts'!$F$14),BA23,0))))) | AX23: =AV23-AW23 | AY23: =IF(BC22<=0,0,ROUND(BC22*(1+'Your debts'!$D$15/1200),2)) | AZ23: =IF(AY23<=0,0,MIN('Your debts'!$E$15,AY23)) | BA23: =AY23-AZ23 | BB23: =IF('Your debts'!$F$15="",0,MIN(BA23,MAX(0,MAX(0,'Your debts'!$C$19-(G23+L23+Q23+V23+AA23+AF23+AK23+AP23+AU23+AZ23))-(IF(AND('Your debts'!$F$6<>"",'Your debts'!$F$15<>"",'Your debts'!$F$6<'Your debts'!$F$15),H23,0)+IF(AND('Your debts'!$F$7<>"",'Your debts'!$F$15<>"",'Your debts'!$F$7<'Your debts'!$F$15),M23,0)+IF(AND('Your debts'!$F$8<>"",'Your debts'!$F$15<>"",'Your debts'!$F$8<'Your debts'!$F$15),R23,0)+IF(AND('Your debts'!$F$9<>"",'Your debts'!$F$15<>"",'Your debts'!$F$9<'Your debts'!$F$15),W23,0)+IF(AND('Your debts'!$F$10<>"",'Your debts'!$F$15<>"",'Your debts'!$F$10<'Your debts'!$F$15),AB23,0)+IF(AND('Your debts'!$F$11<>"",'Your debts'!$F$15<>"",'Your debts'!$F$11<'Your debts'!$F$15),AG23,0)+IF(AND('Your debts'!$F$12<>"",'Your debts'!$F$15<>"",'Your debts'!$F$12<'Your debts'!$F$15),AL23,0)+IF(AND('Your debts'!$F$13<>"",'Your debts'!$F$15<>"",'Your debts'!$F$13<'Your debts'!$F$15),AQ23,0)+IF(AND('Your debts'!$F$14<>"",'Your debts'!$F$15<>"",'Your debts'!$F$14<'Your debts'!$F$15),AV23,0))))) | BC23: =BA23-BB23
A24: 9 | B24: =EDATE($B$15,9) | C24: =IF(J23<=0,0,F24-J23)+IF(O23<=0,0,K24-O23)+IF(T23<=0,0,P24-T23)+IF(Y23<=0,0,U24-Y23)+IF(AD23<=0,0,Z24-AD23)+IF(AI23<=0,0,AE24-AI23)+IF(AN23<=0,0,AJ24-AN23)+IF(AS23<=0,0,AO24-AS23)+IF(AX23<=0,0,AT24-AX23)+IF(BC23<=0,0,AY24-BC23) | D24: =G24+I24+L24+N24+Q24+S24+V24+X24+AA24+AC24+AF24+AH24+AK24+AM24+AP24+AR24+AU24+AW24+AZ24+BB24 | E24: =J24+O24+T24+Y24+AD24+AI24+AN24+AS24+AX24+BC24 | F24: =IF(J23<=0,0,ROUND(J23*(1+'Your debts'!$D$6/1200),2)) | G24: =IF(F24<=0,0,MIN('Your debts'!$E$6,F24)) | H24: =F24-G24 | I24: =IF('Your debts'!$F$6="",0,MIN(H24,MAX(0,MAX(0,'Your debts'!$C$19-(G24+L24+Q24+V24+AA24+AF24+AK24+AP24+AU24+AZ24))-(IF(AND('Your debts'!$F$7<>"",'Your debts'!$F$6<>"",'Your debts'!$F$7<'Your debts'!$F$6),M24,0)+IF(AND('Your debts'!$F$8<>"",'Your debts'!$F$6<>"",'Your debts'!$F$8<'Your debts'!$F$6),R24,0)+IF(AND('Your debts'!$F$9<>"",'Your debts'!$F$6<>"",'Your debts'!$F$9<'Your debts'!$F$6),W24,0)+IF(AND('Your debts'!$F$10<>"",'Your debts'!$F$6<>"",'Your debts'!$F$10<'Your debts'!$F$6),AB24,0)+IF(AND('Your debts'!$F$11<>"",'Your debts'!$F$6<>"",'Your debts'!$F$11<'Your debts'!$F$6),AG24,0)+IF(AND('Your debts'!$F$12<>"",'Your debts'!$F$6<>"",'Your debts'!$F$12<'Your debts'!$F$6),AL24,0)+IF(AND('Your debts'!$F$13<>"",'Your debts'!$F$6<>"",'Your debts'!$F$13<'Your debts'!$F$6),AQ24,0)+IF(AND('Your debts'!$F$14<>"",'Your debts'!$F$6<>"",'Your debts'!$F$14<'Your debts'!$F$6),AV24,0)+IF(AND('Your debts'!$F$15<>"",'Your debts'!$F$6<>"",'Your debts'!$F$15<'Your debts'!$F$6),BA24,0))))) | J24: =H24-I24 | K24: =IF(O23<=0,0,ROUND(O23*(1+'Your debts'!$D$7/1200),2)) | L24: =IF(K24<=0,0,MIN('Your debts'!$E$7,K24)) | M24: =K24-L24 | N24: =IF('Your debts'!$F$7="",0,MIN(M24,MAX(0,MAX(0,'Your debts'!$C$19-(G24+L24+Q24+V24+AA24+AF24+AK24+AP24+AU24+AZ24))-(IF(AND('Your debts'!$F$6<>"",'Your debts'!$F$7<>"",'Your debts'!$F$6<'Your debts'!$F$7),H24,0)+IF(AND('Your debts'!$F$8<>"",'Your debts'!$F$7<>"",'Your debts'!$F$8<'Your debts'!$F$7),R24,0)+IF(AND('Your debts'!$F$9<>"",'Your debts'!$F$7<>"",'Your debts'!$F$9<'Your debts'!$F$7),W24,0)+IF(AND('Your debts'!$F$10<>"",'Your debts'!$F$7<>"",'Your debts'!$F$10<'Your debts'!$F$7),AB24,0)+IF(AND('Your debts'!$F$11<>"",'Your debts'!$F$7<>"",'Your debts'!$F$11<'Your debts'!$F$7),AG24,0)+IF(AND('Your debts'!$F$12<>"",'Your debts'!$F$7<>"",'Your debts'!$F$12<'Your debts'!$F$7),AL24,0)+IF(AND('Your debts'!$F$13<>"",'Your debts'!$F$7<>"",'Your debts'!$F$13<'Your debts'!$F$7),AQ24,0)+IF(AND('Your debts'!$F$14<>"",'Your debts'!$F$7<>"",'Your debts'!$F$14<'Your debts'!$F$7),AV24,0)+IF(AND('Your debts'!$F$15<>"",'Your debts'!$F$7<>"",'Your debts'!$F$15<'Your debts'!$F$7),BA24,0))))) | O24: =M24-N24 | P24: =IF(T23<=0,0,ROUND(T23*(1+'Your debts'!$D$8/1200),2)) | Q24: =IF(P24<=0,0,MIN('Your debts'!$E$8,P24)) | R24: =P24-Q24 | S24: =IF('Your debts'!$F$8="",0,MIN(R24,MAX(0,MAX(0,'Your debts'!$C$19-(G24+L24+Q24+V24+AA24+AF24+AK24+AP24+AU24+AZ24))-(IF(AND('Your debts'!$F$6<>"",'Your debts'!$F$8<>"",'Your debts'!$F$6<'Your debts'!$F$8),H24,0)+IF(AND('Your debts'!$F$7<>"",'Your debts'!$F$8<>"",'Your debts'!$F$7<'Your debts'!$F$8),M24,0)+IF(AND('Your debts'!$F$9<>"",'Your debts'!$F$8<>"",'Your debts'!$F$9<'Your debts'!$F$8),W24,0)+IF(AND('Your debts'!$F$10<>"",'Your debts'!$F$8<>"",'Your debts'!$F$10<'Your debts'!$F$8),AB24,0)+IF(AND('Your debts'!$F$11<>"",'Your debts'!$F$8<>"",'Your debts'!$F$11<'Your debts'!$F$8),AG24,0)+IF(AND('Your debts'!$F$12<>"",'Your debts'!$F$8<>"",'Your debts'!$F$12<'Your debts'!$F$8),AL24,0)+IF(AND('Your debts'!$F$13<>"",'Your debts'!$F$8<>"",'Your debts'!$F$13<'Your debts'!$F$8),AQ24,0)+IF(AND('Your debts'!$F$14<>"",'Your debts'!$F$8<>"",'Your debts'!$F$14<'Your debts'!$F$8),AV24,0)+IF(AND('Your debts'!$F$15<>"",'Your debts'!$F$8<>"",'Your debts'!$F$15<'Your debts'!$F$8),BA24,0))))) | T24: =R24-S24 | U24: =IF(Y23<=0,0,ROUND(Y23*(1+'Your debts'!$D$9/1200),2)) | V24: =IF(U24<=0,0,MIN('Your debts'!$E$9,U24)) | W24: =U24-V24 | X24: =IF('Your debts'!$F$9="",0,MIN(W24,MAX(0,MAX(0,'Your debts'!$C$19-(G24+L24+Q24+V24+AA24+AF24+AK24+AP24+AU24+AZ24))-(IF(AND('Your debts'!$F$6<>"",'Your debts'!$F$9<>"",'Your debts'!$F$6<'Your debts'!$F$9),H24,0)+IF(AND('Your debts'!$F$7<>"",'Your debts'!$F$9<>"",'Your debts'!$F$7<'Your debts'!$F$9),M24,0)+IF(AND('Your debts'!$F$8<>"",'Your debts'!$F$9<>"",'Your debts'!$F$8<'Your debts'!$F$9),R24,0)+IF(AND('Your debts'!$F$10<>"",'Your debts'!$F$9<>"",'Your debts'!$F$10<'Your debts'!$F$9),AB24,0)+IF(AND('Your debts'!$F$11<>"",'Your debts'!$F$9<>"",'Your debts'!$F$11<'Your debts'!$F$9),AG24,0)+IF(AND('Your debts'!$F$12<>"",'Your debts'!$F$9<>"",'Your debts'!$F$12<'Your debts'!$F$9),AL24,0)+IF(AND('Your debts'!$F$13<>"",'Your debts'!$F$9<>"",'Your debts'!$F$13<'Your debts'!$F$9),AQ24,0)+IF(AND('Your debts'!$F$14<>"",'Your debts'!$F$9<>"",'Your debts'!$F$14<'Your debts'!$F$9),AV24,0)+IF(AND('Your debts'!$F$15<>"",'Your debts'!$F$9<>"",'Your debts'!$F$15<'Your debts'!$F$9),BA24,0))))) | Y24: =W24-X24 | Z24: =IF(AD23<=0,0,ROUND(AD23*(1+'Your debts'!$D$10/1200),2)) | AA24: =IF(Z24<=0,0,MIN('Your debts'!$E$10,Z24)) | AB24: =Z24-AA24 | AC24: =IF('Your debts'!$F$10="",0,MIN(AB24,MAX(0,MAX(0,'Your debts'!$C$19-(G24+L24+Q24+V24+AA24+AF24+AK24+AP24+AU24+AZ24))-(IF(AND('Your debts'!$F$6<>"",'Your debts'!$F$10<>"",'Your debts'!$F$6<'Your debts'!$F$10),H24,0)+IF(AND('Your debts'!$F$7<>"",'Your debts'!$F$10<>"",'Your debts'!$F$7<'Your debts'!$F$10),M24,0)+IF(AND('Your debts'!$F$8<>"",'Your debts'!$F$10<>"",'Your debts'!$F$8<'Your debts'!$F$10),R24,0)+IF(AND('Your debts'!$F$9<>"",'Your debts'!$F$10<>"",'Your debts'!$F$9<'Your debts'!$F$10),W24,0)+IF(AND('Your debts'!$F$11<>"",'Your debts'!$F$10<>"",'Your debts'!$F$11<'Your debts'!$F$10),AG24,0)+IF(AND('Your debts'!$F$12<>"",'Your debts'!$F$10<>"",'Your debts'!$F$12<'Your debts'!$F$10),AL24,0)+IF(AND('Your debts'!$F$13<>"",'Your debts'!$F$10<>"",'Your debts'!$F$13<'Your debts'!$F$10),AQ24,0)+IF(AND('Your debts'!$F$14<>"",'Your debts'!$F$10<>"",'Your debts'!$F$14<'Your debts'!$F$10),AV24,0)+IF(AND('Your debts'!$F$15<>"",'Your debts'!$F$10<>"",'Your debts'!$F$15<'Your debts'!$F$10),BA24,0))))) | AD24: =AB24-AC24 | AE24: =IF(AI23<=0,0,ROUND(AI23*(1+'Your debts'!$D$11/1200),2)) | AF24: =IF(AE24<=0,0,MIN('Your debts'!$E$11,AE24)) | AG24: =AE24-AF24 | AH24: =IF('Your debts'!$F$11="",0,MIN(AG24,MAX(0,MAX(0,'Your debts'!$C$19-(G24+L24+Q24+V24+AA24+AF24+AK24+AP24+AU24+AZ24))-(IF(AND('Your debts'!$F$6<>"",'Your debts'!$F$11<>"",'Your debts'!$F$6<'Your debts'!$F$11),H24,0)+IF(AND('Your debts'!$F$7<>"",'Your debts'!$F$11<>"",'Your debts'!$F$7<'Your debts'!$F$11),M24,0)+IF(AND('Your debts'!$F$8<>"",'Your debts'!$F$11<>"",'Your debts'!$F$8<'Your debts'!$F$11),R24,0)+IF(AND('Your debts'!$F$9<>"",'Your debts'!$F$11<>"",'Your debts'!$F$9<'Your debts'!$F$11),W24,0)+IF(AND('Your debts'!$F$10<>"",'Your debts'!$F$11<>"",'Your debts'!$F$10<'Your debts'!$F$11),AB24,0)+IF(AND('Your debts'!$F$12<>"",'Your debts'!$F$11<>"",'Your debts'!$F$12<'Your debts'!$F$11),AL24,0)+IF(AND('Your debts'!$F$13<>"",'Your debts'!$F$11<>"",'Your debts'!$F$13<'Your debts'!$F$11),AQ24,0)+IF(AND('Your debts'!$F$14<>"",'Your debts'!$F$11<>"",'Your debts'!$F$14<'Your debts'!$F$11),AV24,0)+IF(AND('Your debts'!$F$15<>"",'Your debts'!$F$11<>"",'Your debts'!$F$15<'Your debts'!$F$11),BA24,0))))) | AI24: =AG24-AH24 | AJ24: =IF(AN23<=0,0,ROUND(AN23*(1+'Your debts'!$D$12/1200),2)) | AK24: =IF(AJ24<=0,0,MIN('Your debts'!$E$12,AJ24)) | AL24: =AJ24-AK24 | AM24: =IF('Your debts'!$F$12="",0,MIN(AL24,MAX(0,MAX(0,'Your debts'!$C$19-(G24+L24+Q24+V24+AA24+AF24+AK24+AP24+AU24+AZ24))-(IF(AND('Your debts'!$F$6<>"",'Your debts'!$F$12<>"",'Your debts'!$F$6<'Your debts'!$F$12),H24,0)+IF(AND('Your debts'!$F$7<>"",'Your debts'!$F$12<>"",'Your debts'!$F$7<'Your debts'!$F$12),M24,0)+IF(AND('Your debts'!$F$8<>"",'Your debts'!$F$12<>"",'Your debts'!$F$8<'Your debts'!$F$12),R24,0)+IF(AND('Your debts'!$F$9<>"",'Your debts'!$F$12<>"",'Your debts'!$F$9<'Your debts'!$F$12),W24,0)+IF(AND('Your debts'!$F$10<>"",'Your debts'!$F$12<>"",'Your debts'!$F$10<'Your debts'!$F$12),AB24,0)+IF(AND('Your debts'!$F$11<>"",'Your debts'!$F$12<>"",'Your debts'!$F$11<'Your debts'!$F$12),AG24,0)+IF(AND('Your debts'!$F$13<>"",'Your debts'!$F$12<>"",'Your debts'!$F$13<'Your debts'!$F$12),AQ24,0)+IF(AND('Your debts'!$F$14<>"",'Your debts'!$F$12<>"",'Your debts'!$F$14<'Your debts'!$F$12),AV24,0)+IF(AND('Your debts'!$F$15<>"",'Your debts'!$F$12<>"",'Your debts'!$F$15<'Your debts'!$F$12),BA24,0))))) | AN24: =AL24-AM24 | AO24: =IF(AS23<=0,0,ROUND(AS23*(1+'Your debts'!$D$13/1200),2)) | AP24: =IF(AO24<=0,0,MIN('Your debts'!$E$13,AO24)) | AQ24: =AO24-AP24 | AR24: =IF('Your debts'!$F$13="",0,MIN(AQ24,MAX(0,MAX(0,'Your debts'!$C$19-(G24+L24+Q24+V24+AA24+AF24+AK24+AP24+AU24+AZ24))-(IF(AND('Your debts'!$F$6<>"",'Your debts'!$F$13<>"",'Your debts'!$F$6<'Your debts'!$F$13),H24,0)+IF(AND('Your debts'!$F$7<>"",'Your debts'!$F$13<>"",'Your debts'!$F$7<'Your debts'!$F$13),M24,0)+IF(AND('Your debts'!$F$8<>"",'Your debts'!$F$13<>"",'Your debts'!$F$8<'Your debts'!$F$13),R24,0)+IF(AND('Your debts'!$F$9<>"",'Your debts'!$F$13<>"",'Your debts'!$F$9<'Your debts'!$F$13),W24,0)+IF(AND('Your debts'!$F$10<>"",'Your debts'!$F$13<>"",'Your debts'!$F$10<'Your debts'!$F$13),AB24,0)+IF(AND('Your debts'!$F$11<>"",'Your debts'!$F$13<>"",'Your debts'!$F$11<'Your debts'!$F$13),AG24,0)+IF(AND('Your debts'!$F$12<>"",'Your debts'!$F$13<>"",'Your debts'!$F$12<'Your debts'!$F$13),AL24,0)+IF(AND('Your debts'!$F$14<>"",'Your debts'!$F$13<>"",'Your debts'!$F$14<'Your debts'!$F$13),AV24,0)+IF(AND('Your debts'!$F$15<>"",'Your debts'!$F$13<>"",'Your debts'!$F$15<'Your debts'!$F$13),BA24,0))))) | AS24: =AQ24-AR24 | AT24: =IF(AX23<=0,0,ROUND(AX23*(1+'Your debts'!$D$14/1200),2)) | AU24: =IF(AT24<=0,0,MIN('Your debts'!$E$14,AT24)) | AV24: =AT24-AU24 | AW24: =IF('Your debts'!$F$14="",0,MIN(AV24,MAX(0,MAX(0,'Your debts'!$C$19-(G24+L24+Q24+V24+AA24+AF24+AK24+AP24+AU24+AZ24))-(IF(AND('Your debts'!$F$6<>"",'Your debts'!$F$14<>"",'Your debts'!$F$6<'Your debts'!$F$14),H24,0)+IF(AND('Your debts'!$F$7<>"",'Your debts'!$F$14<>"",'Your debts'!$F$7<'Your debts'!$F$14),M24,0)+IF(AND('Your debts'!$F$8<>"",'Your debts'!$F$14<>"",'Your debts'!$F$8<'Your debts'!$F$14),R24,0)+IF(AND('Your debts'!$F$9<>"",'Your debts'!$F$14<>"",'Your debts'!$F$9<'Your debts'!$F$14),W24,0)+IF(AND('Your debts'!$F$10<>"",'Your debts'!$F$14<>"",'Your debts'!$F$10<'Your debts'!$F$14),AB24,0)+IF(AND('Your debts'!$F$11<>"",'Your debts'!$F$14<>"",'Your debts'!$F$11<'Your debts'!$F$14),AG24,0)+IF(AND('Your debts'!$F$12<>"",'Your debts'!$F$14<>"",'Your debts'!$F$12<'Your debts'!$F$14),AL24,0)+IF(AND('Your debts'!$F$13<>"",'Your debts'!$F$14<>"",'Your debts'!$F$13<'Your debts'!$F$14),AQ24,0)+IF(AND('Your debts'!$F$15<>"",'Your debts'!$F$14<>"",'Your debts'!$F$15<'Your debts'!$F$14),BA24,0))))) | AX24: =AV24-AW24 | AY24: =IF(BC23<=0,0,ROUND(BC23*(1+'Your debts'!$D$15/1200),2)) | AZ24: =IF(AY24<=0,0,MIN('Your debts'!$E$15,AY24)) | BA24: =AY24-AZ24 | BB24: =IF('Your debts'!$F$15="",0,MIN(BA24,MAX(0,MAX(0,'Your debts'!$C$19-(G24+L24+Q24+V24+AA24+AF24+AK24+AP24+AU24+AZ24))-(IF(AND('Your debts'!$F$6<>"",'Your debts'!$F$15<>"",'Your debts'!$F$6<'Your debts'!$F$15),H24,0)+IF(AND('Your debts'!$F$7<>"",'Your debts'!$F$15<>"",'Your debts'!$F$7<'Your debts'!$F$15),M24,0)+IF(AND('Your debts'!$F$8<>"",'Your debts'!$F$15<>"",'Your debts'!$F$8<'Your debts'!$F$15),R24,0)+IF(AND('Your debts'!$F$9<>"",'Your debts'!$F$15<>"",'Your debts'!$F$9<'Your debts'!$F$15),W24,0)+IF(AND('Your debts'!$F$10<>"",'Your debts'!$F$15<>"",'Your debts'!$F$10<'Your debts'!$F$15),AB24,0)+IF(AND('Your debts'!$F$11<>"",'Your debts'!$F$15<>"",'Your debts'!$F$11<'Your debts'!$F$15),AG24,0)+IF(AND('Your debts'!$F$12<>"",'Your debts'!$F$15<>"",'Your debts'!$F$12<'Your debts'!$F$15),AL24,0)+IF(AND('Your debts'!$F$13<>"",'Your debts'!$F$15<>"",'Your debts'!$F$13<'Your debts'!$F$15),AQ24,0)+IF(AND('Your debts'!$F$14<>"",'Your debts'!$F$15<>"",'Your debts'!$F$14<'Your debts'!$F$15),AV24,0))))) | BC24: =BA24-BB24
A25: 10 | B25: =EDATE($B$15,10) | C25: =IF(J24<=0,0,F25-J24)+IF(O24<=0,0,K25-O24)+IF(T24<=0,0,P25-T24)+IF(Y24<=0,0,U25-Y24)+IF(AD24<=0,0,Z25-AD24)+IF(AI24<=0,0,AE25-AI24)+IF(AN24<=0,0,AJ25-AN24)+IF(AS24<=0,0,AO25-AS24)+IF(AX24<=0,0,AT25-AX24)+IF(BC24<=0,0,AY25-BC24) | D25: =G25+I25+L25+N25+Q25+S25+V25+X25+AA25+AC25+AF25+AH25+AK25+AM25+AP25+AR25+AU25+AW25+AZ25+BB25 | E25: =J25+O25+T25+Y25+AD25+AI25+AN25+AS25+AX25+BC25 | F25: =IF(J24<=0,0,ROUND(J24*(1+'Your debts'!$D$6/1200),2)) | G25: =IF(F25<=0,0,MIN('Your debts'!$E$6,F25)) | H25: =F25-G25 | I25: =IF('Your debts'!$F$6="",0,MIN(H25,MAX(0,MAX(0,'Your debts'!$C$19-(G25+L25+Q25+V25+AA25+AF25+AK25+AP25+AU25+AZ25))-(IF(AND('Your debts'!$F$7<>"",'Your debts'!$F$6<>"",'Your debts'!$F$7<'Your debts'!$F$6),M25,0)+IF(AND('Your debts'!$F$8<>"",'Your debts'!$F$6<>"",'Your debts'!$F$8<'Your debts'!$F$6),R25,0)+IF(AND('Your debts'!$F$9<>"",'Your debts'!$F$6<>"",'Your debts'!$F$9<'Your debts'!$F$6),W25,0)+IF(AND('Your debts'!$F$10<>"",'Your debts'!$F$6<>"",'Your debts'!$F$10<'Your debts'!$F$6),AB25,0)+IF(AND('Your debts'!$F$11<>"",'Your debts'!$F$6<>"",'Your debts'!$F$11<'Your debts'!$F$6),AG25,0)+IF(AND('Your debts'!$F$12<>"",'Your debts'!$F$6<>"",'Your debts'!$F$12<'Your debts'!$F$6),AL25,0)+IF(AND('Your debts'!$F$13<>"",'Your debts'!$F$6<>"",'Your debts'!$F$13<'Your debts'!$F$6),AQ25,0)+IF(AND('Your debts'!$F$14<>"",'Your debts'!$F$6<>"",'Your debts'!$F$14<'Your debts'!$F$6),AV25,0)+IF(AND('Your debts'!$F$15<>"",'Your debts'!$F$6<>"",'Your debts'!$F$15<'Your debts'!$F$6),BA25,0))))) | J25: =H25-I25 | K25: =IF(O24<=0,0,ROUND(O24*(1+'Your debts'!$D$7/1200),2)) | L25: =IF(K25<=0,0,MIN('Your debts'!$E$7,K25)) | M25: =K25-L25 | N25: =IF('Your debts'!$F$7="",0,MIN(M25,MAX(0,MAX(0,'Your debts'!$C$19-(G25+L25+Q25+V25+AA25+AF25+AK25+AP25+AU25+AZ25))-(IF(AND('Your debts'!$F$6<>"",'Your debts'!$F$7<>"",'Your debts'!$F$6<'Your debts'!$F$7),H25,0)+IF(AND('Your debts'!$F$8<>"",'Your debts'!$F$7<>"",'Your debts'!$F$8<'Your debts'!$F$7),R25,0)+IF(AND('Your debts'!$F$9<>"",'Your debts'!$F$7<>"",'Your debts'!$F$9<'Your debts'!$F$7),W25,0)+IF(AND('Your debts'!$F$10<>"",'Your debts'!$F$7<>"",'Your debts'!$F$10<'Your debts'!$F$7),AB25,0)+IF(AND('Your debts'!$F$11<>"",'Your debts'!$F$7<>"",'Your debts'!$F$11<'Your debts'!$F$7),AG25,0)+IF(AND('Your debts'!$F$12<>"",'Your debts'!$F$7<>"",'Your debts'!$F$12<'Your debts'!$F$7),AL25,0)+IF(AND('Your debts'!$F$13<>"",'Your debts'!$F$7<>"",'Your debts'!$F$13<'Your debts'!$F$7),AQ25,0)+IF(AND('Your debts'!$F$14<>"",'Your debts'!$F$7<>"",'Your debts'!$F$14<'Your debts'!$F$7),AV25,0)+IF(AND('Your debts'!$F$15<>"",'Your debts'!$F$7<>"",'Your debts'!$F$15<'Your debts'!$F$7),BA25,0))))) | O25: =M25-N25 | P25: =IF(T24<=0,0,ROUND(T24*(1+'Your debts'!$D$8/1200),2)) | Q25: =IF(P25<=0,0,MIN('Your debts'!$E$8,P25)) | R25: =P25-Q25 | S25: =IF('Your debts'!$F$8="",0,MIN(R25,MAX(0,MAX(0,'Your debts'!$C$19-(G25+L25+Q25+V25+AA25+AF25+AK25+AP25+AU25+AZ25))-(IF(AND('Your debts'!$F$6<>"",'Your debts'!$F$8<>"",'Your debts'!$F$6<'Your debts'!$F$8),H25,0)+IF(AND('Your debts'!$F$7<>"",'Your debts'!$F$8<>"",'Your debts'!$F$7<'Your debts'!$F$8),M25,0)+IF(AND('Your debts'!$F$9<>"",'Your debts'!$F$8<>"",'Your debts'!$F$9<'Your debts'!$F$8),W25,0)+IF(AND('Your debts'!$F$10<>"",'Your debts'!$F$8<>"",'Your debts'!$F$10<'Your debts'!$F$8),AB25,0)+IF(AND('Your debts'!$F$11<>"",'Your debts'!$F$8<>"",'Your debts'!$F$11<'Your debts'!$F$8),AG25,0)+IF(AND('Your debts'!$F$12<>"",'Your debts'!$F$8<>"",'Your debts'!$F$12<'Your debts'!$F$8),AL25,0)+IF(AND('Your debts'!$F$13<>"",'Your debts'!$F$8<>"",'Your debts'!$F$13<'Your debts'!$F$8),AQ25,0)+IF(AND('Your debts'!$F$14<>"",'Your debts'!$F$8<>"",'Your debts'!$F$14<'Your debts'!$F$8),AV25,0)+IF(AND('Your debts'!$F$15<>"",'Your debts'!$F$8<>"",'Your debts'!$F$15<'Your debts'!$F$8),BA25,0))))) | T25: =R25-S25 | U25: =IF(Y24<=0,0,ROUND(Y24*(1+'Your debts'!$D$9/1200),2)) | V25: =IF(U25<=0,0,MIN('Your debts'!$E$9,U25)) | W25: =U25-V25 | X25: =IF('Your debts'!$F$9="",0,MIN(W25,MAX(0,MAX(0,'Your debts'!$C$19-(G25+L25+Q25+V25+AA25+AF25+AK25+AP25+AU25+AZ25))-(IF(AND('Your debts'!$F$6<>"",'Your debts'!$F$9<>"",'Your debts'!$F$6<'Your debts'!$F$9),H25,0)+IF(AND('Your debts'!$F$7<>"",'Your debts'!$F$9<>"",'Your debts'!$F$7<'Your debts'!$F$9),M25,0)+IF(AND('Your debts'!$F$8<>"",'Your debts'!$F$9<>"",'Your debts'!$F$8<'Your debts'!$F$9),R25,0)+IF(AND('Your debts'!$F$10<>"",'Your debts'!$F$9<>"",'Your debts'!$F$10<'Your debts'!$F$9),AB25,0)+IF(AND('Your debts'!$F$11<>"",'Your debts'!$F$9<>"",'Your debts'!$F$11<'Your debts'!$F$9),AG25,0)+IF(AND('Your debts'!$F$12<>"",'Your debts'!$F$9<>"",'Your debts'!$F$12<'Your debts'!$F$9),AL25,0)+IF(AND('Your debts'!$F$13<>"",'Your debts'!$F$9<>"",'Your debts'!$F$13<'Your debts'!$F$9),AQ25,0)+IF(AND('Your debts'!$F$14<>"",'Your debts'!$F$9<>"",'Your debts'!$F$14<'Your debts'!$F$9),AV25,0)+IF(AND('Your debts'!$F$15<>"",'Your debts'!$F$9<>"",'Your debts'!$F$15<'Your debts'!$F$9),BA25,0))))) | Y25: =W25-X25 | Z25: =IF(AD24<=0,0,ROUND(AD24*(1+'Your debts'!$D$10/1200),2)) | AA25: =IF(Z25<=0,0,MIN('Your debts'!$E$10,Z25)) | AB25: =Z25-AA25 | AC25: =IF('Your debts'!$F$10="",0,MIN(AB25,MAX(0,MAX(0,'Your debts'!$C$19-(G25+L25+Q25+V25+AA25+AF25+AK25+AP25+AU25+AZ25))-(IF(AND('Your debts'!$F$6<>"",'Your debts'!$F$10<>"",'Your debts'!$F$6<'Your debts'!$F$10),H25,0)+IF(AND('Your debts'!$F$7<>"",'Your debts'!$F$10<>"",'Your debts'!$F$7<'Your debts'!$F$10),M25,0)+IF(AND('Your debts'!$F$8<>"",'Your debts'!$F$10<>"",'Your debts'!$F$8<'Your debts'!$F$10),R25,0)+IF(AND('Your debts'!$F$9<>"",'Your debts'!$F$10<>"",'Your debts'!$F$9<'Your debts'!$F$10),W25,0)+IF(AND('Your debts'!$F$11<>"",'Your debts'!$F$10<>"",'Your debts'!$F$11<'Your debts'!$F$10),AG25,0)+IF(AND('Your debts'!$F$12<>"",'Your debts'!$F$10<>"",'Your debts'!$F$12<'Your debts'!$F$10),AL25,0)+IF(AND('Your debts'!$F$13<>"",'Your debts'!$F$10<>"",'Your debts'!$F$13<'Your debts'!$F$10),AQ25,0)+IF(AND('Your debts'!$F$14<>"",'Your debts'!$F$10<>"",'Your debts'!$F$14<'Your debts'!$F$10),AV25,0)+IF(AND('Your debts'!$F$15<>"",'Your debts'!$F$10<>"",'Your debts'!$F$15<'Your debts'!$F$10),BA25,0))))) | AD25: =AB25-AC25 | AE25: =IF(AI24<=0,0,ROUND(AI24*(1+'Your debts'!$D$11/1200),2)) | AF25: =IF(AE25<=0,0,MIN('Your debts'!$E$11,AE25)) | AG25: =AE25-AF25 | AH25: =IF('Your debts'!$F$11="",0,MIN(AG25,MAX(0,MAX(0,'Your debts'!$C$19-(G25+L25+Q25+V25+AA25+AF25+AK25+AP25+AU25+AZ25))-(IF(AND('Your debts'!$F$6<>"",'Your debts'!$F$11<>"",'Your debts'!$F$6<'Your debts'!$F$11),H25,0)+IF(AND('Your debts'!$F$7<>"",'Your debts'!$F$11<>"",'Your debts'!$F$7<'Your debts'!$F$11),M25,0)+IF(AND('Your debts'!$F$8<>"",'Your debts'!$F$11<>"",'Your debts'!$F$8<'Your debts'!$F$11),R25,0)+IF(AND('Your debts'!$F$9<>"",'Your debts'!$F$11<>"",'Your debts'!$F$9<'Your debts'!$F$11),W25,0)+IF(AND('Your debts'!$F$10<>"",'Your debts'!$F$11<>"",'Your debts'!$F$10<'Your debts'!$F$11),AB25,0)+IF(AND('Your debts'!$F$12<>"",'Your debts'!$F$11<>"",'Your debts'!$F$12<'Your debts'!$F$11),AL25,0)+IF(AND('Your debts'!$F$13<>"",'Your debts'!$F$11<>"",'Your debts'!$F$13<'Your debts'!$F$11),AQ25,0)+IF(AND('Your debts'!$F$14<>"",'Your debts'!$F$11<>"",'Your debts'!$F$14<'Your debts'!$F$11),AV25,0)+IF(AND('Your debts'!$F$15<>"",'Your debts'!$F$11<>"",'Your debts'!$F$15<'Your debts'!$F$11),BA25,0))))) | AI25: =AG25-AH25 | AJ25: =IF(AN24<=0,0,ROUND(AN24*(1+'Your debts'!$D$12/1200),2)) | AK25: =IF(AJ25<=0,0,MIN('Your debts'!$E$12,AJ25)) | AL25: =AJ25-AK25 | AM25: =IF('Your debts'!$F$12="",0,MIN(AL25,MAX(0,MAX(0,'Your debts'!$C$19-(G25+L25+Q25+V25+AA25+AF25+AK25+AP25+AU25+AZ25))-(IF(AND('Your debts'!$F$6<>"",'Your debts'!$F$12<>"",'Your debts'!$F$6<'Your debts'!$F$12),H25,0)+IF(AND('Your debts'!$F$7<>"",'Your debts'!$F$12<>"",'Your debts'!$F$7<'Your debts'!$F$12),M25,0)+IF(AND('Your debts'!$F$8<>"",'Your debts'!$F$12<>"",'Your debts'!$F$8<'Your debts'!$F$12),R25,0)+IF(AND('Your debts'!$F$9<>"",'Your debts'!$F$12<>"",'Your debts'!$F$9<'Your debts'!$F$12),W25,0)+IF(AND('Your debts'!$F$10<>"",'Your debts'!$F$12<>"",'Your debts'!$F$10<'Your debts'!$F$12),AB25,0)+IF(AND('Your debts'!$F$11<>"",'Your debts'!$F$12<>"",'Your debts'!$F$11<'Your debts'!$F$12),AG25,0)+IF(AND('Your debts'!$F$13<>"",'Your debts'!$F$12<>"",'Your debts'!$F$13<'Your debts'!$F$12),AQ25,0)+IF(AND('Your debts'!$F$14<>"",'Your debts'!$F$12<>"",'Your debts'!$F$14<'Your debts'!$F$12),AV25,0)+IF(AND('Your debts'!$F$15<>"",'Your debts'!$F$12<>"",'Your debts'!$F$15<'Your debts'!$F$12),BA25,0))))) | AN25: =AL25-AM25 | AO25: =IF(AS24<=0,0,ROUND(AS24*(1+'Your debts'!$D$13/1200),2)) | AP25: =IF(AO25<=0,0,MIN('Your debts'!$E$13,AO25)) | AQ25: =AO25-AP25 | AR25: =IF('Your debts'!$F$13="",0,MIN(AQ25,MAX(0,MAX(0,'Your debts'!$C$19-(G25+L25+Q25+V25+AA25+AF25+AK25+AP25+AU25+AZ25))-(IF(AND('Your debts'!$F$6<>"",'Your debts'!$F$13<>"",'Your debts'!$F$6<'Your debts'!$F$13),H25,0)+IF(AND('Your debts'!$F$7<>"",'Your debts'!$F$13<>"",'Your debts'!$F$7<'Your debts'!$F$13),M25,0)+IF(AND('Your debts'!$F$8<>"",'Your debts'!$F$13<>"",'Your debts'!$F$8<'Your debts'!$F$13),R25,0)+IF(AND('Your debts'!$F$9<>"",'Your debts'!$F$13<>"",'Your debts'!$F$9<'Your debts'!$F$13),W25,0)+IF(AND('Your debts'!$F$10<>"",'Your debts'!$F$13<>"",'Your debts'!$F$10<'Your debts'!$F$13),AB25,0)+IF(AND('Your debts'!$F$11<>"",'Your debts'!$F$13<>"",'Your debts'!$F$11<'Your debts'!$F$13),AG25,0)+IF(AND('Your debts'!$F$12<>"",'Your debts'!$F$13<>"",'Your debts'!$F$12<'Your debts'!$F$13),AL25,0)+IF(AND('Your debts'!$F$14<>"",'Your debts'!$F$13<>"",'Your debts'!$F$14<'Your debts'!$F$13),AV25,0)+IF(AND('Your debts'!$F$15<>"",'Your debts'!$F$13<>"",'Your debts'!$F$15<'Your debts'!$F$13),BA25,0))))) | AS25: =AQ25-AR25 | AT25: =IF(AX24<=0,0,ROUND(AX24*(1+'Your debts'!$D$14/1200),2)) | AU25: =IF(AT25<=0,0,MIN('Your debts'!$E$14,AT25)) | AV25: =AT25-AU25 | AW25: =IF('Your debts'!$F$14="",0,MIN(AV25,MAX(0,MAX(0,'Your debts'!$C$19-(G25+L25+Q25+V25+AA25+AF25+AK25+AP25+AU25+AZ25))-(IF(AND('Your debts'!$F$6<>"",'Your debts'!$F$14<>"",'Your debts'!$F$6<'Your debts'!$F$14),H25,0)+IF(AND('Your debts'!$F$7<>"",'Your debts'!$F$14<>"",'Your debts'!$F$7<'Your debts'!$F$14),M25,0)+IF(AND('Your debts'!$F$8<>"",'Your debts'!$F$14<>"",'Your debts'!$F$8<'Your debts'!$F$14),R25,0)+IF(AND('Your debts'!$F$9<>"",'Your debts'!$F$14<>"",'Your debts'!$F$9<'Your debts'!$F$14),W25,0)+IF(AND('Your debts'!$F$10<>"",'Your debts'!$F$14<>"",'Your debts'!$F$10<'Your debts'!$F$14),AB25,0)+IF(AND('Your debts'!$F$11<>"",'Your debts'!$F$14<>"",'Your debts'!$F$11<'Your debts'!$F$14),AG25,0)+IF(AND('Your debts'!$F$12<>"",'Your debts'!$F$14<>"",'Your debts'!$F$12<'Your debts'!$F$14),AL25,0)+IF(AND('Your debts'!$F$13<>"",'Your debts'!$F$14<>"",'Your debts'!$F$13<'Your debts'!$F$14),AQ25,0)+IF(AND('Your debts'!$F$15<>"",'Your debts'!$F$14<>"",'Your debts'!$F$15<'Your debts'!$F$14),BA25,0))))) | AX25: =AV25-AW25 | AY25: =IF(BC24<=0,0,ROUND(BC24*(1+'Your debts'!$D$15/1200),2)) | AZ25: =IF(AY25<=0,0,MIN('Your debts'!$E$15,AY25)) | BA25: =AY25-AZ25 | BB25: =IF('Your debts'!$F$15="",0,MIN(BA25,MAX(0,MAX(0,'Your debts'!$C$19-(G25+L25+Q25+V25+AA25+AF25+AK25+AP25+AU25+AZ25))-(IF(AND('Your debts'!$F$6<>"",'Your debts'!$F$15<>"",'Your debts'!$F$6<'Your debts'!$F$15),H25,0)+IF(AND('Your debts'!$F$7<>"",'Your debts'!$F$15<>"",'Your debts'!$F$7<'Your debts'!$F$15),M25,0)+IF(AND('Your debts'!$F$8<>"",'Your debts'!$F$15<>"",'Your debts'!$F$8<'Your debts'!$F$15),R25,0)+IF(AND('Your debts'!$F$9<>"",'Your debts'!$F$15<>"",'Your debts'!$F$9<'Your debts'!$F$15),W25,0)+IF(AND('Your debts'!$F$10<>"",'Your debts'!$F$15<>"",'Your debts'!$F$10<'Your debts'!$F$15),AB25,0)+IF(AND('Your debts'!$F$11<>"",'Your debts'!$F$15<>"",'Your debts'!$F$11<'Your debts'!$F$15),AG25,0)+IF(AND('Your debts'!$F$12<>"",'Your debts'!$F$15<>"",'Your debts'!$F$12<'Your debts'!$F$15),AL25,0)+IF(AND('Your debts'!$F$13<>"",'Your debts'!$F$15<>"",'Your debts'!$F$13<'Your debts'!$F$15),AQ25,0)+IF(AND('Your debts'!$F$14<>"",'Your debts'!$F$15<>"",'Your debts'!$F$14<'Your debts'!$F$15),AV25,0))))) | BC25: =BA25-BB25
A26: 11 | B26: =EDATE($B$15,11) | C26: =IF(J25<=0,0,F26-J25)+IF(O25<=0,0,K26-O25)+IF(T25<=0,0,P26-T25)+IF(Y25<=0,0,U26-Y25)+IF(AD25<=0,0,Z26-AD25)+IF(AI25<=0,0,AE26-AI25)+IF(AN25<=0,0,AJ26-AN25)+IF(AS25<=0,0,AO26-AS25)+IF(AX25<=0,0,AT26-AX25)+IF(BC25<=0,0,AY26-BC25) | D26: =G26+I26+L26+N26+Q26+S26+V26+X26+AA26+AC26+AF26+AH26+AK26+AM26+AP26+AR26+AU26+AW26+AZ26+BB26 | E26: =J26+O26+T26+Y26+AD26+AI26+AN26+AS26+AX26+BC26 | F26: =IF(J25<=0,0,ROUND(J25*(1+'Your debts'!$D$6/1200),2)) | G26: =IF(F26<=0,0,MIN('Your debts'!$E$6,F26)) | H26: =F26-G26 | I26: =IF('Your debts'!$F$6="",0,MIN(H26,MAX(0,MAX(0,'Your debts'!$C$19-(G26+L26+Q26+V26+AA26+AF26+AK26+AP26+AU26+AZ26))-(IF(AND('Your debts'!$F$7<>"",'Your debts'!$F$6<>"",'Your debts'!$F$7<'Your debts'!$F$6),M26,0)+IF(AND('Your debts'!$F$8<>"",'Your debts'!$F$6<>"",'Your debts'!$F$8<'Your debts'!$F$6),R26,0)+IF(AND('Your debts'!$F$9<>"",'Your debts'!$F$6<>"",'Your debts'!$F$9<'Your debts'!$F$6),W26,0)+IF(AND('Your debts'!$F$10<>"",'Your debts'!$F$6<>"",'Your debts'!$F$10<'Your debts'!$F$6),AB26,0)+IF(AND('Your debts'!$F$11<>"",'Your debts'!$F$6<>"",'Your debts'!$F$11<'Your debts'!$F$6),AG26,0)+IF(AND('Your debts'!$F$12<>"",'Your debts'!$F$6<>"",'Your debts'!$F$12<'Your debts'!$F$6),AL26,0)+IF(AND('Your debts'!$F$13<>"",'Your debts'!$F$6<>"",'Your debts'!$F$13<'Your debts'!$F$6),AQ26,0)+IF(AND('Your debts'!$F$14<>"",'Your debts'!$F$6<>"",'Your debts'!$F$14<'Your debts'!$F$6),AV26,0)+IF(AND('Your debts'!$F$15<>"",'Your debts'!$F$6<>"",'Your debts'!$F$15<'Your debts'!$F$6),BA26,0))))) | J26: =H26-I26 | K26: =IF(O25<=0,0,ROUND(O25*(1+'Your debts'!$D$7/1200),2)) | L26: =IF(K26<=0,0,MIN('Your debts'!$E$7,K26)) | M26: =K26-L26 | N26: =IF('Your debts'!$F$7="",0,MIN(M26,MAX(0,MAX(0,'Your debts'!$C$19-(G26+L26+Q26+V26+AA26+AF26+AK26+AP26+AU26+AZ26))-(IF(AND('Your debts'!$F$6<>"",'Your debts'!$F$7<>"",'Your debts'!$F$6<'Your debts'!$F$7),H26,0)+IF(AND('Your debts'!$F$8<>"",'Your debts'!$F$7<>"",'Your debts'!$F$8<'Your debts'!$F$7),R26,0)+IF(AND('Your debts'!$F$9<>"",'Your debts'!$F$7<>"",'Your debts'!$F$9<'Your debts'!$F$7),W26,0)+IF(AND('Your debts'!$F$10<>"",'Your debts'!$F$7<>"",'Your debts'!$F$10<'Your debts'!$F$7),AB26,0)+IF(AND('Your debts'!$F$11<>"",'Your debts'!$F$7<>"",'Your debts'!$F$11<'Your debts'!$F$7),AG26,0)+IF(AND('Your debts'!$F$12<>"",'Your debts'!$F$7<>"",'Your debts'!$F$12<'Your debts'!$F$7),AL26,0)+IF(AND('Your debts'!$F$13<>"",'Your debts'!$F$7<>"",'Your debts'!$F$13<'Your debts'!$F$7),AQ26,0)+IF(AND('Your debts'!$F$14<>"",'Your debts'!$F$7<>"",'Your debts'!$F$14<'Your debts'!$F$7),AV26,0)+IF(AND('Your debts'!$F$15<>"",'Your debts'!$F$7<>"",'Your debts'!$F$15<'Your debts'!$F$7),BA26,0))))) | O26: =M26-N26 | P26: =IF(T25<=0,0,ROUND(T25*(1+'Your debts'!$D$8/1200),2)) | Q26: =IF(P26<=0,0,MIN('Your debts'!$E$8,P26)) | R26: =P26-Q26 | S26: =IF('Your debts'!$F$8="",0,MIN(R26,MAX(0,MAX(0,'Your debts'!$C$19-(G26+L26+Q26+V26+AA26+AF26+AK26+AP26+AU26+AZ26))-(IF(AND('Your debts'!$F$6<>"",'Your debts'!$F$8<>"",'Your debts'!$F$6<'Your debts'!$F$8),H26,0)+IF(AND('Your debts'!$F$7<>"",'Your debts'!$F$8<>"",'Your debts'!$F$7<'Your debts'!$F$8),M26,0)+IF(AND('Your debts'!$F$9<>"",'Your debts'!$F$8<>"",'Your debts'!$F$9<'Your debts'!$F$8),W26,0)+IF(AND('Your debts'!$F$10<>"",'Your debts'!$F$8<>"",'Your debts'!$F$10<'Your debts'!$F$8),AB26,0)+IF(AND('Your debts'!$F$11<>"",'Your debts'!$F$8<>"",'Your debts'!$F$11<'Your debts'!$F$8),AG26,0)+IF(AND('Your debts'!$F$12<>"",'Your debts'!$F$8<>"",'Your debts'!$F$12<'Your debts'!$F$8),AL26,0)+IF(AND('Your debts'!$F$13<>"",'Your debts'!$F$8<>"",'Your debts'!$F$13<'Your debts'!$F$8),AQ26,0)+IF(AND('Your debts'!$F$14<>"",'Your debts'!$F$8<>"",'Your debts'!$F$14<'Your debts'!$F$8),AV26,0)+IF(AND('Your debts'!$F$15<>"",'Your debts'!$F$8<>"",'Your debts'!$F$15<'Your debts'!$F$8),BA26,0))))) | T26: =R26-S26 | U26: =IF(Y25<=0,0,ROUND(Y25*(1+'Your debts'!$D$9/1200),2)) | V26: =IF(U26<=0,0,MIN('Your debts'!$E$9,U26)) | W26: =U26-V26 | X26: =IF('Your debts'!$F$9="",0,MIN(W26,MAX(0,MAX(0,'Your debts'!$C$19-(G26+L26+Q26+V26+AA26+AF26+AK26+AP26+AU26+AZ26))-(IF(AND('Your debts'!$F$6<>"",'Your debts'!$F$9<>"",'Your debts'!$F$6<'Your debts'!$F$9),H26,0)+IF(AND('Your debts'!$F$7<>"",'Your debts'!$F$9<>"",'Your debts'!$F$7<'Your debts'!$F$9),M26,0)+IF(AND('Your debts'!$F$8<>"",'Your debts'!$F$9<>"",'Your debts'!$F$8<'Your debts'!$F$9),R26,0)+IF(AND('Your debts'!$F$10<>"",'Your debts'!$F$9<>"",'Your debts'!$F$10<'Your debts'!$F$9),AB26,0)+IF(AND('Your debts'!$F$11<>"",'Your debts'!$F$9<>"",'Your debts'!$F$11<'Your debts'!$F$9),AG26,0)+IF(AND('Your debts'!$F$12<>"",'Your debts'!$F$9<>"",'Your debts'!$F$12<'Your debts'!$F$9),AL26,0)+IF(AND('Your debts'!$F$13<>"",'Your debts'!$F$9<>"",'Your debts'!$F$13<'Your debts'!$F$9),AQ26,0)+IF(AND('Your debts'!$F$14<>"",'Your debts'!$F$9<>"",'Your debts'!$F$14<'Your debts'!$F$9),AV26,0)+IF(AND('Your debts'!$F$15<>"",'Your debts'!$F$9<>"",'Your debts'!$F$15<'Your debts'!$F$9),BA26,0))))) | Y26: =W26-X26 | Z26: =IF(AD25<=0,0,ROUND(AD25*(1+'Your debts'!$D$10/1200),2)) | AA26: =IF(Z26<=0,0,MIN('Your debts'!$E$10,Z26)) | AB26: =Z26-AA26 | AC26: =IF('Your debts'!$F$10="",0,MIN(AB26,MAX(0,MAX(0,'Your debts'!$C$19-(G26+L26+Q26+V26+AA26+AF26+AK26+AP26+AU26+AZ26))-(IF(AND('Your debts'!$F$6<>"",'Your debts'!$F$10<>"",'Your debts'!$F$6<'Your debts'!$F$10),H26,0)+IF(AND('Your debts'!$F$7<>"",'Your debts'!$F$10<>"",'Your debts'!$F$7<'Your debts'!$F$10),M26,0)+IF(AND('Your debts'!$F$8<>"",'Your debts'!$F$10<>"",'Your debts'!$F$8<'Your debts'!$F$10),R26,0)+IF(AND('Your debts'!$F$9<>"",'Your debts'!$F$10<>"",'Your debts'!$F$9<'Your debts'!$F$10),W26,0)+IF(AND('Your debts'!$F$11<>"",'Your debts'!$F$10<>"",'Your debts'!$F$11<'Your debts'!$F$10),AG26,0)+IF(AND('Your debts'!$F$12<>"",'Your debts'!$F$10<>"",'Your debts'!$F$12<'Your debts'!$F$10),AL26,0)+IF(AND('Your debts'!$F$13<>"",'Your debts'!$F$10<>"",'Your debts'!$F$13<'Your debts'!$F$10),AQ26,0)+IF(AND('Your debts'!$F$14<>"",'Your debts'!$F$10<>"",'Your debts'!$F$14<'Your debts'!$F$10),AV26,0)+IF(AND('Your debts'!$F$15<>"",'Your debts'!$F$10<>"",'Your debts'!$F$15<'Your debts'!$F$10),BA26,0))))) | AD26: =AB26-AC26 | AE26: =IF(AI25<=0,0,ROUND(AI25*(1+'Your debts'!$D$11/1200),2)) | AF26: =IF(AE26<=0,0,MIN('Your debts'!$E$11,AE26)) | AG26: =AE26-AF26 | AH26: =IF('Your debts'!$F$11="",0,MIN(AG26,MAX(0,MAX(0,'Your debts'!$C$19-(G26+L26+Q26+V26+AA26+AF26+AK26+AP26+AU26+AZ26))-(IF(AND('Your debts'!$F$6<>"",'Your debts'!$F$11<>"",'Your debts'!$F$6<'Your debts'!$F$11),H26,0)+IF(AND('Your debts'!$F$7<>"",'Your debts'!$F$11<>"",'Your debts'!$F$7<'Your debts'!$F$11),M26,0)+IF(AND('Your debts'!$F$8<>"",'Your debts'!$F$11<>"",'Your debts'!$F$8<'Your debts'!$F$11),R26,0)+IF(AND('Your debts'!$F$9<>"",'Your debts'!$F$11<>"",'Your debts'!$F$9<'Your debts'!$F$11),W26,0)+IF(AND('Your debts'!$F$10<>"",'Your debts'!$F$11<>"",'Your debts'!$F$10<'Your debts'!$F$11),AB26,0)+IF(AND('Your debts'!$F$12<>"",'Your debts'!$F$11<>"",'Your debts'!$F$12<'Your debts'!$F$11),AL26,0)+IF(AND('Your debts'!$F$13<>"",'Your debts'!$F$11<>"",'Your debts'!$F$13<'Your debts'!$F$11),AQ26,0)+IF(AND('Your debts'!$F$14<>"",'Your debts'!$F$11<>"",'Your debts'!$F$14<'Your debts'!$F$11),AV26,0)+IF(AND('Your debts'!$F$15<>"",'Your debts'!$F$11<>"",'Your debts'!$F$15<'Your debts'!$F$11),BA26,0))))) | AI26: =AG26-AH26 | AJ26: =IF(AN25<=0,0,ROUND(AN25*(1+'Your debts'!$D$12/1200),2)) | AK26: =IF(AJ26<=0,0,MIN('Your debts'!$E$12,AJ26)) | AL26: =AJ26-AK26 | AM26: =IF('Your debts'!$F$12="",0,MIN(AL26,MAX(0,MAX(0,'Your debts'!$C$19-(G26+L26+Q26+V26+AA26+AF26+AK26+AP26+AU26+AZ26))-(IF(AND('Your debts'!$F$6<>"",'Your debts'!$F$12<>"",'Your debts'!$F$6<'Your debts'!$F$12),H26,0)+IF(AND('Your debts'!$F$7<>"",'Your debts'!$F$12<>"",'Your debts'!$F$7<'Your debts'!$F$12),M26,0)+IF(AND('Your debts'!$F$8<>"",'Your debts'!$F$12<>"",'Your debts'!$F$8<'Your debts'!$F$12),R26,0)+IF(AND('Your debts'!$F$9<>"",'Your debts'!$F$12<>"",'Your debts'!$F$9<'Your debts'!$F$12),W26,0)+IF(AND('Your debts'!$F$10<>"",'Your debts'!$F$12<>"",'Your debts'!$F$10<'Your debts'!$F$12),AB26,0)+IF(AND('Your debts'!$F$11<>"",'Your debts'!$F$12<>"",'Your debts'!$F$11<'Your debts'!$F$12),AG26,0)+IF(AND('Your debts'!$F$13<>"",'Your debts'!$F$12<>"",'Your debts'!$F$13<'Your debts'!$F$12),AQ26,0)+IF(AND('Your debts'!$F$14<>"",'Your debts'!$F$12<>"",'Your debts'!$F$14<'Your debts'!$F$12),AV26,0)+IF(AND('Your debts'!$F$15<>"",'Your debts'!$F$12<>"",'Your debts'!$F$15<'Your debts'!$F$12),BA26,0))))) | AN26: =AL26-AM26 | AO26: =IF(AS25<=0,0,ROUND(AS25*(1+'Your debts'!$D$13/1200),2)) | AP26: =IF(AO26<=0,0,MIN('Your debts'!$E$13,AO26)) | AQ26: =AO26-AP26 | AR26: =IF('Your debts'!$F$13="",0,MIN(AQ26,MAX(0,MAX(0,'Your debts'!$C$19-(G26+L26+Q26+V26+AA26+AF26+AK26+AP26+AU26+AZ26))-(IF(AND('Your debts'!$F$6<>"",'Your debts'!$F$13<>"",'Your debts'!$F$6<'Your debts'!$F$13),H26,0)+IF(AND('Your debts'!$F$7<>"",'Your debts'!$F$13<>"",'Your debts'!$F$7<'Your debts'!$F$13),M26,0)+IF(AND('Your debts'!$F$8<>"",'Your debts'!$F$13<>"",'Your debts'!$F$8<'Your debts'!$F$13),R26,0)+IF(AND('Your debts'!$F$9<>"",'Your debts'!$F$13<>"",'Your debts'!$F$9<'Your debts'!$F$13),W26,0)+IF(AND('Your debts'!$F$10<>"",'Your debts'!$F$13<>"",'Your debts'!$F$10<'Your debts'!$F$13),AB26,0)+IF(AND('Your debts'!$F$11<>"",'Your debts'!$F$13<>"",'Your debts'!$F$11<'Your debts'!$F$13),AG26,0)+IF(AND('Your debts'!$F$12<>"",'Your debts'!$F$13<>"",'Your debts'!$F$12<'Your debts'!$F$13),AL26,0)+IF(AND('Your debts'!$F$14<>"",'Your debts'!$F$13<>"",'Your debts'!$F$14<'Your debts'!$F$13),AV26,0)+IF(AND('Your debts'!$F$15<>"",'Your debts'!$F$13<>"",'Your debts'!$F$15<'Your debts'!$F$13),BA26,0))))) | AS26: =AQ26-AR26 | AT26: =IF(AX25<=0,0,ROUND(AX25*(1+'Your debts'!$D$14/1200),2)) | AU26: =IF(AT26<=0,0,MIN('Your debts'!$E$14,AT26)) | AV26: =AT26-AU26 | AW26: =IF('Your debts'!$F$14="",0,MIN(AV26,MAX(0,MAX(0,'Your debts'!$C$19-(G26+L26+Q26+V26+AA26+AF26+AK26+AP26+AU26+AZ26))-(IF(AND('Your debts'!$F$6<>"",'Your debts'!$F$14<>"",'Your debts'!$F$6<'Your debts'!$F$14),H26,0)+IF(AND('Your debts'!$F$7<>"",'Your debts'!$F$14<>"",'Your debts'!$F$7<'Your debts'!$F$14),M26,0)+IF(AND('Your debts'!$F$8<>"",'Your debts'!$F$14<>"",'Your debts'!$F$8<'Your debts'!$F$14),R26,0)+IF(AND('Your debts'!$F$9<>"",'Your debts'!$F$14<>"",'Your debts'!$F$9<'Your debts'!$F$14),W26,0)+IF(AND('Your debts'!$F$10<>"",'Your debts'!$F$14<>"",'Your debts'!$F$10<'Your debts'!$F$14),AB26,0)+IF(AND('Your debts'!$F$11<>"",'Your debts'!$F$14<>"",'Your debts'!$F$11<'Your debts'!$F$14),AG26,0)+IF(AND('Your debts'!$F$12<>"",'Your debts'!$F$14<>"",'Your debts'!$F$12<'Your debts'!$F$14),AL26,0)+IF(AND('Your debts'!$F$13<>"",'Your debts'!$F$14<>"",'Your debts'!$F$13<'Your debts'!$F$14),AQ26,0)+IF(AND('Your debts'!$F$15<>"",'Your debts'!$F$14<>"",'Your debts'!$F$15<'Your debts'!$F$14),BA26,0))))) | AX26: =AV26-AW26 | AY26: =IF(BC25<=0,0,ROUND(BC25*(1+'Your debts'!$D$15/1200),2)) | AZ26: =IF(AY26<=0,0,MIN('Your debts'!$E$15,AY26)) | BA26: =AY26-AZ26 | BB26: =IF('Your debts'!$F$15="",0,MIN(BA26,MAX(0,MAX(0,'Your debts'!$C$19-(G26+L26+Q26+V26+AA26+AF26+AK26+AP26+AU26+AZ26))-(IF(AND('Your debts'!$F$6<>"",'Your debts'!$F$15<>"",'Your debts'!$F$6<'Your debts'!$F$15),H26,0)+IF(AND('Your debts'!$F$7<>"",'Your debts'!$F$15<>"",'Your debts'!$F$7<'Your debts'!$F$15),M26,0)+IF(AND('Your debts'!$F$8<>"",'Your debts'!$F$15<>"",'Your debts'!$F$8<'Your debts'!$F$15),R26,0)+IF(AND('Your debts'!$F$9<>"",'Your debts'!$F$15<>"",'Your debts'!$F$9<'Your debts'!$F$15),W26,0)+IF(AND('Your debts'!$F$10<>"",'Your debts'!$F$15<>"",'Your debts'!$F$10<'Your debts'!$F$15),AB26,0)+IF(AND('Your debts'!$F$11<>"",'Your debts'!$F$15<>"",'Your debts'!$F$11<'Your debts'!$F$15),AG26,0)+IF(AND('Your debts'!$F$12<>"",'Your debts'!$F$15<>"",'Your debts'!$F$12<'Your debts'!$F$15),AL26,0)+IF(AND('Your debts'!$F$13<>"",'Your debts'!$F$15<>"",'Your debts'!$F$13<'Your debts'!$F$15),AQ26,0)+IF(AND('Your debts'!$F$14<>"",'Your debts'!$F$15<>"",'Your debts'!$F$14<'Your debts'!$F$15),AV26,0))))) | BC26: =BA26-BB26
A27: 12 | B27: =EDATE($B$15,12) | C27: =IF(J26<=0,0,F27-J26)+IF(O26<=0,0,K27-O26)+IF(T26<=0,0,P27-T26)+IF(Y26<=0,0,U27-Y26)+IF(AD26<=0,0,Z27-AD26)+IF(AI26<=0,0,AE27-AI26)+IF(AN26<=0,0,AJ27-AN26)+IF(AS26<=0,0,AO27-AS26)+IF(AX26<=0,0,AT27-AX26)+IF(BC26<=0,0,AY27-BC26) | D27: =G27+I27+L27+N27+Q27+S27+V27+X27+AA27+AC27+AF27+AH27+AK27+AM27+AP27+AR27+AU27+AW27+AZ27+BB27 | E27: =J27+O27+T27+Y27+AD27+AI27+AN27+AS27+AX27+BC27 | F27: =IF(J26<=0,0,ROUND(J26*(1+'Your debts'!$D$6/1200),2)) | G27: =IF(F27<=0,0,MIN('Your debts'!$E$6,F27)) | H27: =F27-G27 | I27: =IF('Your debts'!$F$6="",0,MIN(H27,MAX(0,MAX(0,'Your debts'!$C$19-(G27+L27+Q27+V27+AA27+AF27+AK27+AP27+AU27+AZ27))-(IF(AND('Your debts'!$F$7<>"",'Your debts'!$F$6<>"",'Your debts'!$F$7<'Your debts'!$F$6),M27,0)+IF(AND('Your debts'!$F$8<>"",'Your debts'!$F$6<>"",'Your debts'!$F$8<'Your debts'!$F$6),R27,0)+IF(AND('Your debts'!$F$9<>"",'Your debts'!$F$6<>"",'Your debts'!$F$9<'Your debts'!$F$6),W27,0)+IF(AND('Your debts'!$F$10<>"",'Your debts'!$F$6<>"",'Your debts'!$F$10<'Your debts'!$F$6),AB27,0)+IF(AND('Your debts'!$F$11<>"",'Your debts'!$F$6<>"",'Your debts'!$F$11<'Your debts'!$F$6),AG27,0)+IF(AND('Your debts'!$F$12<>"",'Your debts'!$F$6<>"",'Your debts'!$F$12<'Your debts'!$F$6),AL27,0)+IF(AND('Your debts'!$F$13<>"",'Your debts'!$F$6<>"",'Your debts'!$F$13<'Your debts'!$F$6),AQ27,0)+IF(AND('Your debts'!$F$14<>"",'Your debts'!$F$6<>"",'Your debts'!$F$14<'Your debts'!$F$6),AV27,0)+IF(AND('Your debts'!$F$15<>"",'Your debts'!$F$6<>"",'Your debts'!$F$15<'Your debts'!$F$6),BA27,0))))) | J27: =H27-I27 | K27: =IF(O26<=0,0,ROUND(O26*(1+'Your debts'!$D$7/1200),2)) | L27: =IF(K27<=0,0,MIN('Your debts'!$E$7,K27)) | M27: =K27-L27 | N27: =IF('Your debts'!$F$7="",0,MIN(M27,MAX(0,MAX(0,'Your debts'!$C$19-(G27+L27+Q27+V27+AA27+AF27+AK27+AP27+AU27+AZ27))-(IF(AND('Your debts'!$F$6<>"",'Your debts'!$F$7<>"",'Your debts'!$F$6<'Your debts'!$F$7),H27,0)+IF(AND('Your debts'!$F$8<>"",'Your debts'!$F$7<>"",'Your debts'!$F$8<'Your debts'!$F$7),R27,0)+IF(AND('Your debts'!$F$9<>"",'Your debts'!$F$7<>"",'Your debts'!$F$9<'Your debts'!$F$7),W27,0)+IF(AND('Your debts'!$F$10<>"",'Your debts'!$F$7<>"",'Your debts'!$F$10<'Your debts'!$F$7),AB27,0)+IF(AND('Your debts'!$F$11<>"",'Your debts'!$F$7<>"",'Your debts'!$F$11<'Your debts'!$F$7),AG27,0)+IF(AND('Your debts'!$F$12<>"",'Your debts'!$F$7<>"",'Your debts'!$F$12<'Your debts'!$F$7),AL27,0)+IF(AND('Your debts'!$F$13<>"",'Your debts'!$F$7<>"",'Your debts'!$F$13<'Your debts'!$F$7),AQ27,0)+IF(AND('Your debts'!$F$14<>"",'Your debts'!$F$7<>"",'Your debts'!$F$14<'Your debts'!$F$7),AV27,0)+IF(AND('Your debts'!$F$15<>"",'Your debts'!$F$7<>"",'Your debts'!$F$15<'Your debts'!$F$7),BA27,0))))) | O27: =M27-N27 | P27: =IF(T26<=0,0,ROUND(T26*(1+'Your debts'!$D$8/1200),2)) | Q27: =IF(P27<=0,0,MIN('Your debts'!$E$8,P27)) | R27: =P27-Q27 | S27: =IF('Your debts'!$F$8="",0,MIN(R27,MAX(0,MAX(0,'Your debts'!$C$19-(G27+L27+Q27+V27+AA27+AF27+AK27+AP27+AU27+AZ27))-(IF(AND('Your debts'!$F$6<>"",'Your debts'!$F$8<>"",'Your debts'!$F$6<'Your debts'!$F$8),H27,0)+IF(AND('Your debts'!$F$7<>"",'Your debts'!$F$8<>"",'Your debts'!$F$7<'Your debts'!$F$8),M27,0)+IF(AND('Your debts'!$F$9<>"",'Your debts'!$F$8<>"",'Your debts'!$F$9<'Your debts'!$F$8),W27,0)+IF(AND('Your debts'!$F$10<>"",'Your debts'!$F$8<>"",'Your debts'!$F$10<'Your debts'!$F$8),AB27,0)+IF(AND('Your debts'!$F$11<>"",'Your debts'!$F$8<>"",'Your debts'!$F$11<'Your debts'!$F$8),AG27,0)+IF(AND('Your debts'!$F$12<>"",'Your debts'!$F$8<>"",'Your debts'!$F$12<'Your debts'!$F$8),AL27,0)+IF(AND('Your debts'!$F$13<>"",'Your debts'!$F$8<>"",'Your debts'!$F$13<'Your debts'!$F$8),AQ27,0)+IF(AND('Your debts'!$F$14<>"",'Your debts'!$F$8<>"",'Your debts'!$F$14<'Your debts'!$F$8),AV27,0)+IF(AND('Your debts'!$F$15<>"",'Your debts'!$F$8<>"",'Your debts'!$F$15<'Your debts'!$F$8),BA27,0))))) | T27: =R27-S27 | U27: =IF(Y26<=0,0,ROUND(Y26*(1+'Your debts'!$D$9/1200),2)) | V27: =IF(U27<=0,0,MIN('Your debts'!$E$9,U27)) | W27: =U27-V27 | X27: =IF('Your debts'!$F$9="",0,MIN(W27,MAX(0,MAX(0,'Your debts'!$C$19-(G27+L27+Q27+V27+AA27+AF27+AK27+AP27+AU27+AZ27))-(IF(AND('Your debts'!$F$6<>"",'Your debts'!$F$9<>"",'Your debts'!$F$6<'Your debts'!$F$9),H27,0)+IF(AND('Your debts'!$F$7<>"",'Your debts'!$F$9<>"",'Your debts'!$F$7<'Your debts'!$F$9),M27,0)+IF(AND('Your debts'!$F$8<>"",'Your debts'!$F$9<>"",'Your debts'!$F$8<'Your debts'!$F$9),R27,0)+IF(AND('Your debts'!$F$10<>"",'Your debts'!$F$9<>"",'Your debts'!$F$10<'Your debts'!$F$9),AB27,0)+IF(AND('Your debts'!$F$11<>"",'Your debts'!$F$9<>"",'Your debts'!$F$11<'Your debts'!$F$9),AG27,0)+IF(AND('Your debts'!$F$12<>"",'Your debts'!$F$9<>"",'Your debts'!$F$12<'Your debts'!$F$9),AL27,0)+IF(AND('Your debts'!$F$13<>"",'Your debts'!$F$9<>"",'Your debts'!$F$13<'Your debts'!$F$9),AQ27,0)+IF(AND('Your debts'!$F$14<>"",'Your debts'!$F$9<>"",'Your debts'!$F$14<'Your debts'!$F$9),AV27,0)+IF(AND('Your debts'!$F$15<>"",'Your debts'!$F$9<>"",'Your debts'!$F$15<'Your debts'!$F$9),BA27,0))))) | Y27: =W27-X27 | Z27: =IF(AD26<=0,0,ROUND(AD26*(1+'Your debts'!$D$10/1200),2)) | AA27: =IF(Z27<=0,0,MIN('Your debts'!$E$10,Z27)) | AB27: =Z27-AA27 | AC27: =IF('Your debts'!$F$10="",0,MIN(AB27,MAX(0,MAX(0,'Your debts'!$C$19-(G27+L27+Q27+V27+AA27+AF27+AK27+AP27+AU27+AZ27))-(IF(AND('Your debts'!$F$6<>"",'Your debts'!$F$10<>"",'Your debts'!$F$6<'Your debts'!$F$10),H27,0)+IF(AND('Your debts'!$F$7<>"",'Your debts'!$F$10<>"",'Your debts'!$F$7<'Your debts'!$F$10),M27,0)+IF(AND('Your debts'!$F$8<>"",'Your debts'!$F$10<>"",'Your debts'!$F$8<'Your debts'!$F$10),R27,0)+IF(AND('Your debts'!$F$9<>"",'Your debts'!$F$10<>"",'Your debts'!$F$9<'Your debts'!$F$10),W27,0)+IF(AND('Your debts'!$F$11<>"",'Your debts'!$F$10<>"",'Your debts'!$F$11<'Your debts'!$F$10),AG27,0)+IF(AND('Your debts'!$F$12<>"",'Your debts'!$F$10<>"",'Your debts'!$F$12<'Your debts'!$F$10),AL27,0)+IF(AND('Your debts'!$F$13<>"",'Your debts'!$F$10<>"",'Your debts'!$F$13<'Your debts'!$F$10),AQ27,0)+IF(AND('Your debts'!$F$14<>"",'Your debts'!$F$10<>"",'Your debts'!$F$14<'Your debts'!$F$10),AV27,0)+IF(AND('Your debts'!$F$15<>"",'Your debts'!$F$10<>"",'Your debts'!$F$15<'Your debts'!$F$10),BA27,0))))) | AD27: =AB27-AC27 | AE27: =IF(AI26<=0,0,ROUND(AI26*(1+'Your debts'!$D$11/1200),2)) | AF27: =IF(AE27<=0,0,MIN('Your debts'!$E$11,AE27)) | AG27: =AE27-AF27 | AH27: =IF('Your debts'!$F$11="",0,MIN(AG27,MAX(0,MAX(0,'Your debts'!$C$19-(G27+L27+Q27+V27+AA27+AF27+AK27+AP27+AU27+AZ27))-(IF(AND('Your debts'!$F$6<>"",'Your debts'!$F$11<>"",'Your debts'!$F$6<'Your debts'!$F$11),H27,0)+IF(AND('Your debts'!$F$7<>"",'Your debts'!$F$11<>"",'Your debts'!$F$7<'Your debts'!$F$11),M27,0)+IF(AND('Your debts'!$F$8<>"",'Your debts'!$F$11<>"",'Your debts'!$F$8<'Your debts'!$F$11),R27,0)+IF(AND('Your debts'!$F$9<>"",'Your debts'!$F$11<>"",'Your debts'!$F$9<'Your debts'!$F$11),W27,0)+IF(AND('Your debts'!$F$10<>"",'Your debts'!$F$11<>"",'Your debts'!$F$10<'Your debts'!$F$11),AB27,0)+IF(AND('Your debts'!$F$12<>"",'Your debts'!$F$11<>"",'Your debts'!$F$12<'Your debts'!$F$11),AL27,0)+IF(AND('Your debts'!$F$13<>"",'Your debts'!$F$11<>"",'Your debts'!$F$13<'Your debts'!$F$11),AQ27,0)+IF(AND('Your debts'!$F$14<>"",'Your debts'!$F$11<>"",'Your debts'!$F$14<'Your debts'!$F$11),AV27,0)+IF(AND('Your debts'!$F$15<>"",'Your debts'!$F$11<>"",'Your debts'!$F$15<'Your debts'!$F$11),BA27,0))))) | AI27: =AG27-AH27 | AJ27: =IF(AN26<=0,0,ROUND(AN26*(1+'Your debts'!$D$12/1200),2)) | AK27: =IF(AJ27<=0,0,MIN('Your debts'!$E$12,AJ27)) | AL27: =AJ27-AK27 | AM27: =IF('Your debts'!$F$12="",0,MIN(AL27,MAX(0,MAX(0,'Your debts'!$C$19-(G27+L27+Q27+V27+AA27+AF27+AK27+AP27+AU27+AZ27))-(IF(AND('Your debts'!$F$6<>"",'Your debts'!$F$12<>"",'Your debts'!$F$6<'Your debts'!$F$12),H27,0)+IF(AND('Your debts'!$F$7<>"",'Your debts'!$F$12<>"",'Your debts'!$F$7<'Your debts'!$F$12),M27,0)+IF(AND('Your debts'!$F$8<>"",'Your debts'!$F$12<>"",'Your debts'!$F$8<'Your debts'!$F$12),R27,0)+IF(AND('Your debts'!$F$9<>"",'Your debts'!$F$12<>"",'Your debts'!$F$9<'Your debts'!$F$12),W27,0)+IF(AND('Your debts'!$F$10<>"",'Your debts'!$F$12<>"",'Your debts'!$F$10<'Your debts'!$F$12),AB27,0)+IF(AND('Your debts'!$F$11<>"",'Your debts'!$F$12<>"",'Your debts'!$F$11<'Your debts'!$F$12),AG27,0)+IF(AND('Your debts'!$F$13<>"",'Your debts'!$F$12<>"",'Your debts'!$F$13<'Your debts'!$F$12),AQ27,0)+IF(AND('Your debts'!$F$14<>"",'Your debts'!$F$12<>"",'Your debts'!$F$14<'Your debts'!$F$12),AV27,0)+IF(AND('Your debts'!$F$15<>"",'Your debts'!$F$12<>"",'Your debts'!$F$15<'Your debts'!$F$12),BA27,0))))) | AN27: =AL27-AM27 | AO27: =IF(AS26<=0,0,ROUND(AS26*(1+'Your debts'!$D$13/1200),2)) | AP27: =IF(AO27<=0,0,MIN('Your debts'!$E$13,AO27)) | AQ27: =AO27-AP27 | AR27: =IF('Your debts'!$F$13="",0,MIN(AQ27,MAX(0,MAX(0,'Your debts'!$C$19-(G27+L27+Q27+V27+AA27+AF27+AK27+AP27+AU27+AZ27))-(IF(AND('Your debts'!$F$6<>"",'Your debts'!$F$13<>"",'Your debts'!$F$6<'Your debts'!$F$13),H27,0)+IF(AND('Your debts'!$F$7<>"",'Your debts'!$F$13<>"",'Your debts'!$F$7<'Your debts'!$F$13),M27,0)+IF(AND('Your debts'!$F$8<>"",'Your debts'!$F$13<>"",'Your debts'!$F$8<'Your debts'!$F$13),R27,0)+IF(AND('Your debts'!$F$9<>"",'Your debts'!$F$13<>"",'Your debts'!$F$9<'Your debts'!$F$13),W27,0)+IF(AND('Your debts'!$F$10<>"",'Your debts'!$F$13<>"",'Your debts'!$F$10<'Your debts'!$F$13),AB27,0)+IF(AND('Your debts'!$F$11<>"",'Your debts'!$F$13<>"",'Your debts'!$F$11<'Your debts'!$F$13),AG27,0)+IF(AND('Your debts'!$F$12<>"",'Your debts'!$F$13<>"",'Your debts'!$F$12<'Your debts'!$F$13),AL27,0)+IF(AND('Your debts'!$F$14<>"",'Your debts'!$F$13<>"",'Your debts'!$F$14<'Your debts'!$F$13),AV27,0)+IF(AND('Your debts'!$F$15<>"",'Your debts'!$F$13<>"",'Your debts'!$F$15<'Your debts'!$F$13),BA27,0))))) | AS27: =AQ27-AR27 | AT27: =IF(AX26<=0,0,ROUND(AX26*(1+'Your debts'!$D$14/1200),2)) | AU27: =IF(AT27<=0,0,MIN('Your debts'!$E$14,AT27)) | AV27: =AT27-AU27 | AW27: =IF('Your debts'!$F$14="",0,MIN(AV27,MAX(0,MAX(0,'Your debts'!$C$19-(G27+L27+Q27+V27+AA27+AF27+AK27+AP27+AU27+AZ27))-(IF(AND('Your debts'!$F$6<>"",'Your debts'!$F$14<>"",'Your debts'!$F$6<'Your debts'!$F$14),H27,0)+IF(AND('Your debts'!$F$7<>"",'Your debts'!$F$14<>"",'Your debts'!$F$7<'Your debts'!$F$14),M27,0)+IF(AND('Your debts'!$F$8<>"",'Your debts'!$F$14<>"",'Your debts'!$F$8<'Your debts'!$F$14),R27,0)+IF(AND('Your debts'!$F$9<>"",'Your debts'!$F$14<>"",'Your debts'!$F$9<'Your debts'!$F$14),W27,0)+IF(AND('Your debts'!$F$10<>"",'Your debts'!$F$14<>"",'Your debts'!$F$10<'Your debts'!$F$14),AB27,0)+IF(AND('Your debts'!$F$11<>"",'Your debts'!$F$14<>"",'Your debts'!$F$11<'Your debts'!$F$14),AG27,0)+IF(AND('Your debts'!$F$12<>"",'Your debts'!$F$14<>"",'Your debts'!$F$12<'Your debts'!$F$14),AL27,0)+IF(AND('Your debts'!$F$13<>"",'Your debts'!$F$14<>"",'Your debts'!$F$13<'Your debts'!$F$14),AQ27,0)+IF(AND('Your debts'!$F$15<>"",'Your debts'!$F$14<>"",'Your debts'!$F$15<'Your debts'!$F$14),BA27,0))))) | AX27: =AV27-AW27 | AY27: =IF(BC26<=0,0,ROUND(BC26*(1+'Your debts'!$D$15/1200),2)) | AZ27: =IF(AY27<=0,0,MIN('Your debts'!$E$15,AY27)) | BA27: =AY27-AZ27 | BB27: =IF('Your debts'!$F$15="",0,MIN(BA27,MAX(0,MAX(0,'Your debts'!$C$19-(G27+L27+Q27+V27+AA27+AF27+AK27+AP27+AU27+AZ27))-(IF(AND('Your debts'!$F$6<>"",'Your debts'!$F$15<>"",'Your debts'!$F$6<'Your debts'!$F$15),H27,0)+IF(AND('Your debts'!$F$7<>"",'Your debts'!$F$15<>"",'Your debts'!$F$7<'Your debts'!$F$15),M27,0)+IF(AND('Your debts'!$F$8<>"",'Your debts'!$F$15<>"",'Your debts'!$F$8<'Your debts'!$F$15),R27,0)+IF(AND('Your debts'!$F$9<>"",'Your debts'!$F$15<>"",'Your debts'!$F$9<'Your debts'!$F$15),W27,0)+IF(AND('Your debts'!$F$10<>"",'Your debts'!$F$15<>"",'Your debts'!$F$10<'Your debts'!$F$15),AB27,0)+IF(AND('Your debts'!$F$11<>"",'Your debts'!$F$15<>"",'Your debts'!$F$11<'Your debts'!$F$15),AG27,0)+IF(AND('Your debts'!$F$12<>"",'Your debts'!$F$15<>"",'Your debts'!$F$12<'Your debts'!$F$15),AL27,0)+IF(AND('Your debts'!$F$13<>"",'Your debts'!$F$15<>"",'Your debts'!$F$13<'Your debts'!$F$15),AQ27,0)+IF(AND('Your debts'!$F$14<>"",'Your debts'!$F$15<>"",'Your debts'!$F$14<'Your debts'!$F$15),AV27,0))))) | BC27: =BA27-BB27
A28: 13 | B28: =EDATE($B$15,13) | C28: =IF(J27<=0,0,F28-J27)+IF(O27<=0,0,K28-O27)+IF(T27<=0,0,P28-T27)+IF(Y27<=0,0,U28-Y27)+IF(AD27<=0,0,Z28-AD27)+IF(AI27<=0,0,AE28-AI27)+IF(AN27<=0,0,AJ28-AN27)+IF(AS27<=0,0,AO28-AS27)+IF(AX27<=0,0,AT28-AX27)+IF(BC27<=0,0,AY28-BC27) | D28: =G28+I28+L28+N28+Q28+S28+V28+X28+AA28+AC28+AF28+AH28+AK28+AM28+AP28+AR28+AU28+AW28+AZ28+BB28 | E28: =J28+O28+T28+Y28+AD28+AI28+AN28+AS28+AX28+BC28 | F28: =IF(J27<=0,0,ROUND(J27*(1+'Your debts'!$D$6/1200),2)) | G28: =IF(F28<=0,0,MIN('Your debts'!$E$6,F28)) | H28: =F28-G28 | I28: =IF('Your debts'!$F$6="",0,MIN(H28,MAX(0,MAX(0,'Your debts'!$C$19-(G28+L28+Q28+V28+AA28+AF28+AK28+AP28+AU28+AZ28))-(IF(AND('Your debts'!$F$7<>"",'Your debts'!$F$6<>"",'Your debts'!$F$7<'Your debts'!$F$6),M28,0)+IF(AND('Your debts'!$F$8<>"",'Your debts'!$F$6<>"",'Your debts'!$F$8<'Your debts'!$F$6),R28,0)+IF(AND('Your debts'!$F$9<>"",'Your debts'!$F$6<>"",'Your debts'!$F$9<'Your debts'!$F$6),W28,0)+IF(AND('Your debts'!$F$10<>"",'Your debts'!$F$6<>"",'Your debts'!$F$10<'Your debts'!$F$6),AB28,0)+IF(AND('Your debts'!$F$11<>"",'Your debts'!$F$6<>"",'Your debts'!$F$11<'Your debts'!$F$6),AG28,0)+IF(AND('Your debts'!$F$12<>"",'Your debts'!$F$6<>"",'Your debts'!$F$12<'Your debts'!$F$6),AL28,0)+IF(AND('Your debts'!$F$13<>"",'Your debts'!$F$6<>"",'Your debts'!$F$13<'Your debts'!$F$6),AQ28,0)+IF(AND('Your debts'!$F$14<>"",'Your debts'!$F$6<>"",'Your debts'!$F$14<'Your debts'!$F$6),AV28,0)+IF(AND('Your debts'!$F$15<>"",'Your debts'!$F$6<>"",'Your debts'!$F$15<'Your debts'!$F$6),BA28,0))))) | J28: =H28-I28 | K28: =IF(O27<=0,0,ROUND(O27*(1+'Your debts'!$D$7/1200),2)) | L28: =IF(K28<=0,0,MIN('Your debts'!$E$7,K28)) | M28: =K28-L28 | N28: =IF('Your debts'!$F$7="",0,MIN(M28,MAX(0,MAX(0,'Your debts'!$C$19-(G28+L28+Q28+V28+AA28+AF28+AK28+AP28+AU28+AZ28))-(IF(AND('Your debts'!$F$6<>"",'Your debts'!$F$7<>"",'Your debts'!$F$6<'Your debts'!$F$7),H28,0)+IF(AND('Your debts'!$F$8<>"",'Your debts'!$F$7<>"",'Your debts'!$F$8<'Your debts'!$F$7),R28,0)+IF(AND('Your debts'!$F$9<>"",'Your debts'!$F$7<>"",'Your debts'!$F$9<'Your debts'!$F$7),W28,0)+IF(AND('Your debts'!$F$10<>"",'Your debts'!$F$7<>"",'Your debts'!$F$10<'Your debts'!$F$7),AB28,0)+IF(AND('Your debts'!$F$11<>"",'Your debts'!$F$7<>"",'Your debts'!$F$11<'Your debts'!$F$7),AG28,0)+IF(AND('Your debts'!$F$12<>"",'Your debts'!$F$7<>"",'Your debts'!$F$12<'Your debts'!$F$7),AL28,0)+IF(AND('Your debts'!$F$13<>"",'Your debts'!$F$7<>"",'Your debts'!$F$13<'Your debts'!$F$7),AQ28,0)+IF(AND('Your debts'!$F$14<>"",'Your debts'!$F$7<>"",'Your debts'!$F$14<'Your debts'!$F$7),AV28,0)+IF(AND('Your debts'!$F$15<>"",'Your debts'!$F$7<>"",'Your debts'!$F$15<'Your debts'!$F$7),BA28,0))))) | O28: =M28-N28 | P28: =IF(T27<=0,0,ROUND(T27*(1+'Your debts'!$D$8/1200),2)) | Q28: =IF(P28<=0,0,MIN('Your debts'!$E$8,P28)) | R28: =P28-Q28 | S28: =IF('Your debts'!$F$8="",0,MIN(R28,MAX(0,MAX(0,'Your debts'!$C$19-(G28+L28+Q28+V28+AA28+AF28+AK28+AP28+AU28+AZ28))-(IF(AND('Your debts'!$F$6<>"",'Your debts'!$F$8<>"",'Your debts'!$F$6<'Your debts'!$F$8),H28,0)+IF(AND('Your debts'!$F$7<>"",'Your debts'!$F$8<>"",'Your debts'!$F$7<'Your debts'!$F$8),M28,0)+IF(AND('Your debts'!$F$9<>"",'Your debts'!$F$8<>"",'Your debts'!$F$9<'Your debts'!$F$8),W28,0)+IF(AND('Your debts'!$F$10<>"",'Your debts'!$F$8<>"",'Your debts'!$F$10<'Your debts'!$F$8),AB28,0)+IF(AND('Your debts'!$F$11<>"",'Your debts'!$F$8<>"",'Your debts'!$F$11<'Your debts'!$F$8),AG28,0)+IF(AND('Your debts'!$F$12<>"",'Your debts'!$F$8<>"",'Your debts'!$F$12<'Your debts'!$F$8),AL28,0)+IF(AND('Your debts'!$F$13<>"",'Your debts'!$F$8<>"",'Your debts'!$F$13<'Your debts'!$F$8),AQ28,0)+IF(AND('Your debts'!$F$14<>"",'Your debts'!$F$8<>"",'Your debts'!$F$14<'Your debts'!$F$8),AV28,0)+IF(AND('Your debts'!$F$15<>"",'Your debts'!$F$8<>"",'Your debts'!$F$15<'Your debts'!$F$8),BA28,0))))) | T28: =R28-S28 | U28: =IF(Y27<=0,0,ROUND(Y27*(1+'Your debts'!$D$9/1200),2)) | V28: =IF(U28<=0,0,MIN('Your debts'!$E$9,U28)) | W28: =U28-V28 | X28: =IF('Your debts'!$F$9="",0,MIN(W28,MAX(0,MAX(0,'Your debts'!$C$19-(G28+L28+Q28+V28+AA28+AF28+AK28+AP28+AU28+AZ28))-(IF(AND('Your debts'!$F$6<>"",'Your debts'!$F$9<>"",'Your debts'!$F$6<'Your debts'!$F$9),H28,0)+IF(AND('Your debts'!$F$7<>"",'Your debts'!$F$9<>"",'Your debts'!$F$7<'Your debts'!$F$9),M28,0)+IF(AND('Your debts'!$F$8<>"",'Your debts'!$F$9<>"",'Your debts'!$F$8<'Your debts'!$F$9),R28,0)+IF(AND('Your debts'!$F$10<>"",'Your debts'!$F$9<>"",'Your debts'!$F$10<'Your debts'!$F$9),AB28,0)+IF(AND('Your debts'!$F$11<>"",'Your debts'!$F$9<>"",'Your debts'!$F$11<'Your debts'!$F$9),AG28,0)+IF(AND('Your debts'!$F$12<>"",'Your debts'!$F$9<>"",'Your debts'!$F$12<'Your debts'!$F$9),AL28,0)+IF(AND('Your debts'!$F$13<>"",'Your debts'!$F$9<>"",'Your debts'!$F$13<'Your debts'!$F$9),AQ28,0)+IF(AND('Your debts'!$F$14<>"",'Your debts'!$F$9<>"",'Your debts'!$F$14<'Your debts'!$F$9),AV28,0)+IF(AND('Your debts'!$F$15<>"",'Your debts'!$F$9<>"",'Your debts'!$F$15<'Your debts'!$F$9),BA28,0))))) | Y28: =W28-X28 | Z28: =IF(AD27<=0,0,ROUND(AD27*(1+'Your debts'!$D$10/1200),2)) | AA28: =IF(Z28<=0,0,MIN('Your debts'!$E$10,Z28)) | AB28: =Z28-AA28 | AC28: =IF('Your debts'!$F$10="",0,MIN(AB28,MAX(0,MAX(0,'Your debts'!$C$19-(G28+L28+Q28+V28+AA28+AF28+AK28+AP28+AU28+AZ28))-(IF(AND('Your debts'!$F$6<>"",'Your debts'!$F$10<>"",'Your debts'!$F$6<'Your debts'!$F$10),H28,0)+IF(AND('Your debts'!$F$7<>"",'Your debts'!$F$10<>"",'Your debts'!$F$7<'Your debts'!$F$10),M28,0)+IF(AND('Your debts'!$F$8<>"",'Your debts'!$F$10<>"",'Your debts'!$F$8<'Your debts'!$F$10),R28,0)+IF(AND('Your debts'!$F$9<>"",'Your debts'!$F$10<>"",'Your debts'!$F$9<'Your debts'!$F$10),W28,0)+IF(AND('Your debts'!$F$11<>"",'Your debts'!$F$10<>"",'Your debts'!$F$11<'Your debts'!$F$10),AG28,0)+IF(AND('Your debts'!$F$12<>"",'Your debts'!$F$10<>"",'Your debts'!$F$12<'Your debts'!$F$10),AL28,0)+IF(AND('Your debts'!$F$13<>"",'Your debts'!$F$10<>"",'Your debts'!$F$13<'Your debts'!$F$10),AQ28,0)+IF(AND('Your debts'!$F$14<>"",'Your debts'!$F$10<>"",'Your debts'!$F$14<'Your debts'!$F$10),AV28,0)+IF(AND('Your debts'!$F$15<>"",'Your debts'!$F$10<>"",'Your debts'!$F$15<'Your debts'!$F$10),BA28,0))))) | AD28: =AB28-AC28 | AE28: =IF(AI27<=0,0,ROUND(AI27*(1+'Your debts'!$D$11/1200),2)) | AF28: =IF(AE28<=0,0,MIN('Your debts'!$E$11,AE28)) | AG28: =AE28-AF28 | AH28: =IF('Your debts'!$F$11="",0,MIN(AG28,MAX(0,MAX(0,'Your debts'!$C$19-(G28+L28+Q28+V28+AA28+AF28+AK28+AP28+AU28+AZ28))-(IF(AND('Your debts'!$F$6<>"",'Your debts'!$F$11<>"",'Your debts'!$F$6<'Your debts'!$F$11),H28,0)+IF(AND('Your debts'!$F$7<>"",'Your debts'!$F$11<>"",'Your debts'!$F$7<'Your debts'!$F$11),M28,0)+IF(AND('Your debts'!$F$8<>"",'Your debts'!$F$11<>"",'Your debts'!$F$8<'Your debts'!$F$11),R28,0)+IF(AND('Your debts'!$F$9<>"",'Your debts'!$F$11<>"",'Your debts'!$F$9<'Your debts'!$F$11),W28,0)+IF(AND('Your debts'!$F$10<>"",'Your debts'!$F$11<>"",'Your debts'!$F$10<'Your debts'!$F$11),AB28,0)+IF(AND('Your debts'!$F$12<>"",'Your debts'!$F$11<>"",'Your debts'!$F$12<'Your debts'!$F$11),AL28,0)+IF(AND('Your debts'!$F$13<>"",'Your debts'!$F$11<>"",'Your debts'!$F$13<'Your debts'!$F$11),AQ28,0)+IF(AND('Your debts'!$F$14<>"",'Your debts'!$F$11<>"",'Your debts'!$F$14<'Your debts'!$F$11),AV28,0)+IF(AND('Your debts'!$F$15<>"",'Your debts'!$F$11<>"",'Your debts'!$F$15<'Your debts'!$F$11),BA28,0))))) | AI28: =AG28-AH28 | AJ28: =IF(AN27<=0,0,ROUND(AN27*(1+'Your debts'!$D$12/1200),2)) | AK28: =IF(AJ28<=0,0,MIN('Your debts'!$E$12,AJ28)) | AL28: =AJ28-AK28 | AM28: =IF('Your debts'!$F$12="",0,MIN(AL28,MAX(0,MAX(0,'Your debts'!$C$19-(G28+L28+Q28+V28+AA28+AF28+AK28+AP28+AU28+AZ28))-(IF(AND('Your debts'!$F$6<>"",'Your debts'!$F$12<>"",'Your debts'!$F$6<'Your debts'!$F$12),H28,0)+IF(AND('Your debts'!$F$7<>"",'Your debts'!$F$12<>"",'Your debts'!$F$7<'Your debts'!$F$12),M28,0)+IF(AND('Your debts'!$F$8<>"",'Your debts'!$F$12<>"",'Your debts'!$F$8<'Your debts'!$F$12),R28,0)+IF(AND('Your debts'!$F$9<>"",'Your debts'!$F$12<>"",'Your debts'!$F$9<'Your debts'!$F$12),W28,0)+IF(AND('Your debts'!$F$10<>"",'Your debts'!$F$12<>"",'Your debts'!$F$10<'Your debts'!$F$12),AB28,0)+IF(AND('Your debts'!$F$11<>"",'Your debts'!$F$12<>"",'Your debts'!$F$11<'Your debts'!$F$12),AG28,0)+IF(AND('Your debts'!$F$13<>"",'Your debts'!$F$12<>"",'Your debts'!$F$13<'Your debts'!$F$12),AQ28,0)+IF(AND('Your debts'!$F$14<>"",'Your debts'!$F$12<>"",'Your debts'!$F$14<'Your debts'!$F$12),AV28,0)+IF(AND('Your debts'!$F$15<>"",'Your debts'!$F$12<>"",'Your debts'!$F$15<'Your debts'!$F$12),BA28,0))))) | AN28: =AL28-AM28 | AO28: =IF(AS27<=0,0,ROUND(AS27*(1+'Your debts'!$D$13/1200),2)) | AP28: =IF(AO28<=0,0,MIN('Your debts'!$E$13,AO28)) | AQ28: =AO28-AP28 | AR28: =IF('Your debts'!$F$13="",0,MIN(AQ28,MAX(0,MAX(0,'Your debts'!$C$19-(G28+L28+Q28+V28+AA28+AF28+AK28+AP28+AU28+AZ28))-(IF(AND('Your debts'!$F$6<>"",'Your debts'!$F$13<>"",'Your debts'!$F$6<'Your debts'!$F$13),H28,0)+IF(AND('Your debts'!$F$7<>"",'Your debts'!$F$13<>"",'Your debts'!$F$7<'Your debts'!$F$13),M28,0)+IF(AND('Your debts'!$F$8<>"",'Your debts'!$F$13<>"",'Your debts'!$F$8<'Your debts'!$F$13),R28,0)+IF(AND('Your debts'!$F$9<>"",'Your debts'!$F$13<>"",'Your debts'!$F$9<'Your debts'!$F$13),W28,0)+IF(AND('Your debts'!$F$10<>"",'Your debts'!$F$13<>"",'Your debts'!$F$10<'Your debts'!$F$13),AB28,0)+IF(AND('Your debts'!$F$11<>"",'Your debts'!$F$13<>"",'Your debts'!$F$11<'Your debts'!$F$13),AG28,0)+IF(AND('Your debts'!$F$12<>"",'Your debts'!$F$13<>"",'Your debts'!$F$12<'Your debts'!$F$13),AL28,0)+IF(AND('Your debts'!$F$14<>"",'Your debts'!$F$13<>"",'Your debts'!$F$14<'Your debts'!$F$13),AV28,0)+IF(AND('Your debts'!$F$15<>"",'Your debts'!$F$13<>"",'Your debts'!$F$15<'Your debts'!$F$13),BA28,0))))) | AS28: =AQ28-AR28 | AT28: =IF(AX27<=0,0,ROUND(AX27*(1+'Your debts'!$D$14/1200),2)) | AU28: =IF(AT28<=0,0,MIN('Your debts'!$E$14,AT28)) | AV28: =AT28-AU28 | AW28: =IF('Your debts'!$F$14="",0,MIN(AV28,MAX(0,MAX(0,'Your debts'!$C$19-(G28+L28+Q28+V28+AA28+AF28+AK28+AP28+AU28+AZ28))-(IF(AND('Your debts'!$F$6<>"",'Your debts'!$F$14<>"",'Your debts'!$F$6<'Your debts'!$F$14),H28,0)+IF(AND('Your debts'!$F$7<>"",'Your debts'!$F$14<>"",'Your debts'!$F$7<'Your debts'!$F$14),M28,0)+IF(AND('Your debts'!$F$8<>"",'Your debts'!$F$14<>"",'Your debts'!$F$8<'Your debts'!$F$14),R28,0)+IF(AND('Your debts'!$F$9<>"",'Your debts'!$F$14<>"",'Your debts'!$F$9<'Your debts'!$F$14),W28,0)+IF(AND('Your debts'!$F$10<>"",'Your debts'!$F$14<>"",'Your debts'!$F$10<'Your debts'!$F$14),AB28,0)+IF(AND('Your debts'!$F$11<>"",'Your debts'!$F$14<>"",'Your debts'!$F$11<'Your debts'!$F$14),AG28,0)+IF(AND('Your debts'!$F$12<>"",'Your debts'!$F$14<>"",'Your debts'!$F$12<'Your debts'!$F$14),AL28,0)+IF(AND('Your debts'!$F$13<>"",'Your debts'!$F$14<>"",'Your debts'!$F$13<'Your debts'!$F$14),AQ28,0)+IF(AND('Your debts'!$F$15<>"",'Your debts'!$F$14<>"",'Your debts'!$F$15<'Your debts'!$F$14),BA28,0))))) | AX28: =AV28-AW28 | AY28: =IF(BC27<=0,0,ROUND(BC27*(1+'Your debts'!$D$15/1200),2)) | AZ28: =IF(AY28<=0,0,MIN('Your debts'!$E$15,AY28)) | BA28: =AY28-AZ28 | BB28: =IF('Your debts'!$F$15="",0,MIN(BA28,MAX(0,MAX(0,'Your debts'!$C$19-(G28+L28+Q28+V28+AA28+AF28+AK28+AP28+AU28+AZ28))-(IF(AND('Your debts'!$F$6<>"",'Your debts'!$F$15<>"",'Your debts'!$F$6<'Your debts'!$F$15),H28,0)+IF(AND('Your debts'!$F$7<>"",'Your debts'!$F$15<>"",'Your debts'!$F$7<'Your debts'!$F$15),M28,0)+IF(AND('Your debts'!$F$8<>"",'Your debts'!$F$15<>"",'Your debts'!$F$8<'Your debts'!$F$15),R28,0)+IF(AND('Your debts'!$F$9<>"",'Your debts'!$F$15<>"",'Your debts'!$F$9<'Your debts'!$F$15),W28,0)+IF(AND('Your debts'!$F$10<>"",'Your debts'!$F$15<>"",'Your debts'!$F$10<'Your debts'!$F$15),AB28,0)+IF(AND('Your debts'!$F$11<>"",'Your debts'!$F$15<>"",'Your debts'!$F$11<'Your debts'!$F$15),AG28,0)+IF(AND('Your debts'!$F$12<>"",'Your debts'!$F$15<>"",'Your debts'!$F$12<'Your debts'!$F$15),AL28,0)+IF(AND('Your debts'!$F$13<>"",'Your debts'!$F$15<>"",'Your debts'!$F$13<'Your debts'!$F$15),AQ28,0)+IF(AND('Your debts'!$F$14<>"",'Your debts'!$F$15<>"",'Your debts'!$F$14<'Your debts'!$F$15),AV28,0))))) | BC28: =BA28-BB28
A29: 14 | B29: =EDATE($B$15,14) | C29: =IF(J28<=0,0,F29-J28)+IF(O28<=0,0,K29-O28)+IF(T28<=0,0,P29-T28)+IF(Y28<=0,0,U29-Y28)+IF(AD28<=0,0,Z29-AD28)+IF(AI28<=0,0,AE29-AI28)+IF(AN28<=0,0,AJ29-AN28)+IF(AS28<=0,0,AO29-AS28)+IF(AX28<=0,0,AT29-AX28)+IF(BC28<=0,0,AY29-BC28) | D29: =G29+I29+L29+N29+Q29+S29+V29+X29+AA29+AC29+AF29+AH29+AK29+AM29+AP29+AR29+AU29+AW29+AZ29+BB29 | E29: =J29+O29+T29+Y29+AD29+AI29+AN29+AS29+AX29+BC29 | F29: =IF(J28<=0,0,ROUND(J28*(1+'Your debts'!$D$6/1200),2)) | G29: =IF(F29<=0,0,MIN('Your debts'!$E$6,F29)) | H29: =F29-G29 | I29: =IF('Your debts'!$F$6="",0,MIN(H29,MAX(0,MAX(0,'Your debts'!$C$19-(G29+L29+Q29+V29+AA29+AF29+AK29+AP29+AU29+AZ29))-(IF(AND('Your debts'!$F$7<>"",'Your debts'!$F$6<>"",'Your debts'!$F$7<'Your debts'!$F$6),M29,0)+IF(AND('Your debts'!$F$8<>"",'Your debts'!$F$6<>"",'Your debts'!$F$8<'Your debts'!$F$6),R29,0)+IF(AND('Your debts'!$F$9<>"",'Your debts'!$F$6<>"",'Your debts'!$F$9<'Your debts'!$F$6),W29,0)+IF(AND('Your debts'!$F$10<>"",'Your debts'!$F$6<>"",'Your debts'!$F$10<'Your debts'!$F$6),AB29,0)+IF(AND('Your debts'!$F$11<>"",'Your debts'!$F$6<>"",'Your debts'!$F$11<'Your debts'!$F$6),AG29,0)+IF(AND('Your debts'!$F$12<>"",'Your debts'!$F$6<>"",'Your debts'!$F$12<'Your debts'!$F$6),AL29,0)+IF(AND('Your debts'!$F$13<>"",'Your debts'!$F$6<>"",'Your debts'!$F$13<'Your debts'!$F$6),AQ29,0)+IF(AND('Your debts'!$F$14<>"",'Your debts'!$F$6<>"",'Your debts'!$F$14<'Your debts'!$F$6),AV29,0)+IF(AND('Your debts'!$F$15<>"",'Your debts'!$F$6<>"",'Your debts'!$F$15<'Your debts'!$F$6),BA29,0))))) | J29: =H29-I29 | K29: =IF(O28<=0,0,ROUND(O28*(1+'Your debts'!$D$7/1200),2)) | L29: =IF(K29<=0,0,MIN('Your debts'!$E$7,K29)) | M29: =K29-L29 | N29: =IF('Your debts'!$F$7="",0,MIN(M29,MAX(0,MAX(0,'Your debts'!$C$19-(G29+L29+Q29+V29+AA29+AF29+AK29+AP29+AU29+AZ29))-(IF(AND('Your debts'!$F$6<>"",'Your debts'!$F$7<>"",'Your debts'!$F$6<'Your debts'!$F$7),H29,0)+IF(AND('Your debts'!$F$8<>"",'Your debts'!$F$7<>"",'Your debts'!$F$8<'Your debts'!$F$7),R29,0)+IF(AND('Your debts'!$F$9<>"",'Your debts'!$F$7<>"",'Your debts'!$F$9<'Your debts'!$F$7),W29,0)+IF(AND('Your debts'!$F$10<>"",'Your debts'!$F$7<>"",'Your debts'!$F$10<'Your debts'!$F$7),AB29,0)+IF(AND('Your debts'!$F$11<>"",'Your debts'!$F$7<>"",'Your debts'!$F$11<'Your debts'!$F$7),AG29,0)+IF(AND('Your debts'!$F$12<>"",'Your debts'!$F$7<>"",'Your debts'!$F$12<'Your debts'!$F$7),AL29,0)+IF(AND('Your debts'!$F$13<>"",'Your debts'!$F$7<>"",'Your debts'!$F$13<'Your debts'!$F$7),AQ29,0)+IF(AND('Your debts'!$F$14<>"",'Your debts'!$F$7<>"",'Your debts'!$F$14<'Your debts'!$F$7),AV29,0)+IF(AND('Your debts'!$F$15<>"",'Your debts'!$F$7<>"",'Your debts'!$F$15<'Your debts'!$F$7),BA29,0))))) | O29: =M29-N29 | P29: =IF(T28<=0,0,ROUND(T28*(1+'Your debts'!$D$8/1200),2)) | Q29: =IF(P29<=0,0,MIN('Your debts'!$E$8,P29)) | R29: =P29-Q29 | S29: =IF('Your debts'!$F$8="",0,MIN(R29,MAX(0,MAX(0,'Your debts'!$C$19-(G29+L29+Q29+V29+AA29+AF29+AK29+AP29+AU29+AZ29))-(IF(AND('Your debts'!$F$6<>"",'Your debts'!$F$8<>"",'Your debts'!$F$6<'Your debts'!$F$8),H29,0)+IF(AND('Your debts'!$F$7<>"",'Your debts'!$F$8<>"",'Your debts'!$F$7<'Your debts'!$F$8),M29,0)+IF(AND('Your debts'!$F$9<>"",'Your debts'!$F$8<>"",'Your debts'!$F$9<'Your debts'!$F$8),W29,0)+IF(AND('Your debts'!$F$10<>"",'Your debts'!$F$8<>"",'Your debts'!$F$10<'Your debts'!$F$8),AB29,0)+IF(AND('Your debts'!$F$11<>"",'Your debts'!$F$8<>"",'Your debts'!$F$11<'Your debts'!$F$8),AG29,0)+IF(AND('Your debts'!$F$12<>"",'Your debts'!$F$8<>"",'Your debts'!$F$12<'Your debts'!$F$8),AL29,0)+IF(AND('Your debts'!$F$13<>"",'Your debts'!$F$8<>"",'Your debts'!$F$13<'Your debts'!$F$8),AQ29,0)+IF(AND('Your debts'!$F$14<>"",'Your debts'!$F$8<>"",'Your debts'!$F$14<'Your debts'!$F$8),AV29,0)+IF(AND('Your debts'!$F$15<>"",'Your debts'!$F$8<>"",'Your debts'!$F$15<'Your debts'!$F$8),BA29,0))))) | T29: =R29-S29 | U29: =IF(Y28<=0,0,ROUND(Y28*(1+'Your debts'!$D$9/1200),2)) | V29: =IF(U29<=0,0,MIN('Your debts'!$E$9,U29)) | W29: =U29-V29 | X29: =IF('Your debts'!$F$9="",0,MIN(W29,MAX(0,MAX(0,'Your debts'!$C$19-(G29+L29+Q29+V29+AA29+AF29+AK29+AP29+AU29+AZ29))-(IF(AND('Your debts'!$F$6<>"",'Your debts'!$F$9<>"",'Your debts'!$F$6<'Your debts'!$F$9),H29,0)+IF(AND('Your debts'!$F$7<>"",'Your debts'!$F$9<>"",'Your debts'!$F$7<'Your debts'!$F$9),M29,0)+IF(AND('Your debts'!$F$8<>"",'Your debts'!$F$9<>"",'Your debts'!$F$8<'Your debts'!$F$9),R29,0)+IF(AND('Your debts'!$F$10<>"",'Your debts'!$F$9<>"",'Your debts'!$F$10<'Your debts'!$F$9),AB29,0)+IF(AND('Your debts'!$F$11<>"",'Your debts'!$F$9<>"",'Your debts'!$F$11<'Your debts'!$F$9),AG29,0)+IF(AND('Your debts'!$F$12<>"",'Your debts'!$F$9<>"",'Your debts'!$F$12<'Your debts'!$F$9),AL29,0)+IF(AND('Your debts'!$F$13<>"",'Your debts'!$F$9<>"",'Your debts'!$F$13<'Your debts'!$F$9),AQ29,0)+IF(AND('Your debts'!$F$14<>"",'Your debts'!$F$9<>"",'Your debts'!$F$14<'Your debts'!$F$9),AV29,0)+IF(AND('Your debts'!$F$15<>"",'Your debts'!$F$9<>"",'Your debts'!$F$15<'Your debts'!$F$9),BA29,0))))) | Y29: =W29-X29 | Z29: =IF(AD28<=0,0,ROUND(AD28*(1+'Your debts'!$D$10/1200),2)) | AA29: =IF(Z29<=0,0,MIN('Your debts'!$E$10,Z29)) | AB29: =Z29-AA29 | AC29: =IF('Your debts'!$F$10="",0,MIN(AB29,MAX(0,MAX(0,'Your debts'!$C$19-(G29+L29+Q29+V29+AA29+AF29+AK29+AP29+AU29+AZ29))-(IF(AND('Your debts'!$F$6<>"",'Your debts'!$F$10<>"",'Your debts'!$F$6<'Your debts'!$F$10),H29,0)+IF(AND('Your debts'!$F$7<>"",'Your debts'!$F$10<>"",'Your debts'!$F$7<'Your debts'!$F$10),M29,0)+IF(AND('Your debts'!$F$8<>"",'Your debts'!$F$10<>"",'Your debts'!$F$8<'Your debts'!$F$10),R29,0)+IF(AND('Your debts'!$F$9<>"",'Your debts'!$F$10<>"",'Your debts'!$F$9<'Your debts'!$F$10),W29,0)+IF(AND('Your debts'!$F$11<>"",'Your debts'!$F$10<>"",'Your debts'!$F$11<'Your debts'!$F$10),AG29,0)+IF(AND('Your debts'!$F$12<>"",'Your debts'!$F$10<>"",'Your debts'!$F$12<'Your debts'!$F$10),AL29,0)+IF(AND('Your debts'!$F$13<>"",'Your debts'!$F$10<>"",'Your debts'!$F$13<'Your debts'!$F$10),AQ29,0)+IF(AND('Your debts'!$F$14<>"",'Your debts'!$F$10<>"",'Your debts'!$F$14<'Your debts'!$F$10),AV29,0)+IF(AND('Your debts'!$F$15<>"",'Your debts'!$F$10<>"",'Your debts'!$F$15<'Your debts'!$F$10),BA29,0))))) | AD29: =AB29-AC29 | AE29: =IF(AI28<=0,0,ROUND(AI28*(1+'Your debts'!$D$11/1200),2)) | AF29: =IF(AE29<=0,0,MIN('Your debts'!$E$11,AE29)) | AG29: =AE29-AF29 | AH29: =IF('Your debts'!$F$11="",0,MIN(AG29,MAX(0,MAX(0,'Your debts'!$C$19-(G29+L29+Q29+V29+AA29+AF29+AK29+AP29+AU29+AZ29))-(IF(AND('Your debts'!$F$6<>"",'Your debts'!$F$11<>"",'Your debts'!$F$6<'Your debts'!$F$11),H29,0)+IF(AND('Your debts'!$F$7<>"",'Your debts'!$F$11<>"",'Your debts'!$F$7<'Your debts'!$F$11),M29,0)+IF(AND('Your debts'!$F$8<>"",'Your debts'!$F$11<>"",'Your debts'!$F$8<'Your debts'!$F$11),R29,0)+IF(AND('Your debts'!$F$9<>"",'Your debts'!$F$11<>"",'Your debts'!$F$9<'Your debts'!$F$11),W29,0)+IF(AND('Your debts'!$F$10<>"",'Your debts'!$F$11<>"",'Your debts'!$F$10<'Your debts'!$F$11),AB29,0)+IF(AND('Your debts'!$F$12<>"",'Your debts'!$F$11<>"",'Your debts'!$F$12<'Your debts'!$F$11),AL29,0)+IF(AND('Your debts'!$F$13<>"",'Your debts'!$F$11<>"",'Your debts'!$F$13<'Your debts'!$F$11),AQ29,0)+IF(AND('Your debts'!$F$14<>"",'Your debts'!$F$11<>"",'Your debts'!$F$14<'Your debts'!$F$11),AV29,0)+IF(AND('Your debts'!$F$15<>"",'Your debts'!$F$11<>"",'Your debts'!$F$15<'Your debts'!$F$11),BA29,0))))) | AI29: =AG29-AH29 | AJ29: =IF(AN28<=0,0,ROUND(AN28*(1+'Your debts'!$D$12/1200),2)) | AK29: =IF(AJ29<=0,0,MIN('Your debts'!$E$12,AJ29)) | AL29: =AJ29-AK29 | AM29: =IF('Your debts'!$F$12="",0,MIN(AL29,MAX(0,MAX(0,'Your debts'!$C$19-(G29+L29+Q29+V29+AA29+AF29+AK29+AP29+AU29+AZ29))-(IF(AND('Your debts'!$F$6<>"",'Your debts'!$F$12<>"",'Your debts'!$F$6<'Your debts'!$F$12),H29,0)+IF(AND('Your debts'!$F$7<>"",'Your debts'!$F$12<>"",'Your debts'!$F$7<'Your debts'!$F$12),M29,0)+IF(AND('Your debts'!$F$8<>"",'Your debts'!$F$12<>"",'Your debts'!$F$8<'Your debts'!$F$12),R29,0)+IF(AND('Your debts'!$F$9<>"",'Your debts'!$F$12<>"",'Your debts'!$F$9<'Your debts'!$F$12),W29,0)+IF(AND('Your debts'!$F$10<>"",'Your debts'!$F$12<>"",'Your debts'!$F$10<'Your debts'!$F$12),AB29,0)+IF(AND('Your debts'!$F$11<>"",'Your debts'!$F$12<>"",'Your debts'!$F$11<'Your debts'!$F$12),AG29,0)+IF(AND('Your debts'!$F$13<>"",'Your debts'!$F$12<>"",'Your debts'!$F$13<'Your debts'!$F$12),AQ29,0)+IF(AND('Your debts'!$F$14<>"",'Your debts'!$F$12<>"",'Your debts'!$F$14<'Your debts'!$F$12),AV29,0)+IF(AND('Your debts'!$F$15<>"",'Your debts'!$F$12<>"",'Your debts'!$F$15<'Your debts'!$F$12),BA29,0))))) | AN29: =AL29-AM29 | AO29: =IF(AS28<=0,0,ROUND(AS28*(1+'Your debts'!$D$13/1200),2)) | AP29: =IF(AO29<=0,0,MIN('Your debts'!$E$13,AO29)) | AQ29: =AO29-AP29 | AR29: =IF('Your debts'!$F$13="",0,MIN(AQ29,MAX(0,MAX(0,'Your debts'!$C$19-(G29+L29+Q29+V29+AA29+AF29+AK29+AP29+AU29+AZ29))-(IF(AND('Your debts'!$F$6<>"",'Your debts'!$F$13<>"",'Your debts'!$F$6<'Your debts'!$F$13),H29,0)+IF(AND('Your debts'!$F$7<>"",'Your debts'!$F$13<>"",'Your debts'!$F$7<'Your debts'!$F$13),M29,0)+IF(AND('Your debts'!$F$8<>"",'Your debts'!$F$13<>"",'Your debts'!$F$8<'Your debts'!$F$13),R29,0)+IF(AND('Your debts'!$F$9<>"",'Your debts'!$F$13<>"",'Your debts'!$F$9<'Your debts'!$F$13),W29,0)+IF(AND('Your debts'!$F$10<>"",'Your debts'!$F$13<>"",'Your debts'!$F$10<'Your debts'!$F$13),AB29,0)+IF(AND('Your debts'!$F$11<>"",'Your debts'!$F$13<>"",'Your debts'!$F$11<'Your debts'!$F$13),AG29,0)+IF(AND('Your debts'!$F$12<>"",'Your debts'!$F$13<>"",'Your debts'!$F$12<'Your debts'!$F$13),AL29,0)+IF(AND('Your debts'!$F$14<>"",'Your debts'!$F$13<>"",'Your debts'!$F$14<'Your debts'!$F$13),AV29,0)+IF(AND('Your debts'!$F$15<>"",'Your debts'!$F$13<>"",'Your debts'!$F$15<'Your debts'!$F$13),BA29,0))))) | AS29: =AQ29-AR29 | AT29: =IF(AX28<=0,0,ROUND(AX28*(1+'Your debts'!$D$14/1200),2)) | AU29: =IF(AT29<=0,0,MIN('Your debts'!$E$14,AT29)) | AV29: =AT29-AU29 | AW29: =IF('Your debts'!$F$14="",0,MIN(AV29,MAX(0,MAX(0,'Your debts'!$C$19-(G29+L29+Q29+V29+AA29+AF29+AK29+AP29+AU29+AZ29))-(IF(AND('Your debts'!$F$6<>"",'Your debts'!$F$14<>"",'Your debts'!$F$6<'Your debts'!$F$14),H29,0)+IF(AND('Your debts'!$F$7<>"",'Your debts'!$F$14<>"",'Your debts'!$F$7<'Your debts'!$F$14),M29,0)+IF(AND('Your debts'!$F$8<>"",'Your debts'!$F$14<>"",'Your debts'!$F$8<'Your debts'!$F$14),R29,0)+IF(AND('Your debts'!$F$9<>"",'Your debts'!$F$14<>"",'Your debts'!$F$9<'Your debts'!$F$14),W29,0)+IF(AND('Your debts'!$F$10<>"",'Your debts'!$F$14<>"",'Your debts'!$F$10<'Your debts'!$F$14),AB29,0)+IF(AND('Your debts'!$F$11<>"",'Your debts'!$F$14<>"",'Your debts'!$F$11<'Your debts'!$F$14),AG29,0)+IF(AND('Your debts'!$F$12<>"",'Your debts'!$F$14<>"",'Your debts'!$F$12<'Your debts'!$F$14),AL29,0)+IF(AND('Your debts'!$F$13<>"",'Your debts'!$F$14<>"",'Your debts'!$F$13<'Your debts'!$F$14),AQ29,0)+IF(AND('Your debts'!$F$15<>"",'Your debts'!$F$14<>"",'Your debts'!$F$15<'Your debts'!$F$14),BA29,0))))) | AX29: =AV29-AW29 | AY29: =IF(BC28<=0,0,ROUND(BC28*(1+'Your debts'!$D$15/1200),2)) | AZ29: =IF(AY29<=0,0,MIN('Your debts'!$E$15,AY29)) | BA29: =AY29-AZ29 | BB29: =IF('Your debts'!$F$15="",0,MIN(BA29,MAX(0,MAX(0,'Your debts'!$C$19-(G29+L29+Q29+V29+AA29+AF29+AK29+AP29+AU29+AZ29))-(IF(AND('Your debts'!$F$6<>"",'Your debts'!$F$15<>"",'Your debts'!$F$6<'Your debts'!$F$15),H29,0)+IF(AND('Your debts'!$F$7<>"",'Your debts'!$F$15<>"",'Your debts'!$F$7<'Your debts'!$F$15),M29,0)+IF(AND('Your debts'!$F$8<>"",'Your debts'!$F$15<>"",'Your debts'!$F$8<'Your debts'!$F$15),R29,0)+IF(AND('Your debts'!$F$9<>"",'Your debts'!$F$15<>"",'Your debts'!$F$9<'Your debts'!$F$15),W29,0)+IF(AND('Your debts'!$F$10<>"",'Your debts'!$F$15<>"",'Your debts'!$F$10<'Your debts'!$F$15),AB29,0)+IF(AND('Your debts'!$F$11<>"",'Your debts'!$F$15<>"",'Your debts'!$F$11<'Your debts'!$F$15),AG29,0)+IF(AND('Your debts'!$F$12<>"",'Your debts'!$F$15<>"",'Your debts'!$F$12<'Your debts'!$F$15),AL29,0)+IF(AND('Your debts'!$F$13<>"",'Your debts'!$F$15<>"",'Your debts'!$F$13<'Your debts'!$F$15),AQ29,0)+IF(AND('Your debts'!$F$14<>"",'Your debts'!$F$15<>"",'Your debts'!$F$14<'Your debts'!$F$15),AV29,0))))) | BC29: =BA29-BB29
A30: 15 | B30: =EDATE($B$15,15) | C30: =IF(J29<=0,0,F30-J29)+IF(O29<=0,0,K30-O29)+IF(T29<=0,0,P30-T29)+IF(Y29<=0,0,U30-Y29)+IF(AD29<=0,0,Z30-AD29)+IF(AI29<=0,0,AE30-AI29)+IF(AN29<=0,0,AJ30-AN29)+IF(AS29<=0,0,AO30-AS29)+IF(AX29<=0,0,AT30-AX29)+IF(BC29<=0,0,AY30-BC29) | D30: =G30+I30+L30+N30+Q30+S30+V30+X30+AA30+AC30+AF30+AH30+AK30+AM30+AP30+AR30+AU30+AW30+AZ30+BB30 | E30: =J30+O30+T30+Y30+AD30+AI30+AN30+AS30+AX30+BC30 | F30: =IF(J29<=0,0,ROUND(J29*(1+'Your debts'!$D$6/1200),2)) | G30: =IF(F30<=0,0,MIN('Your debts'!$E$6,F30)) | H30: =F30-G30 | I30: =IF('Your debts'!$F$6="",0,MIN(H30,MAX(0,MAX(0,'Your debts'!$C$19-(G30+L30+Q30+V30+AA30+AF30+AK30+AP30+AU30+AZ30))-(IF(AND('Your debts'!$F$7<>"",'Your debts'!$F$6<>"",'Your debts'!$F$7<'Your debts'!$F$6),M30,0)+IF(AND('Your debts'!$F$8<>"",'Your debts'!$F$6<>"",'Your debts'!$F$8<'Your debts'!$F$6),R30,0)+IF(AND('Your debts'!$F$9<>"",'Your debts'!$F$6<>"",'Your debts'!$F$9<'Your debts'!$F$6),W30,0)+IF(AND('Your debts'!$F$10<>"",'Your debts'!$F$6<>"",'Your debts'!$F$10<'Your debts'!$F$6),AB30,0)+IF(AND('Your debts'!$F$11<>"",'Your debts'!$F$6<>"",'Your debts'!$F$11<'Your debts'!$F$6),AG30,0)+IF(AND('Your debts'!$F$12<>"",'Your debts'!$F$6<>"",'Your debts'!$F$12<'Your debts'!$F$6),AL30,0)+IF(AND('Your debts'!$F$13<>"",'Your debts'!$F$6<>"",'Your debts'!$F$13<'Your debts'!$F$6),AQ30,0)+IF(AND('Your debts'!$F$14<>"",'Your debts'!$F$6<>"",'Your debts'!$F$14<'Your debts'!$F$6),AV30,0)+IF(AND('Your debts'!$F$15<>"",'Your debts'!$F$6<>"",'Your debts'!$F$15<'Your debts'!$F$6),BA30,0))))) | J30: =H30-I30 | K30: =IF(O29<=0,0,ROUND(O29*(1+'Your debts'!$D$7/1200),2)) | L30: =IF(K30<=0,0,MIN('Your debts'!$E$7,K30)) | M30: =K30-L30 | N30: =IF('Your debts'!$F$7="",0,MIN(M30,MAX(0,MAX(0,'Your debts'!$C$19-(G30+L30+Q30+V30+AA30+AF30+AK30+AP30+AU30+AZ30))-(IF(AND('Your debts'!$F$6<>"",'Your debts'!$F$7<>"",'Your debts'!$F$6<'Your debts'!$F$7),H30,0)+IF(AND('Your debts'!$F$8<>"",'Your debts'!$F$7<>"",'Your debts'!$F$8<'Your debts'!$F$7),R30,0)+IF(AND('Your debts'!$F$9<>"",'Your debts'!$F$7<>"",'Your debts'!$F$9<'Your debts'!$F$7),W30,0)+IF(AND('Your debts'!$F$10<>"",'Your debts'!$F$7<>"",'Your debts'!$F$10<'Your debts'!$F$7),AB30,0)+IF(AND('Your debts'!$F$11<>"",'Your debts'!$F$7<>"",'Your debts'!$F$11<'Your debts'!$F$7),AG30,0)+IF(AND('Your debts'!$F$12<>"",'Your debts'!$F$7<>"",'Your debts'!$F$12<'Your debts'!$F$7),AL30,0)+IF(AND('Your debts'!$F$13<>"",'Your debts'!$F$7<>"",'Your debts'!$F$13<'Your debts'!$F$7),AQ30,0)+IF(AND('Your debts'!$F$14<>"",'Your debts'!$F$7<>"",'Your debts'!$F$14<'Your debts'!$F$7),AV30,0)+IF(AND('Your debts'!$F$15<>"",'Your debts'!$F$7<>"",'Your debts'!$F$15<'Your debts'!$F$7),BA30,0))))) | O30: =M30-N30 | P30: =IF(T29<=0,0,ROUND(T29*(1+'Your debts'!$D$8/1200),2)) | Q30: =IF(P30<=0,0,MIN('Your debts'!$E$8,P30)) | R30: =P30-Q30 | S30: =IF('Your debts'!$F$8="",0,MIN(R30,MAX(0,MAX(0,'Your debts'!$C$19-(G30+L30+Q30+V30+AA30+AF30+AK30+AP30+AU30+AZ30))-(IF(AND('Your debts'!$F$6<>"",'Your debts'!$F$8<>"",'Your debts'!$F$6<'Your debts'!$F$8),H30,0)+IF(AND('Your debts'!$F$7<>"",'Your debts'!$F$8<>"",'Your debts'!$F$7<'Your debts'!$F$8),M30,0)+IF(AND('Your debts'!$F$9<>"",'Your debts'!$F$8<>"",'Your debts'!$F$9<'Your debts'!$F$8),W30,0)+IF(AND('Your debts'!$F$10<>"",'Your debts'!$F$8<>"",'Your debts'!$F$10<'Your debts'!$F$8),AB30,0)+IF(AND('Your debts'!$F$11<>"",'Your debts'!$F$8<>"",'Your debts'!$F$11<'Your debts'!$F$8),AG30,0)+IF(AND('Your debts'!$F$12<>"",'Your debts'!$F$8<>"",'Your debts'!$F$12<'Your debts'!$F$8),AL30,0)+IF(AND('Your debts'!$F$13<>"",'Your debts'!$F$8<>"",'Your debts'!$F$13<'Your debts'!$F$8),AQ30,0)+IF(AND('Your debts'!$F$14<>"",'Your debts'!$F$8<>"",'Your debts'!$F$14<'Your debts'!$F$8),AV30,0)+IF(AND('Your debts'!$F$15<>"",'Your debts'!$F$8<>"",'Your debts'!$F$15<'Your debts'!$F$8),BA30,0))))) | T30: =R30-S30 | U30: =IF(Y29<=0,0,ROUND(Y29*(1+'Your debts'!$D$9/1200),2)) | V30: =IF(U30<=0,0,MIN('Your debts'!$E$9,U30)) | W30: =U30-V30 | X30: =IF('Your debts'!$F$9="",0,MIN(W30,MAX(0,MAX(0,'Your debts'!$C$19-(G30+L30+Q30+V30+AA30+AF30+AK30+AP30+AU30+AZ30))-(IF(AND('Your debts'!$F$6<>"",'Your debts'!$F$9<>"",'Your debts'!$F$6<'Your debts'!$F$9),H30,0)+IF(AND('Your debts'!$F$7<>"",'Your debts'!$F$9<>"",'Your debts'!$F$7<'Your debts'!$F$9),M30,0)+IF(AND('Your debts'!$F$8<>"",'Your debts'!$F$9<>"",'Your debts'!$F$8<'Your debts'!$F$9),R30,0)+IF(AND('Your debts'!$F$10<>"",'Your debts'!$F$9<>"",'Your debts'!$F$10<'Your debts'!$F$9),AB30,0)+IF(AND('Your debts'!$F$11<>"",'Your debts'!$F$9<>"",'Your debts'!$F$11<'Your debts'!$F$9),AG30,0)+IF(AND('Your debts'!$F$12<>"",'Your debts'!$F$9<>"",'Your debts'!$F$12<'Your debts'!$F$9),AL30,0)+IF(AND('Your debts'!$F$13<>"",'Your debts'!$F$9<>"",'Your debts'!$F$13<'Your debts'!$F$9),AQ30,0)+IF(AND('Your debts'!$F$14<>"",'Your debts'!$F$9<>"",'Your debts'!$F$14<'Your debts'!$F$9),AV30,0)+IF(AND('Your debts'!$F$15<>"",'Your debts'!$F$9<>"",'Your debts'!$F$15<'Your debts'!$F$9),BA30,0))))) | Y30: =W30-X30 | Z30: =IF(AD29<=0,0,ROUND(AD29*(1+'Your debts'!$D$10/1200),2)) | AA30: =IF(Z30<=0,0,MIN('Your debts'!$E$10,Z30)) | AB30: =Z30-AA30 | AC30: =IF('Your debts'!$F$10="",0,MIN(AB30,MAX(0,MAX(0,'Your debts'!$C$19-(G30+L30+Q30+V30+AA30+AF30+AK30+AP30+AU30+AZ30))-(IF(AND('Your debts'!$F$6<>"",'Your debts'!$F$10<>"",'Your debts'!$F$6<'Your debts'!$F$10),H30,0)+IF(AND('Your debts'!$F$7<>"",'Your debts'!$F$10<>"",'Your debts'!$F$7<'Your debts'!$F$10),M30,0)+IF(AND('Your debts'!$F$8<>"",'Your debts'!$F$10<>"",'Your debts'!$F$8<'Your debts'!$F$10),R30,0)+IF(AND('Your debts'!$F$9<>"",'Your debts'!$F$10<>"",'Your debts'!$F$9<'Your debts'!$F$10),W30,0)+IF(AND('Your debts'!$F$11<>"",'Your debts'!$F$10<>"",'Your debts'!$F$11<'Your debts'!$F$10),AG30,0)+IF(AND('Your debts'!$F$12<>"",'Your debts'!$F$10<>"",'Your debts'!$F$12<'Your debts'!$F$10),AL30,0)+IF(AND('Your debts'!$F$13<>"",'Your debts'!$F$10<>"",'Your debts'!$F$13<'Your debts'!$F$10),AQ30,0)+IF(AND('Your debts'!$F$14<>"",'Your debts'!$F$10<>"",'Your debts'!$F$14<'Your debts'!$F$10),AV30,0)+IF(AND('Your debts'!$F$15<>"",'Your debts'!$F$10<>"",'Your debts'!$F$15<'Your debts'!$F$10),BA30,0))))) | AD30: =AB30-AC30 | AE30: =IF(AI29<=0,0,ROUND(AI29*(1+'Your debts'!$D$11/1200),2)) | AF30: =IF(AE30<=0,0,MIN('Your debts'!$E$11,AE30)) | AG30: =AE30-AF30 | AH30: =IF('Your debts'!$F$11="",0,MIN(AG30,MAX(0,MAX(0,'Your debts'!$C$19-(G30+L30+Q30+V30+AA30+AF30+AK30+AP30+AU30+AZ30))-(IF(AND('Your debts'!$F$6<>"",'Your debts'!$F$11<>"",'Your debts'!$F$6<'Your debts'!$F$11),H30,0)+IF(AND('Your debts'!$F$7<>"",'Your debts'!$F$11<>"",'Your debts'!$F$7<'Your debts'!$F$11),M30,0)+IF(AND('Your debts'!$F$8<>"",'Your debts'!$F$11<>"",'Your debts'!$F$8<'Your debts'!$F$11),R30,0)+IF(AND('Your debts'!$F$9<>"",'Your debts'!$F$11<>"",'Your debts'!$F$9<'Your debts'!$F$11),W30,0)+IF(AND('Your debts'!$F$10<>"",'Your debts'!$F$11<>"",'Your debts'!$F$10<'Your debts'!$F$11),AB30,0)+IF(AND('Your debts'!$F$12<>"",'Your debts'!$F$11<>"",'Your debts'!$F$12<'Your debts'!$F$11),AL30,0)+IF(AND('Your debts'!$F$13<>"",'Your debts'!$F$11<>"",'Your debts'!$F$13<'Your debts'!$F$11),AQ30,0)+IF(AND('Your debts'!$F$14<>"",'Your debts'!$F$11<>"",'Your debts'!$F$14<'Your debts'!$F$11),AV30,0)+IF(AND('Your debts'!$F$15<>"",'Your debts'!$F$11<>"",'Your debts'!$F$15<'Your debts'!$F$11),BA30,0))))) | AI30: =AG30-AH30 | AJ30: =IF(AN29<=0,0,ROUND(AN29*(1+'Your debts'!$D$12/1200),2)) | AK30: =IF(AJ30<=0,0,MIN('Your debts'!$E$12,AJ30)) | AL30: =AJ30-AK30 | AM30: =IF('Your debts'!$F$12="",0,MIN(AL30,MAX(0,MAX(0,'Your debts'!$C$19-(G30+L30+Q30+V30+AA30+AF30+AK30+AP30+AU30+AZ30))-(IF(AND('Your debts'!$F$6<>"",'Your debts'!$F$12<>"",'Your debts'!$F$6<'Your debts'!$F$12),H30,0)+IF(AND('Your debts'!$F$7<>"",'Your debts'!$F$12<>"",'Your debts'!$F$7<'Your debts'!$F$12),M30,0)+IF(AND('Your debts'!$F$8<>"",'Your debts'!$F$12<>"",'Your debts'!$F$8<'Your debts'!$F$12),R30,0)+IF(AND('Your debts'!$F$9<>"",'Your debts'!$F$12<>"",'Your debts'!$F$9<'Your debts'!$F$12),W30,0)+IF(AND('Your debts'!$F$10<>"",'Your debts'!$F$12<>"",'Your debts'!$F$10<'Your debts'!$F$12),AB30,0)+IF(AND('Your debts'!$F$11<>"",'Your debts'!$F$12<>"",'Your debts'!$F$11<'Your debts'!$F$12),AG30,0)+IF(AND('Your debts'!$F$13<>"",'Your debts'!$F$12<>"",'Your debts'!$F$13<'Your debts'!$F$12),AQ30,0)+IF(AND('Your debts'!$F$14<>"",'Your debts'!$F$12<>"",'Your debts'!$F$14<'Your debts'!$F$12),AV30,0)+IF(AND('Your debts'!$F$15<>"",'Your debts'!$F$12<>"",'Your debts'!$F$15<'Your debts'!$F$12),BA30,0))))) | AN30: =AL30-AM30 | AO30: =IF(AS29<=0,0,ROUND(AS29*(1+'Your debts'!$D$13/1200),2)) | AP30: =IF(AO30<=0,0,MIN('Your debts'!$E$13,AO30)) | AQ30: =AO30-AP30 | AR30: =IF('Your debts'!$F$13="",0,MIN(AQ30,MAX(0,MAX(0,'Your debts'!$C$19-(G30+L30+Q30+V30+AA30+AF30+AK30+AP30+AU30+AZ30))-(IF(AND('Your debts'!$F$6<>"",'Your debts'!$F$13<>"",'Your debts'!$F$6<'Your debts'!$F$13),H30,0)+IF(AND('Your debts'!$F$7<>"",'Your debts'!$F$13<>"",'Your debts'!$F$7<'Your debts'!$F$13),M30,0)+IF(AND('Your debts'!$F$8<>"",'Your debts'!$F$13<>"",'Your debts'!$F$8<'Your debts'!$F$13),R30,0)+IF(AND('Your debts'!$F$9<>"",'Your debts'!$F$13<>"",'Your debts'!$F$9<'Your debts'!$F$13),W30,0)+IF(AND('Your debts'!$F$10<>"",'Your debts'!$F$13<>"",'Your debts'!$F$10<'Your debts'!$F$13),AB30,0)+IF(AND('Your debts'!$F$11<>"",'Your debts'!$F$13<>"",'Your debts'!$F$11<'Your debts'!$F$13),AG30,0)+IF(AND('Your debts'!$F$12<>"",'Your debts'!$F$13<>"",'Your debts'!$F$12<'Your debts'!$F$13),AL30,0)+IF(AND('Your debts'!$F$14<>"",'Your debts'!$F$13<>"",'Your debts'!$F$14<'Your debts'!$F$13),AV30,0)+IF(AND('Your debts'!$F$15<>"",'Your debts'!$F$13<>"",'Your debts'!$F$15<'Your debts'!$F$13),BA30,0))))) | AS30: =AQ30-AR30 | AT30: =IF(AX29<=0,0,ROUND(AX29*(1+'Your debts'!$D$14/1200),2)) | AU30: =IF(AT30<=0,0,MIN('Your debts'!$E$14,AT30)) | AV30: =AT30-AU30 | AW30: =IF('Your debts'!$F$14="",0,MIN(AV30,MAX(0,MAX(0,'Your debts'!$C$19-(G30+L30+Q30+V30+AA30+AF30+AK30+AP30+AU30+AZ30))-(IF(AND('Your debts'!$F$6<>"",'Your debts'!$F$14<>"",'Your debts'!$F$6<'Your debts'!$F$14),H30,0)+IF(AND('Your debts'!$F$7<>"",'Your debts'!$F$14<>"",'Your debts'!$F$7<'Your debts'!$F$14),M30,0)+IF(AND('Your debts'!$F$8<>"",'Your debts'!$F$14<>"",'Your debts'!$F$8<'Your debts'!$F$14),R30,0)+IF(AND('Your debts'!$F$9<>"",'Your debts'!$F$14<>"",'Your debts'!$F$9<'Your debts'!$F$14),W30,0)+IF(AND('Your debts'!$F$10<>"",'Your debts'!$F$14<>"",'Your debts'!$F$10<'Your debts'!$F$14),AB30,0)+IF(AND('Your debts'!$F$11<>"",'Your debts'!$F$14<>"",'Your debts'!$F$11<'Your debts'!$F$14),AG30,0)+IF(AND('Your debts'!$F$12<>"",'Your debts'!$F$14<>"",'Your debts'!$F$12<'Your debts'!$F$14),AL30,0)+IF(AND('Your debts'!$F$13<>"",'Your debts'!$F$14<>"",'Your debts'!$F$13<'Your debts'!$F$14),AQ30,0)+IF(AND('Your debts'!$F$15<>"",'Your debts'!$F$14<>"",'Your debts'!$F$15<'Your debts'!$F$14),BA30,0))))) | AX30: =AV30-AW30 | AY30: =IF(BC29<=0,0,ROUND(BC29*(1+'Your debts'!$D$15/1200),2)) | AZ30: =IF(AY30<=0,0,MIN('Your debts'!$E$15,AY30)) | BA30: =AY30-AZ30 | BB30: =IF('Your debts'!$F$15="",0,MIN(BA30,MAX(0,MAX(0,'Your debts'!$C$19-(G30+L30+Q30+V30+AA30+AF30+AK30+AP30+AU30+AZ30))-(IF(AND('Your debts'!$F$6<>"",'Your debts'!$F$15<>"",'Your debts'!$F$6<'Your debts'!$F$15),H30,0)+IF(AND('Your debts'!$F$7<>"",'Your debts'!$F$15<>"",'Your debts'!$F$7<'Your debts'!$F$15),M30,0)+IF(AND('Your debts'!$F$8<>"",'Your debts'!$F$15<>"",'Your debts'!$F$8<'Your debts'!$F$15),R30,0)+IF(AND('Your debts'!$F$9<>"",'Your debts'!$F$15<>"",'Your debts'!$F$9<'Your debts'!$F$15),W30,0)+IF(AND('Your debts'!$F$10<>"",'Your debts'!$F$15<>"",'Your debts'!$F$10<'Your debts'!$F$15),AB30,0)+IF(AND('Your debts'!$F$11<>"",'Your debts'!$F$15<>"",'Your debts'!$F$11<'Your debts'!$F$15),AG30,0)+IF(AND('Your debts'!$F$12<>"",'Your debts'!$F$15<>"",'Your debts'!$F$12<'Your debts'!$F$15),AL30,0)+IF(AND('Your debts'!$F$13<>"",'Your debts'!$F$15<>"",'Your debts'!$F$13<'Your debts'!$F$15),AQ30,0)+IF(AND('Your debts'!$F$14<>"",'Your debts'!$F$15<>"",'Your debts'!$F$14<'Your debts'!$F$15),AV30,0))))) | BC30: =BA30-BB30
